Workbook

Sheet Cover
C1: Company Model — built by Shortcut
B2: SLB N.V. (NYSE: SLB)
B3: Cover — SLB 3Q26E earnings model (quarter ended 30-Sep-2026)
B4: $ millions, except per share
B5: Period | C5: 3Q25A | D5: 4Q25A | E5: 1Q26A | F5: 2Q26A | G5: FY25A | H5: 3Q26E
B6: Period end | C6: =DATE(2025,9,30) -> 45930 | D6: =DATE(2025,12,31) -> 46022 | E6: =DATE(2026,3,31) -> 46112 | F6: =DATE(2026,6,30) -> 46203 | G6: =DATE(2025,12,31) -> 46022 | H6: =DATE(2026,9,30) -> 46295
B7: Days in period | C7: =C6-EOMONTH(C6,-3) -> 92 | D7: =D6-EOMONTH(D6,-3) -> 92 | E7: =E6-EOMONTH(E6,-3) -> 90 | F7: =F6-EOMONTH(F6,-3) -> 91 | G7: =G6-EOMONTH(G6,-12) -> 365 | H7: =H6-EOMONTH(H6,-3) -> 92
B9: Company and forecast basis
B10: Company | C10: SLB N.V. (formerly Schlumberger; S&P Capital IQ name "SLB N.V.", redomiciled)
B11: Ticker / exchange | C11: SLB — New York Stock Exchange (NYSE:SLB)
B12: Fiscal year end | C12: 31 December. Target FQ3 2026 = quarter ended 30-Sep-2026 (CapIQ label "FQ3 2026 - Sep 2026"; supplied period-end 2026-09-30 confirmed by SLB)
B13: Currency | C13: USD; financial amounts in $ millions; EPS in USD per diluted ordinary share
B14: EPS basis | C14: Normalized = SLB "Diluted EPS, excluding charges & credits" (CapIQ history ties exactly for 3Q25–2Q26); diluted ordinary shares, no ADR conversion
B15: Information cutoff | C15: 2026-10-18 21:34:46 UTC
B16: Expected report date | C16: 2026-10-23, 7:00 a.m. ET release / 9:30 a.m. ET call — confirmed by SLB on 28-Sep-2026 (S12); CapIQ supplied date 2026-10-23 (same)
B17: Consensus snapshot | C17: S&P Capital IQ, captured 2026-10-18 (date precision); frozen scoring baseline
B18: Status | C18: Live forward estimate. Target-quarter actuals not released before cutoff and not used (saw_actual_results = false)
B20: Headline estimates — 3Q26E vs consensus vs guidance
B21: Metric | C21: Shortcut estimate | D21: Consensus (CapIQ) | E21: Variance | F21: Variance % | G21: Guidance mid / implied | H21: Est. − guidance
B22: Revenue ($m) | C22: ='Revenue summary'!H63 -> 9268.0065 | D22: =Inputs!$C$20 -> 9266.41 | E22: =C22-D22 -> 1.596514 | F22: =C22/D22-1 -> 0.00017229046 | G22: =Guidance!C42 -> 9286.02 | H22: =IF(ISNUMBER(G22),C22-G22,"n/a") -> -18.013486
B23: Adjusted EBITDA ($m) | C23: ='Income Statement'!H164 -> 2012.0859 | D23: =Inputs!$C$77 -> 2018.56 | E23: =C23-D23 -> -6.47413 | F23: =C23/D23-1 -> -0.0032073012 | G23: =Guidance!C44 -> 2035.1102 | H23: =IF(ISNUMBER(G23),C23-G23,"n/a") -> -23.02428
B24: Net income to SLB, excl. charges & credits ($m) | C24: ='Income Statement'!H206 -> 924.67144 | D24: =Inputs!$C$81 -> 934.02 | E24: =C24-D24 -> -9.3485616 | F24: =C24/D24-1 -> -0.010008952 | G24: =Guidance!C51 -> 943.02179 | H24: =IF(ISNUMBER(G24),C24-G24,"n/a") -> -18.350351
B25: Net income to SLB, GAAP ($m) | C25: ='Income Statement'!H83 -> 871.67144 | D25: =Inputs!$C$82 -> 899.12 | E25: =C25-D25 -> -27.448562 | F25: =C25/D25-1 -> -0.030528252 | G25: n/a | H25: =IF(ISNUMBER(G25),C25-G25,"n/a") -> n/a
B26: Diluted EPS, excl. charges (normalized, $) | C26: ='Income Statement'!H212 -> 0.61812301 | D26: =Inputs!$C$18 -> 0.61 | E26: =C26-D26 -> 0.0081230095 | F26: =C26/D26-1 -> 0.013316409 | G26: =Guidance!C53 -> 0.63038983 | H26: =IF(ISNUMBER(G26),C26-G26,"n/a") -> -0.012266816
B27: Diluted EPS, GAAP ($) | C27: ='Income Statement'!H91 -> 0.58269365 | D27: =Inputs!$C$59 -> 0.61 | E27: =C27-D27 -> -0.027306353 | F27: =C27/D27-1 -> -0.044764513 | G27: n/a | H27: =IF(ISNUMBER(G27),C27-G27,"n/a") -> n/a
B28: Check result: historical tie-outs + integration checks (some 3Q26E checks hold by construction; not independent forecast validation) | C28: =IF(AND('Revenue summary'!C93:H93,'Balance Sheet'!C104:H104,'Cash Flow Statement'!C118:H118,'Cash Flow Statement'!G119:G119,'Income Statement'!C218:H218,'Income Statement'!C149:H149,'Income Statement'!C171:H171,'Income Statement'!C232:H232,'Income Statement'!C115:H115,Geo!C63:H63,'Share Count'!C19:G19,'Share Count'!C45:G45,'Segment - Digital'!C83:H83,'Segment - Digital'!C55:H55,'Segment - Reservoir Performance'!C47:H47,'Segment - Well Construction'!C47:H47,'Segment - Production Systems'!C47:H47,'Segment - All Other'!C41:H41,Inputs!C157:K157,Inputs!C158:K158,Inputs!C159:K159,Inputs!C160:K160,ROUND(C22-'Revenue summary'!H63,9)=0,ROUND(C26-'Income Statement'!H212,9)=0,ROUND(C24-'Income Statement'!H206,9)=0,ROUND(C23-'Income Statement'!H164,9)=0,ROUND(C25-'Income Statement'!H83,9)=0,ROUND(C27-'Income Statement'!H91,9)=0),"PASS","FAIL") -> PASS
B29: P(beat consensus EPS) | C29: =C48 -> 0.66285714
B30: Confidence | C30: medium
B32: Beat-probability calibration (playbook v2: size + issuer history)
B33: Market capitalization ($bn, 16-Oct-2026 close) | C33: 73.47 | I33: CapIQ export market cap is blank; researched value (S24). Cross-check: $49.50 × 1,484m shares ≈ $73.5bn.
B34: Large-cap threshold ($bn, playbook) | C34: 10
B35: Mid-cap lower bound ($bn, playbook) | C35: 2
B36: Small-cap lower bound ($bn, playbook) | C36: 0.3
B37: Size bucket | C37: =IF(C33>C34,"Large",IF(C33>=C35,"Mid",IF(C33>=C36,"Small","Micro"))) -> Large
B38: S&P 500 member | C38: Yes | I38: Equibles issuer page lists SLB as an S&P 500 member (S25); long-standing constituent.
B39: Cohort prior — large cap or S&P 500 (playbook) | C39: 0.78
B40: Cohort prior — mid cap (playbook) | C40: 0.7
B41: Cohort prior — small cap (playbook) | C41: 0.6
B42: Cohort prior applied (S&P/large rule applied once) | C42: =IF(OR(C37="Large",C38="Yes"),C39,IF(C37="Mid",C40,C41)) -> 0.78
B43: Strict normalized-EPS beats in supplied history (b) | C43: =Inputs!C114 -> 5
B44: Valid history pairs (n) | C44: =Inputs!C115 -> 6 | I44: All six supplied pairs are on the same normalized basis; none excluded.
B45: Pseudo-count (fixed) | C45: 8
B46: Starting probability = (k × prior + b) / (k + n) | C46: =(C45*C42+C43)/(C45+C44) -> 0.80285714
B47: Quarter-specific evidence adjustment | C47: -0.14 | I47: Model EPS $0.618 sits only ~$0.008 above the $0.61 bar (reported EPS must round to ≥$0.62). Negatives: Saudi output −1.9 mb/d in Aug and E-W pipeline attack (S18/S19), consensus cut 2.2% in 30 days and negative Zacks ESP (S23), margin guidance historically met at/below midpoint. Positives: Iraq/Kuwait/Qatar recovery (S20/S30), Saudi offshore rigs resumed (S21), consensus sits below guidance-implied EPS ($0.63).
B48: Final P(beat consensus EPS) | C48: =C46+C47 -> 0.66285714
B49: Model normalized EPS − consensus ($/share) | C49: =C26-D26 -> 0.0081230095
B50: Mean historical normalized EPS surprise, 6 qtrs ($/share) | C50: =Inputs!C116 -> 0.018333333 | I50: Analysed separately; not added to the forecast.
B52: Consensus detail at cutoff (frozen baseline) and newer data points (not used for scoring)
B53: Item | C53: Mean | D53: Median | E53: High | F53: Low | G53: Std dev | H53: # estimates
B54: Normalized EPS ($) | C54: =Inputs!$C$50 -> 0.61 | D54: =Inputs!$C$51 -> 0.62 | E54: =Inputs!$C$52 -> 0.68 | F54: =Inputs!$C$53 -> 0.51 | G54: =Inputs!$C$54 -> 0.03 | H54: =Inputs!$C$55 -> 24
B55: GAAP EPS ($) | C55: =Inputs!$C$59 -> 0.61 | D55: =Inputs!$C$60 -> 0.62 | E55: =Inputs!$C$61 -> 0.63 | F55: =Inputs!$C$62 -> 0.55 | G55: =Inputs!$C$63 -> 0.03 | H55: =Inputs!$C$64 -> 13
B56: Revenue ($m) | C56: =Inputs!$C$68 -> 9266.41 | D56: =Inputs!$C$69 -> 9286 | E56: =Inputs!$C$70 -> 9309 | F56: =Inputs!$C$71 -> 8943.3 | G56: =Inputs!$C$72 -> 74.45 | H56: =Inputs!$C$73 -> 21
B57: Other CapIQ means ($m) | C57: EBITDA | D57: EBIT | E57: EBT excl. excep. | F57: EBT GAAP | G57: NI excl. excep. | H57: NI GAAP
B58: S&P Capital IQ (18-Oct-2026) | C58: =Inputs!$C$77 -> 2018.56 | D58: =Inputs!$C$78 -> 1299.85 | E58: =Inputs!$C$79 -> 1214.58 | F58: =Inputs!$C$80 -> 1173.43 | G58: =Inputs!$C$81 -> 934.02 | H58: =Inputs!$C$82 -> 899.12
B59: Zacks consensus (16-Oct-2026; EPS, revenue $m) | C59: 0.62 | D59: 9290 | I59: S23: EPS consensus revised −2.19% over 30 days; Zacks ESP −1.45% (Most Accurate Estimate below consensus). Recorded separately; frozen CapIQ $0.61 remains the scoring baseline.
B60: Earnings Whispers consensus (pre-cutoff page) | C60: 0.62 | D60: 9290 | I60: S31; not used for scoring.

Sheet Revenue summary
B2: SLB N.V. (NYSE: SLB)
B3: Revenue summary
B4: $ millions, except per share
B5: Period | C5: 3Q25A | D5: 4Q25A | E5: 1Q26A | F5: 2Q26A | G5: FY25A | H5: 3Q26E | I5: Notes
B6: Period end | C6: =DATE(2025,9,30) -> 45930 | D6: =DATE(2025,12,31) -> 46022 | E6: =DATE(2026,3,31) -> 46112 | F6: =DATE(2026,6,30) -> 46203 | G6: =DATE(2025,12,31) -> 46022 | H6: =DATE(2026,9,30) -> 46295
B7: Days in period | C7: =C6-EOMONTH(C6,-3) -> 92 | D7: =D6-EOMONTH(D6,-3) -> 92 | E7: =E6-EOMONTH(E6,-3) -> 90 | F7: =F6-EOMONTH(F6,-3) -> 91 | G7: =G6-EOMONTH(G6,-12) -> 365 | H7: =H6-EOMONTH(H6,-3) -> 92
B9: Revenue by Division (built on Segment tabs)
B10: Digital | C10: ='Segment - Digital'!C39 -> 658 | D10: ='Segment - Digital'!D39 -> 825 | E10: ='Segment - Digital'!E39 -> 640 | F10: ='Segment - Digital'!F39 -> 697 | G10: ='Segment - Digital'!G39 -> 2661 | H10: ='Segment - Digital'!H39 -> 714.695
B11: % Y/Y | C11: =IFERROR(C10/C104-1,"n/a") -> 0.031347962 | D11: =IFERROR(D10/D104-1,"n/a") -> 0.17021277 | E11: =IFERROR(E10/E104-1,"n/a") -> 0.090289608 | F11: =IFERROR(F10/F104-1,"n/a") -> 0.17935702 | G11: =IFERROR(G10/G104-1,"n/a") -> 0.09102091 | H11: =IFERROR(H10/H104-1,"n/a") -> 0.086162614
B12: % Q/Q | C12: =IFERROR(C10/F104-1,"n/a") -> 0.11336717 | D12: =IFERROR(D10/C10-1,"n/a") -> 0.25379939 | E12: =IFERROR(E10/D10-1,"n/a") -> -0.22424242 | F12: =IFERROR(F10/E10-1,"n/a") -> 0.0890625 | G12: n/a | H12: =IFERROR(H10/F10-1,"n/a") -> 0.025387374
B13: % of total revenue | C13: =C10/C63 -> 0.073700717 | D13: =D10/D63 -> 0.084658799 | E13: =E10/E63 -> 0.07338608 | F13: =F10/F63 -> 0.077686135 | G13: =G10/G63 -> 0.074519029 | H13: =H10/H63 -> 0.07711421
B14: Growth ex-ChampionX, FX-inclusive | C14: ='Segment - Digital'!C46 -> 0 | D14: ='Segment - Digital'!D46 -> 0.13049645 | E14: ='Segment - Digital'!E46 -> 0.035775128 | F14: ='Segment - Digital'!F46 -> 0.12182741 | G14: ='Segment - Digital'!G46 -> 0.071340713 | H14: ='Segment - Digital'!H46 -> 0.065352665
B15: M&A / scope impact | C15: ='Segment - Digital'!C47 -> 0.031347962 | D15: ='Segment - Digital'!D47 -> 0.035131744 | E15: ='Segment - Digital'!E47 -> 0.052631579 | F15: ='Segment - Digital'!F47 -> 0.051282051 | G15: ='Segment - Digital'!G47 -> 0.01836969 | H15: ='Segment - Digital'!H47 -> 0.01953339
B16: FX impact | C16: n/a | D16: n/a | E16: n/a | F16: n/a | G16: n/a | H16: n/a | I16: Not disclosed by SLB.
B17: Organic growth (ex M&A, ex FX) | C17: n/a | D17: n/a | E17: n/a | F17: n/a | G17: n/a | H17: n/a | I17: Unavailable (FX not disclosed); see growth ex-ChampionX.
B18: Reservoir Performance | C18: ='Segment - Reservoir Performance'!C32 -> 1682 | D18: ='Segment - Reservoir Performance'!D32 -> 1748 | E18: ='Segment - Reservoir Performance'!E32 -> 1594 | F18: ='Segment - Reservoir Performance'!F32 -> 1556 | G18: ='Segment - Reservoir Performance'!G32 -> 6821 | H18: ='Segment - Reservoir Performance'!H32 -> 1612.482
B19: % Y/Y | C19: =IFERROR(C18/C105-1,"n/a") -> -0.077345036 | D19: =IFERROR(D18/D105-1,"n/a") -> -0.034254144 | E19: =IFERROR(E18/E105-1,"n/a") -> -0.062352941 | F19: =IFERROR(F18/F105-1,"n/a") -> -0.079834418 | G19: =IFERROR(G18/G105-1,"n/a") -> -0.049602898 | H19: =IFERROR(H18/H105-1,"n/a") -> -0.041330559
B20: % Q/Q | C20: =IFERROR(C18/F105-1,"n/a") -> -0.0053222945 | D20: =IFERROR(D18/C18-1,"n/a") -> 0.039239001 | E20: =IFERROR(E18/D18-1,"n/a") -> -0.088100686 | F20: =IFERROR(F18/E18-1,"n/a") -> -0.023839398 | G20: n/a | H20: =IFERROR(H18/F18-1,"n/a") -> 0.036299486
B21: % of total revenue | C21: =C18/C63 -> 0.18839606 | D21: =D18/D63 -> 0.17937404 | E21: =E18/E63 -> 0.1827772 | F21: =F18/F63 -> 0.17342844 | G21: =G18/G63 -> 0.19101627 | H21: =H18/H63 -> 0.17398369
B22: Growth ex-ChampionX, FX-inclusive | C22: ='Segment - Reservoir Performance'!C39 -> -0.077345036 | D22: ='Segment - Reservoir Performance'!D39 -> -0.034254144 | E22: ='Segment - Reservoir Performance'!E39 -> -0.062352941 | F22: ='Segment - Reservoir Performance'!F39 -> -0.079834418 | G22: ='Segment - Reservoir Performance'!G39 -> -0.049602898 | H22: ='Segment - Reservoir Performance'!H39 -> -0.041330559
B23: M&A / scope impact | C23: ='Segment - Reservoir Performance'!C40 -> 0 | D23: ='Segment - Reservoir Performance'!D40 -> 0 | E23: ='Segment - Reservoir Performance'!E40 -> 0 | F23: ='Segment - Reservoir Performance'!F40 -> 0 | G23: ='Segment - Reservoir Performance'!G40 -> 0 | H23: ='Segment - Reservoir Performance'!H40 -> 0
B24: FX impact | C24: n/a | D24: n/a | E24: n/a | F24: n/a | G24: n/a | H24: n/a | I24: Not disclosed by SLB.
B25: Organic growth (ex M&A, ex FX) | C25: n/a | D25: n/a | E25: n/a | F25: n/a | G25: n/a | H25: n/a | I25: Unavailable (FX not disclosed); see growth ex-ChampionX.
B26: Well Construction | C26: ='Segment - Well Construction'!C32 -> 2967 | D26: ='Segment - Well Construction'!D32 -> 2949 | E26: ='Segment - Well Construction'!E32 -> 2797 | F26: ='Segment - Well Construction'!F32 -> 2742 | G26: ='Segment - Well Construction'!G32 -> 11856 | H26: ='Segment - Well Construction'!H32 -> 2808.902
B27: % Y/Y | C27: =IFERROR(C26/C106-1,"n/a") -> -0.10416667 | D27: =IFERROR(D26/D106-1,"n/a") -> -0.097337006 | E27: =IFERROR(E26/E106-1,"n/a") -> -0.060463554 | F27: =IFERROR(F26/F106-1,"n/a") -> -0.074586568 | G27: =IFERROR(G26/G106-1,"n/a") -> -0.11237553 | H27: =IFERROR(H26/H106-1,"n/a") -> -0.053285474
B28: % Q/Q | C28: =IFERROR(C26/F106-1,"n/a") -> 0.0013499831 | D28: =IFERROR(D26/C26-1,"n/a") -> -0.0060667341 | E28: =IFERROR(E26/D26-1,"n/a") -> -0.051542896 | F28: =IFERROR(F26/E26-1,"n/a") -> -0.019663926 | G28: n/a | H28: =IFERROR(H26/F26-1,"n/a") -> 0.024398979
B29: % of total revenue | C29: =C26/C63 -> 0.33232527 | D29: =D26/D63 -> 0.30261673 | E29: =E26/E63 -> 0.3207201 | F29: =F26/F63 -> 0.30561748 | G29: =G26/G63 -> 0.33201714 | H29: =H26/H63 -> 0.3030751
B30: Growth ex-ChampionX, FX-inclusive | C30: ='Segment - Well Construction'!C39 -> -0.10416667 | D30: ='Segment - Well Construction'!D39 -> -0.097337006 | E30: ='Segment - Well Construction'!E39 -> -0.060463554 | F30: ='Segment - Well Construction'!F39 -> -0.074586568 | G30: ='Segment - Well Construction'!G39 -> -0.11237553 | H30: ='Segment - Well Construction'!H39 -> -0.053285474
B31: M&A / scope impact | C31: ='Segment - Well Construction'!C40 -> 0 | D31: ='Segment - Well Construction'!D40 -> 0 | E31: ='Segment - Well Construction'!E40 -> 0 | F31: ='Segment - Well Construction'!F40 -> 0 | G31: ='Segment - Well Construction'!G40 -> 0 | H31: ='Segment - Well Construction'!H40 -> 0
B32: FX impact | C32: n/a | D32: n/a | E32: n/a | F32: n/a | G32: n/a | H32: n/a | I32: Not disclosed by SLB.
B33: Organic growth (ex M&A, ex FX) | C33: n/a | D33: n/a | E33: n/a | F33: n/a | G33: n/a | H33: n/a | I33: Unavailable (FX not disclosed); see growth ex-ChampionX.
B34: Production Systems | C34: ='Segment - Production Systems'!C32 -> 3474 | D34: ='Segment - Production Systems'!D32 -> 4078 | E34: ='Segment - Production Systems'!E32 -> 3508 | F34: ='Segment - Production Systems'!F32 -> 3771 | G34: ='Segment - Production Systems'!G32 -> 13325 | H34: ='Segment - Production Systems'!H32 -> 3901.795
B35: % Y/Y | C35: =IFERROR(C34/C107-1,"n/a") -> 0.143892 | D35: =IFERROR(D34/D107-1,"n/a") -> 0.30412536 | E35: =IFERROR(E34/E107-1,"n/a") -> 0.23477649 | F35: =IFERROR(F34/F107-1,"n/a") -> 0.2861528 | G35: =IFERROR(G34/G107-1,"n/a") -> 0.11646418 | H35: =IFERROR(H34/H107-1,"n/a") -> 0.12314191
B36: % Q/Q | C36: =IFERROR(C34/F107-1,"n/a") -> 0.18485675 | D36: =IFERROR(D34/C34-1,"n/a") -> 0.17386298 | E36: =IFERROR(E34/D34-1,"n/a") -> -0.1397744 | F36: =IFERROR(F34/E34-1,"n/a") -> 0.074971494 | G36: n/a | H36: =IFERROR(H34/F34-1,"n/a") -> 0.034684434
B37: % of total revenue | C37: =C34/C63 -> 0.3891129 | D37: =D34/D63 -> 0.41847101 | E37: =E34/E63 -> 0.40224745 | F37: =F34/F63 -> 0.42030762 | G37: =G34/G63 -> 0.37315523 | H37: =H34/H63 -> 0.42099614
B38: Growth ex-ChampionX, FX-inclusive | C38: ='Segment - Production Systems'!C39 -> -0.045439579 | D38: ='Segment - Production Systems'!D39 -> 0.02462424 | E38: ='Segment - Production Systems'!E39 -> -0.05843013 | F38: ='Segment - Production Systems'!F39 -> -0.0088676671 | G38: ='Segment - Production Systems'!G39 -> -0.0049434437 | H38: ='Segment - Production Systems'!H39 -> 0.04235771
B39: M&A / scope impact | C39: ='Segment - Production Systems'!C40 -> 0.19834426 | D39: ='Segment - Production Systems'!D40 -> 0.27278402 | E39: ='Segment - Production Systems'!E40 -> 0.31140187 | F39: ='Segment - Production Systems'!F40 -> 0.29766001 | G39: ='Segment - Production Systems'!G40 -> 0.12201078 | H39: ='Segment - Production Systems'!H40 -> 0.077501419
B40: FX impact | C40: n/a | D40: n/a | E40: n/a | F40: n/a | G40: n/a | H40: n/a | I40: Not disclosed by SLB.
B41: Organic growth (ex M&A, ex FX) | C41: n/a | D41: n/a | E41: n/a | F41: n/a | G41: n/a | H41: n/a | I41: Unavailable (FX not disclosed); see growth ex-ChampionX.
B42: All Other (APS, Data Center Solutions, Capturi) | C42: ='Segment - All Other'!C29 -> 397 | D42: ='Segment - All Other'!D29 -> 445 | E42: ='Segment - All Other'!E29 -> 443 | F42: ='Segment - All Other'!F29 -> 505 | G42: ='Segment - All Other'!G29 -> 1987 | H42: ='Segment - All Other'!H29 -> 531.57
B43: % Y/Y | C43: =IFERROR(C42/C108-1,"n/a") -> -0.2833935 | D43: =IFERROR(D42/D108-1,"n/a") -> -0.23539519 | E43: =IFERROR(E42/E108-1,"n/a") -> -0.21174377 | F43: =IFERROR(F42/F108-1,"n/a") -> -0.13379074 | G43: =IFERROR(G42/G108-1,"n/a") -> -0.061407652 | H43: =IFERROR(H42/H108-1,"n/a") -> 0.33896725
B44: % Q/Q | C44: =IFERROR(C42/F108-1,"n/a") -> -0.31903945 | D44: =IFERROR(D42/C42-1,"n/a") -> 0.1209068 | E44: =IFERROR(E42/D42-1,"n/a") -> -0.004494382 | F44: =IFERROR(F42/E42-1,"n/a") -> 0.13995485 | G44: n/a | H44: =IFERROR(H42/F42-1,"n/a") -> 0.052613861
B45: % of total revenue | C45: =C42/C63 -> 0.044466846 | D45: =D42/D63 -> 0.045664443 | E45: =E42/E63 -> 0.050796927 | F45: =F42/F63 -> 0.056286224 | G45: =G42/G63 -> 0.055644235 | H45: =H42/H63 -> 0.057355376
B46: Growth ex-ChampionX, FX-inclusive | C46: ='Segment - All Other'!C34 -> -0.2833935 | D46: ='Segment - All Other'!D34 -> -0.23539519 | E46: ='Segment - All Other'!E34 -> -0.21174377 | F46: ='Segment - All Other'!F34 -> -0.13379074 | G46: ='Segment - All Other'!G34 -> -0.061407652 | H46: ='Segment - All Other'!H34 -> 0.33896725
B47: M&A / scope impact | C47: ='Segment - All Other'!C35 -> 0 | D47: ='Segment - All Other'!D35 -> 0 | E47: ='Segment - All Other'!E35 -> 0 | F47: ='Segment - All Other'!F35 -> 0 | G47: ='Segment - All Other'!G35 -> 0 | H47: ='Segment - All Other'!H35 -> 0
B48: FX impact | C48: n/a | D48: n/a | E48: n/a | F48: n/a | G48: n/a | H48: n/a | I48: Not disclosed by SLB.
B49: Organic growth (ex M&A, ex FX) | C49: n/a | D49: n/a | E49: n/a | F49: n/a | G49: n/a | H49: n/a | I49: Unavailable (FX not disclosed); see growth ex-ChampionX.
B50: Gross division revenue (before eliminations) | C50: =C10+C18+C26+C34+C42 -> 9178 | D50: =D10+D18+D26+D34+D42 -> 10045 | E50: =E10+E18+E26+E34+E42 -> 8982 | F50: =F10+F18+F26+F34+F42 -> 9271 | G50: =G10+G18+G26+G34+G42 -> 36650 | H50: =H10+H18+H26+H34+H42 -> 9569.444
B51: Eliminations % of gross division revenue (driver) | C51: =-C52/C50 -> 0.02723905 | D51: =-D52/D50 -> 0.029865605 | E51: =-E52/E50 -> 0.029058116 | F51: =-F52/F50 -> 0.032251106 | G51: =-G52/G50 -> 0.025675307 | H51: 0.0315 | I51: Intercompany eliminations (incl. Digital Operations double-count). 2.7%–3.2% over the last four quarters; 3Q26E 3.15%.
B52: Eliminations & other | C52: -250 | D52: -300 | E52: -261 | F52: -299 | G52: =E110+F110+C52+D52 -> -941 | H52: =-H50*H51 -> -301.43749
B53: Δ Y/Y (bp) | C53: =IFERROR((C51-C111)*10000,"n/a") -> 53.466962 | D53: =IFERROR((D51-D111)*10000,"n/a") -> 80.554689 | E53: =IFERROR((E51-E111)*10000,"n/a") -> 86.358248 | F53: =IFERROR((F51-F111)*10000,"n/a") -> 78.218819 | G53: =IFERROR((G51-G111)*10000,"n/a") -> 57.968465 | H53: =IFERROR((H51-H111)*10000,"n/a") -> 42.609501
B54: Δ Q/Q (bp) | C54: =IFERROR((C51-F111)*10000,"n/a") -> 28.098262 | D54: =IFERROR((D51-C51)*10000,"n/a") -> 26.265549 | E54: =IFERROR((E51-D51)*10000,"n/a") -> -8.0748855 | F54: =IFERROR((F51-E51)*10000,"n/a") -> 31.929894 | G54: n/a | H54: =IFERROR((H51-F51)*10000,"n/a") -> -7.511056
B55: % Y/Y | C55: n/a | D55: n/a | E55: n/a | F55: n/a | G55: n/a | H55: n/a | I55: Not meaningful: near-zero or negative base (see Δ rows for absolute change).
B56: Δ Y/Y ($m) | C56: =C52-C110 -> -45 | D56: =D52-D110 -> -93 | E56: =E52-E110 -> -84 | F56: =F52-F110 -> -85 | G56: =G52-G110 -> -205 | H56: =H52-H110 -> -51.437486
B57: Δ Q/Q ($m) | C57: =C52-F110 -> -36 | D57: =D52-C52 -> -50 | E57: =E52-D52 -> 39 | F57: =F52-E52 -> -38 | G57: n/a | H57: =H52-F52 -> -2.437486
B58: % Q/Q | C58: n/a | D58: n/a | E58: n/a | F58: n/a | G58: n/a | H58: n/a | I58: Not meaningful: near-zero or negative base (see Δ rows for absolute change).
B59: % of total revenue | C59: =C52/C63 -> -0.028001792 | D59: =D52/D63 -> -0.030785018 | E59: =E52/E63 -> -0.029927761 | F59: =F52/F63 -> -0.033325903 | G59: =G52/G63 -> -0.0263519 | H59: =H52/H63 -> -0.032524522
B60: M&A / scope impact | C60: n/a | D60: n/a | E60: n/a | F60: n/a | G60: n/a | H60: n/a | I60: Not disclosed at this line level by SLB (acquisition impact disclosed only for company, Digital and Production Systems totals).
B61: FX impact | C61: n/a | D61: n/a | E61: n/a | F61: n/a | G61: n/a | H61: n/a | I61: SLB does not disclose an FX impact on revenue; shown as unavailable, not zero.
B62: Organic growth (ex M&A, ex FX) | C62: n/a | D62: n/a | E62: n/a | F62: n/a | G62: n/a | H62: n/a | I62: Unavailable: requires M&A and FX components that are not disclosed at this level.
B63: Total revenue | C63: =C50+C52 -> 8928 | D63: =D50+D52 -> 9745 | E63: =E50+E52 -> 8721 | F63: =F50+F52 -> 8972 | G63: =G50+G52 -> 35709 | H63: =H50+H52 -> 9268.0065
B64: % Y/Y | C64: =IFERROR(C63/C112-1,"n/a") -> -0.025221094 | D64: =IFERROR(D63/D112-1,"n/a") -> 0.049655321 | E64: =IFERROR(E63/E112-1,"n/a") -> 0.027208481 | F64: =IFERROR(F63/F112-1,"n/a") -> 0.049847882 | G64: =IFERROR(G63/G112-1,"n/a") -> -0.015982805 | H64: =IFERROR(H63/H112-1,"n/a") -> 0.038083167
B65: Δ Q/Q ($m) | C65: =C63-F112 -> 382 | D65: =D63-C63 -> 817 | E65: =E63-D63 -> -1024 | F65: =F63-E63 -> 251 | G65: n/a | H65: =H63-F63 -> 296.00651
B66: % Q/Q | C66: =IFERROR(C63/F112-1,"n/a") -> 0.044699275 | D66: =IFERROR(D63/C63-1,"n/a") -> 0.091509857 | E66: =IFERROR(E63/D63-1,"n/a") -> -0.10507953 | F66: =IFERROR(F63/E63-1,"n/a") -> 0.028781103 | G66: n/a | H66: =IFERROR(H63/F63-1,"n/a") -> 0.032992255
B67: % of total revenue | C67: =C63/C63 -> 1 | D67: =D63/D63 -> 1 | E67: =E63/E63 -> 1 | F67: =F63/F63 -> 1 | G67: =G63/G63 -> 1 | H67: =H63/H63 -> 1
B68: ChampionX revenue in eliminations (derived) | C68: =C71-'Segment - Digital'!C43-'Segment - Production Systems'!C36 -> -16 | D68: =D71-'Segment - Digital'!D43-'Segment - Production Systems'!D36 -> -23 | E68: =E71-'Segment - Digital'!E43-'Segment - Production Systems'!E36 -> -27 | F68: =F71-'Segment - Digital'!F43-'Segment - Production Systems'!F36 -> -29 | G68: =G71-'Segment - Digital'!G43-'Segment - Production Systems'!G36 -> -39 | H68: -30 | I68: Company ChampionX contribution less Digital and Production Systems amounts (intercompany). 3Q26E −$30m.
B69: Δ Y/Y ($m) | C69: =C68-C113 -> -16 | D69: =D68-D113 -> -23 | E69: =E68-E113 -> -27 | F69: =F68-F113 -> -29 | G69: =G68-G113 -> -39 | H69: =H68-H113 -> -14
B70: Δ Q/Q ($m) | C70: =C68-F113 -> -16 | D70: =D68-C68 -> -7 | E70: =E68-D68 -> -4 | F70: =F68-E68 -> -2 | G70: n/a | H70: =H68-F68 -> -1
B71: ChampionX revenue — company total | C71: 579 | D71: 879 | E71: 838 | F71: 870 | G71: =E114+F114+C71+D71 -> 1458 | H71: ='Segment - Digital'!H43+'Segment - Production Systems'!H36+H68 -> 885
B72: Δ Y/Y ($m) | C72: =C71-C114 -> 579 | D72: =D71-D114 -> 879 | E72: =E71-E114 -> 838 | F72: =F71-F114 -> 870 | G72: =G71-G114 -> 1458 | H72: =H71-H114 -> 306
B73: Δ Q/Q ($m) | C73: =C71-F114 -> 579 | D73: =D71-C71 -> 300 | E73: =E71-D71 -> -41 | F73: =F71-E71 -> 32 | G73: n/a | H73: =H71-F71 -> 15
B74: Growth ex-ChampionX, FX-inclusive (issuer "excluding acquisition" basis) | C74: =IFERROR((C63-C71)/(C112-C114)-1,"n/a") -> -0.088437602 | D74: =IFERROR((D63-D71)/(D112-D114)-1,"n/a") -> -0.045023697 | E74: =IFERROR((E63-E71)/(E112-E114)-1,"n/a") -> -0.071495878 | F74: =IFERROR((F63-F71)/(F112-F114)-1,"n/a") -> -0.051954131 | G74: =IFERROR((G63-G71)/(G112-G114)-1,"n/a") -> -0.056160269 | H74: =IFERROR((H63-H71)/(H112-H114)-1,"n/a") -> 0.0040731242 | I74: (Revenue − ChampionX revenue) / (prior-year revenue − prior-year ChampionX revenue) − 1; matches SLB "excluding the impact of this acquisition" disclosures.
B75: M&A / scope impact (ChampionX) | C75: =IFERROR((1+C64)/(1+C74)-1,"n/a") -> 0.069349623 | D75: =IFERROR((1+D64)/(1+D74)-1,"n/a") -> 0.099142793 | E75: =IFERROR((1+E64)/(1+E74)-1,"n/a") -> 0.10630471 | F75: =IFERROR((1+F64)/(1+F74)-1,"n/a") -> 0.10738089 | G75: =IFERROR((1+G64)/(1+G74)-1,"n/a") -> 0.0425681 | H75: =IFERROR((1+H64)/(1+H74)-1,"n/a") -> 0.033872078 | I75: Derived so that (1+Y/Y) = (1+M&A) × (1+growth ex-ChampionX).
B76: FX impact | C76: n/a | D76: n/a | E76: n/a | F76: n/a | G76: n/a | H76: n/a | I76: SLB does not disclose an FX impact on revenue; shown as unavailable, not zero.
B77: Organic growth (ex M&A, ex FX) = (1+Y/Y)/((1+M&A)×(1+FX))−1 | C77: n/a | D77: n/a | E77: n/a | F77: n/a | G77: n/a | H77: n/a | I77: Unavailable because FX is not disclosed; the ex-ChampionX row above is the closest disclosed organic measure (FX-inclusive).
B78: Core revenue (Reservoir Performance + Well Construction + Production Systems) | C78: =C18+C26+C34 -> 8123 | D78: =D18+D26+D34 -> 8775 | E78: =E18+E26+E34 -> 7899 | F78: =F18+F26+F34 -> 8069 | G78: =G18+G26+G34 -> 32002 | H78: =H18+H26+H34 -> 8323.179
B79: % Y/Y | C79: =IFERROR(C78/C115-1,"n/a") -> -0.0059960842 | D79: =IFERROR(D78/D115-1,"n/a") -> 0.069600195 | E79: =IFERROR(E78/E115-1,"n/a") -> 0.050678372 | F79: =IFERROR(F78/F115-1,"n/a") -> 0.063669918 | G79: =IFERROR(G78/G115-1,"n/a") -> -0.01438295 | H79: =IFERROR(H78/H115-1,"n/a") -> 0.024643481
B80: % Q/Q | C80: =IFERROR(C78/F115-1,"n/a") -> 0.070788294 | D80: =IFERROR(D78/C78-1,"n/a") -> 0.080265912 | E80: =IFERROR(E78/D78-1,"n/a") -> -0.09982906 | F80: =IFERROR(F78/E78-1,"n/a") -> 0.021521712 | G80: n/a | H80: =IFERROR(H78/F78-1,"n/a") -> 0.031500682
B81: ChampionX revenue in Core (Production Systems) | C81: ='Segment - Production Systems'!C36 -> 575 | D81: ='Segment - Production Systems'!D36 -> 874 | E81: ='Segment - Production Systems'!E36 -> 833 | F81: ='Segment - Production Systems'!F36 -> 865 | G81: ='Segment - Production Systems'!G36 -> 1449 | H81: ='Segment - Production Systems'!H36 -> 880
B82: Δ Y/Y ($m) | C82: =C81-C116 -> 575 | D82: =D81-D116 -> 874 | E82: =E81-E116 -> 833 | F82: =F81-F116 -> 865 | G82: =G81-G116 -> 1449 | H82: =H81-H116 -> 305
B83: Δ Q/Q ($m) | C83: =C81-F116 -> 575 | D83: =D81-C81 -> 299 | E83: =E81-D81 -> -41 | F83: =F81-E81 -> 32 | G83: n/a | H83: =H81-F81 -> 15
B84: Growth ex-ChampionX, FX-inclusive (issuer "excluding acquisition" basis) | C84: =IFERROR((C78-C81)/(C115-C116)-1,"n/a") -> -0.076358297 | D84: =IFERROR((D78-D81)/(D115-D116)-1,"n/a") -> -0.036933203 | E84: =IFERROR((E78-E81)/(E115-E116)-1,"n/a") -> -0.060122373 | F84: =IFERROR((F78-F81)/(F115-F116)-1,"n/a") -> -0.050355919 | G84: =IFERROR((G78-G81)/(G115-G116)-1,"n/a") -> -0.059010133 | H84: =IFERROR((H78-H81)/(H115-H116)-1,"n/a") -> -0.013887255 | I84: (Revenue − ChampionX revenue) / (prior-year revenue − prior-year ChampionX revenue) − 1; matches SLB "excluding the impact of this acquisition" disclosures.
B85: M&A / scope impact (ChampionX) | C85: =IFERROR((1+C79)/(1+C84)-1,"n/a") -> 0.07617912 | D85: =IFERROR((1+D79)/(1+D84)-1,"n/a") -> 0.11061891 | E85: =IFERROR((1+E79)/(1+E84)-1,"n/a") -> 0.11788848 | F85: =IFERROR((1+F79)/(1+F84)-1,"n/a") -> 0.12007218 | G85: =IFERROR((1+G79)/(1+G84)-1,"n/a") -> 0.047425785 | H85: =IFERROR((1+H79)/(1+H84)-1,"n/a") -> 0.039073358 | I85: Derived so that (1+Y/Y) = (1+M&A) × (1+growth ex-ChampionX).
B86: FX impact | C86: n/a | D86: n/a | E86: n/a | F86: n/a | G86: n/a | H86: n/a | I86: SLB does not disclose an FX impact on revenue; shown as unavailable, not zero.
B87: Organic growth (ex M&A, ex FX) = (1+Y/Y)/((1+M&A)×(1+FX))−1 | C87: n/a | D87: n/a | E87: n/a | F87: n/a | G87: n/a | H87: n/a | I87: Unavailable because FX is not disclosed; the ex-ChampionX row above is the closest disclosed organic measure (FX-inclusive).
B88: Tie-outs and checks
B89: Total revenue as reported (quarters: S&P Capital IQ history on Inputs; FY25: 4Q25 release) | C89: =Inputs!$I$110 -> 8928 | D89: =Inputs!$I$111 -> 9745 | E89: =Inputs!$I$112 -> 8721 | F89: =Inputs!$I$113 -> 8972 | G89: 35708 | H89: n/a | I89: As-reported total for tie-out. FY figures can differ by ≤$2m from the sum of reported quarters (issuer rounding).
B90: Build − reported | C90: =C63-C89 -> 0 | D90: =D63-D89 -> 0 | E90: =E63-E89 -> 0 | F90: =F63-F89 -> 0 | G90: =G63-G89 -> 1 | H90: n/a
B91: Revenue consensus (CapIQ frozen 18-Oct-2026) | C91: n/a | D91: n/a | E91: n/a | F91: n/a | G91: n/a | H91: =Inputs!$C$20 -> 9266.41
B92: Estimate − consensus | C92: n/a | D92: n/a | E92: n/a | F92: n/a | G92: n/a | H92: =H63-H91 -> 1.596514
B93: Check: divisions + eliminations = total revenue (and = reported) | C93: =AND(ROUND(C63-C89,6)=0,ROUND(C63-(C10+C18+C26+C34+C42+C52),6)=0) -> TRUE | D93: =AND(ROUND(D63-D89,6)=0,ROUND(D63-(D10+D18+D26+D34+D42+D52),6)=0) -> TRUE | E93: =AND(ROUND(E63-E89,6)=0,ROUND(E63-(E10+E18+E26+E34+E42+E52),6)=0) -> TRUE | F93: =AND(ROUND(F63-F89,6)=0,ROUND(F63-(F10+F18+F26+F34+F42+F52),6)=0) -> TRUE | G93: =AND(ABS(G63-G89)<=2,ROUND(G63-(G10+G18+G26+G34+G42+G52),6)=0) -> TRUE | H93: =ROUND(H63-(H10+H18+H26+H34+H42+H52),6)=0 -> TRUE | I93: FY25: reported $35,708m vs sum of reported quarters $35,709m (issuer rounding, tolerance $2m).
B94: Revenue by geography (detail on Geo tab)
B95: International | C95: =Geo!C64 -> 6916 | D95: =Geo!D64 -> 7452 | E95: =Geo!E64 -> 6471 | F95: =Geo!F64 -> 6671 | G95: =Geo!G64 -> 27942 | H95: =Geo!H64 -> 6879.2465
B96: % of total revenue | C96: =C95/C63 -> 0.77464158 | D96: =D95/D63 -> 0.76469985 | E96: =E95/E63 -> 0.74200206 | F96: =F95/F63 -> 0.74353544 | G96: =G95/G63 -> 0.78249181 | H96: =H95/H63 -> 0.74225741
B97: North America | C97: =Geo!C18 -> 1930 | D97: =Geo!D18 -> 2212 | E97: =Geo!E18 -> 2167 | F97: =Geo!F18 -> 2244 | G97: =Geo!G18 -> 7516 | H97: =Geo!H18 -> 2333.76
B98: % of total revenue | C98: =C97/C63 -> 0.21617384 | D98: =D97/D63 -> 0.2269882 | E98: =E97/E63 -> 0.24848068 | F98: =F97/F63 -> 0.25011146 | G98: =G97/G63 -> 0.21047915 | H98: =H97/H63 -> 0.2518082
B99: Eliminations & other | C99: =Geo!C54 -> 82 | D99: =Geo!D54 -> 81 | E99: =Geo!E54 -> 83 | F99: =Geo!F54 -> 57 | G99: =Geo!G54 -> 251 | H99: =Geo!H54 -> 55
B100: % of total revenue | C100: =C99/C63 -> 0.0091845878 | D100: =D99/D63 -> 0.0083119548 | E100: =E99/E63 -> 0.0095172572 | F100: =F99/F63 -> 0.0063530985 | G100: =G99/G63 -> 0.0070290403 | H100: =H99/H63 -> 0.0059343938
B101: Revenue is multi-geography (International ≈74%, North America ≈25% in 2Q26); area and Middle East detail on the Geo tab.
B103: Memo: prior-year comparatives (as reported; feed Y/Y rows) | I103: Columns hold the period one year earlier: 3Q24, 4Q24, 1Q25, 2Q25, FY24; 3Q26E links to 3Q25A.
...

Sheet Segment - Digital
B2: SLB N.V. (NYSE: SLB)
B3: Segment - Digital — revenue and profit build
B4: $ millions, except per share
B5: Period | C5: 3Q25A | D5: 4Q25A | E5: 1Q26A | F5: 2Q26A | G5: FY25A | H5: 3Q26E | I5: Notes
B6: Period end | C6: =DATE(2025,9,30) -> 45930 | D6: =DATE(2025,12,31) -> 46022 | E6: =DATE(2026,3,31) -> 46112 | F6: =DATE(2026,6,30) -> 46203 | G6: =DATE(2025,12,31) -> 46022 | H6: =DATE(2026,9,30) -> 46295
B7: Days in period | C7: =C6-EOMONTH(C6,-3) -> 92 | D7: =D6-EOMONTH(D6,-3) -> 92 | E7: =E6-EOMONTH(E6,-3) -> 90 | F7: =F6-EOMONTH(F6,-3) -> 91 | G7: =G6-EOMONTH(G6,-12) -> 365 | H7: =H6-EOMONTH(H6,-3) -> 92
B9: Revenue build by solution (primary driver build)
B10: Opening revenue (prior quarter) | C10: =F126 -> 591 | D10: =C39 -> 658 | E10: =D39 -> 825 | F10: =E39 -> 640 | G10: n/a | H10: =F39 -> 697 | I10: Prior-quarter revenue; 3Q25A opens from 2Q25A (prior-year memo, column F).
B11: Platforms & Applications | C11: 273 | D11: 291 | E11: 241 | F11: 258 | G11: =E122+F122+C11+D11 -> 1066 | H11: =F11*(1+H12) -> 261.87
B12: Sequential growth (driver) | C12: =IFERROR(C11/F122-1,"n/a") -> 0.026315789 | D12: =IFERROR(D11/C11-1,"n/a") -> 0.065934066 | E12: =IFERROR(E11/D11-1,"n/a") -> -0.17182131 | F12: =IFERROR(F11/E11-1,"n/a") -> 0.070539419 | G12: n/a | H12: 0.015 | I12: SaaS growth offset by lumpy perpetual licences; ARR +1.9% q/q in 2Q26 → modest +1.5%.
B13: % Y/Y | C13: =IFERROR(C11/C122-1,"n/a") -> 0.041984733 | D13: =IFERROR(D11/D122-1,"n/a") -> -0.033222591 | E13: =IFERROR(E11/E122-1,"n/a") -> 0.021186441 | F13: =IFERROR(F11/F122-1,"n/a") -> -0.030075188 | G13: =IFERROR(G11/G122-1,"n/a") -> 0.042033236 | H13: =IFERROR(H11/H122-1,"n/a") -> -0.040769231
B14: Δ Q/Q ($m) | C14: =C11-F122 -> 7 | D14: =D11-C11 -> 18 | E14: =E11-D11 -> -50 | F14: =F11-E11 -> 17 | G14: n/a | H14: =H11-F11 -> 3.87
B15: M&A / scope impact | C15: n/a | D15: n/a | E15: n/a | F15: n/a | G15: n/a | H15: n/a | I15: Not disclosed at this line level by SLB (acquisition impact disclosed only for company, Digital and Production Systems totals).
B16: FX impact | C16: n/a | D16: n/a | E16: n/a | F16: n/a | G16: n/a | H16: n/a | I16: SLB does not disclose an FX impact on revenue; shown as unavailable, not zero.
B17: Organic growth (ex M&A, ex FX) | C17: n/a | D17: n/a | E17: n/a | F17: n/a | G17: n/a | H17: n/a | I17: Unavailable: requires M&A and FX components that are not disclosed at this level.
B18: Digital Operations | C18: 131 | D18: 162 | E18: 143 | F18: 148 | G18: =E123+F123+C18+D18 -> 464 | H18: =F18*(1+H19) -> 153.92
B19: Sequential growth (driver) | C19: =IFERROR(C18/F123-1,"n/a") -> 0.39361702 | D19: =IFERROR(D18/C18-1,"n/a") -> 0.23664122 | E19: =IFERROR(E18/D18-1,"n/a") -> -0.11728395 | F19: =IFERROR(F18/E18-1,"n/a") -> 0.034965035 | G19: n/a | H19: 0.04 | I19: Fastest-growing recurring line (+57% y/y in 2Q26); ME remobilisation supports activity-linked revenue.
B20: % Y/Y | C20: =IFERROR(C18/C123-1,"n/a") -> 0.47191011 | D20: =IFERROR(D18/D123-1,"n/a") -> 1.0506329 | E20: =IFERROR(E18/E123-1,"n/a") -> 0.85714286 | F20: =IFERROR(F18/F123-1,"n/a") -> 0.57446809 | G20: =IFERROR(G18/G123-1,"n/a") -> 0.6 | H20: =IFERROR(H18/H123-1,"n/a") -> 0.17496183
B21: Δ Q/Q ($m) | C21: =C18-F123 -> 37 | D21: =D18-C18 -> 31 | E21: =E18-D18 -> -19 | F21: =F18-E18 -> 5 | G21: n/a | H21: =H18-F18 -> 5.92
B22: M&A / scope impact | C22: n/a | D22: n/a | E22: n/a | F22: n/a | G22: n/a | H22: n/a | I22: Not disclosed at this line level by SLB (acquisition impact disclosed only for company, Digital and Production Systems totals).
B23: FX impact | C23: n/a | D23: n/a | E23: n/a | F23: n/a | G23: n/a | H23: n/a | I23: SLB does not disclose an FX impact on revenue; shown as unavailable, not zero.
B24: Organic growth (ex M&A, ex FX) | C24: n/a | D24: n/a | E24: n/a | F24: n/a | G24: n/a | H24: n/a | I24: Unavailable: requires M&A and FX components that are not disclosed at this level.
B25: Digital Exploration | C25: 80 | D25: 184 | E25: 101 | F25: 126 | G25: =E124+F124+C25+D25 -> 437 | H25: =F25*(1+H26) -> 129.78
B26: Sequential growth (driver) | C26: =IFERROR(C25/F124-1,"n/a") -> 0.26984127 | D26: =IFERROR(D25/C25-1,"n/a") -> 1.3 | E26: =IFERROR(E25/D25-1,"n/a") -> -0.45108696 | F26: =IFERROR(F25/E25-1,"n/a") -> 0.24752475 | G26: n/a | H26: 0.03 | I26: Lumpy licence/transfer-fee sales; Pelotas Sul multiclient survey completing early 3Q26 (S6) — modest growth only.
B27: % Y/Y | C27: =IFERROR(C25/C124-1,"n/a") -> -0.27927928 | D27: =IFERROR(D25/D124-1,"n/a") -> 0.35294118 | E27: =IFERROR(E25/E124-1,"n/a") -> -0.081818182 | F27: =IFERROR(F25/F124-1,"n/a") -> 1 | G27: =IFERROR(G25/G124-1,"n/a") -> 0.011574074 | H27: =IFERROR(H25/H124-1,"n/a") -> 0.62225
B28: Δ Q/Q ($m) | C28: =C25-F124 -> 17 | D28: =D25-C25 -> 104 | E28: =E25-D25 -> -83 | F28: =F25-E25 -> 25 | G28: n/a | H28: =H25-F25 -> 3.78
B29: M&A / scope impact | C29: n/a | D29: n/a | E29: n/a | F29: n/a | G29: n/a | H29: n/a | I29: Not disclosed at this line level by SLB (acquisition impact disclosed only for company, Digital and Production Systems totals).
B30: FX impact | C30: n/a | D30: n/a | E30: n/a | F30: n/a | G30: n/a | H30: n/a | I30: SLB does not disclose an FX impact on revenue; shown as unavailable, not zero.
B31: Organic growth (ex M&A, ex FX) | C31: n/a | D31: n/a | E31: n/a | F31: n/a | G31: n/a | H31: n/a | I31: Unavailable: requires M&A and FX components that are not disclosed at this level.
B32: Professional Services | C32: 174 | D32: 188 | E32: 155 | F32: 165 | G32: =E125+F125+C32+D32 -> 694 | H32: =F32*(1+H33) -> 169.125
B33: Sequential growth (driver) | C33: =IFERROR(C32/F125-1,"n/a") -> 0.035714286 | D33: =IFERROR(D32/C32-1,"n/a") -> 0.08045977 | E33: =IFERROR(E32/D32-1,"n/a") -> -0.17553191 | F33: =IFERROR(F32/E32-1,"n/a") -> 0.064516129 | G33: n/a | H33: 0.025 | I33: Project-based; tracks overall Digital demand.
B34: % Y/Y | C34: =IFERROR(C32/C125-1,"n/a") -> -0.011363636 | D34: =IFERROR(D32/D125-1,"n/a") -> -0.0052910053 | E34: =IFERROR(E32/E125-1,"n/a") -> -0.054878049 | F34: =IFERROR(F32/F125-1,"n/a") -> -0.017857143 | G34: =IFERROR(G32/G125-1,"n/a") -> 0 | H34: =IFERROR(H32/H125-1,"n/a") -> -0.028017241
B35: Δ Q/Q ($m) | C35: =C32-F125 -> 6 | D35: =D32-C32 -> 14 | E35: =E32-D32 -> -33 | F35: =F32-E32 -> 10 | G35: n/a | H35: =H32-F32 -> 4.125
B36: M&A / scope impact | C36: n/a | D36: n/a | E36: n/a | F36: n/a | G36: n/a | H36: n/a | I36: Not disclosed at this line level by SLB (acquisition impact disclosed only for company, Digital and Production Systems totals).
B37: FX impact | C37: n/a | D37: n/a | E37: n/a | F37: n/a | G37: n/a | H37: n/a | I37: SLB does not disclose an FX impact on revenue; shown as unavailable, not zero.
B38: Organic growth (ex M&A, ex FX) | C38: n/a | D38: n/a | E38: n/a | F38: n/a | G38: n/a | H38: n/a | I38: Unavailable: requires M&A and FX components that are not disclosed at this level.
B39: Total Digital revenue | C39: =C11+C18+C25+C32 -> 658 | D39: =D11+D18+D25+D32 -> 825 | E39: =E11+E18+E25+E32 -> 640 | F39: =F11+F18+F25+F32 -> 697 | G39: =G11+G18+G25+G32 -> 2661 | H39: =H11+H18+H25+H32 -> 714.695
B40: % Y/Y | C40: =IFERROR(C39/C126-1,"n/a") -> 0.031347962 | D40: =IFERROR(D39/D126-1,"n/a") -> 0.17021277 | E40: =IFERROR(E39/E126-1,"n/a") -> 0.090289608 | F40: =IFERROR(F39/F126-1,"n/a") -> 0.17935702 | G40: =IFERROR(G39/G126-1,"n/a") -> 0.09102091 | H40: =IFERROR(H39/H126-1,"n/a") -> 0.086162614
B41: Δ Q/Q ($m) | C41: =C39-F126 -> 67 | D41: =D39-C39 -> 167 | E41: =E39-D39 -> -185 | F41: =F39-E39 -> 57 | G41: n/a | H41: =H39-F39 -> 17.695
B42: % Q/Q | C42: =IFERROR(C39/F126-1,"n/a") -> 0.11336717 | D42: =IFERROR(D39/C39-1,"n/a") -> 0.25379939 | E42: =IFERROR(E39/D39-1,"n/a") -> -0.22424242 | F42: =IFERROR(F39/E39-1,"n/a") -> 0.0890625 | G42: n/a | H42: =IFERROR(H39/F39-1,"n/a") -> 0.025387374
B43: ChampionX revenue in Digital | C43: 20 | D43: 28 | E43: 32 | F43: 34 | G43: =E127+F127+C43+D43 -> 48 | H43: 35 | I43: 3Q26E: held near 2Q26 run-rate ($34m).
B44: Δ Y/Y ($m) | C44: =C43-C127 -> 20 | D44: =D43-D127 -> 28 | E44: =E43-E127 -> 32 | F44: =F43-F127 -> 34 | G44: =G43-G127 -> 48 | H44: =H43-H127 -> 15
B45: Δ Q/Q ($m) | C45: =C43-F127 -> 20 | D45: =D43-C43 -> 8 | E45: =E43-D43 -> 4 | F45: =F43-E43 -> 2 | G45: n/a | H45: =H43-F43 -> 1
B46: Growth ex-ChampionX, FX-inclusive (issuer "excluding acquisition" basis) | C46: =IFERROR((C39-C43)/(C126-C127)-1,"n/a") -> 0 | D46: =IFERROR((D39-D43)/(D126-D127)-1,"n/a") -> 0.13049645 | E46: =IFERROR((E39-E43)/(E126-E127)-1,"n/a") -> 0.035775128 | F46: =IFERROR((F39-F43)/(F126-F127)-1,"n/a") -> 0.12182741 | G46: =IFERROR((G39-G43)/(G126-G127)-1,"n/a") -> 0.071340713 | H46: =IFERROR((H39-H43)/(H126-H127)-1,"n/a") -> 0.065352665 | I46: (Revenue − ChampionX revenue) / (prior-year revenue − prior-year ChampionX revenue) − 1; matches SLB "excluding the impact of this acquisition" disclosures.
B47: M&A / scope impact (ChampionX) | C47: =IFERROR((1+C40)/(1+C46)-1,"n/a") -> 0.031347962 | D47: =IFERROR((1+D40)/(1+D46)-1,"n/a") -> 0.035131744 | E47: =IFERROR((1+E40)/(1+E46)-1,"n/a") -> 0.052631579 | F47: =IFERROR((1+F40)/(1+F46)-1,"n/a") -> 0.051282051 | G47: =IFERROR((1+G40)/(1+G46)-1,"n/a") -> 0.01836969 | H47: =IFERROR((1+H40)/(1+H46)-1,"n/a") -> 0.01953339 | I47: Derived so that (1+Y/Y) = (1+M&A) × (1+growth ex-ChampionX).
B48: FX impact | C48: n/a | D48: n/a | E48: n/a | F48: n/a | G48: n/a | H48: n/a | I48: SLB does not disclose an FX impact on revenue; shown as unavailable, not zero.
B49: Organic growth (ex M&A, ex FX) = (1+Y/Y)/((1+M&A)×(1+FX))−1 | C49: n/a | D49: n/a | E49: n/a | F49: n/a | G49: n/a | H49: n/a | I49: Unavailable because FX is not disclosed; the ex-ChampionX row above is the closest disclosed organic measure (FX-inclusive).
B50: Δ Platforms & Applications (sequential bridge) | C50: =C11-F122 -> 7 | D50: =D11-C11 -> 18 | E50: =E11-D11 -> -50 | F50: =F11-E11 -> 17 | G50: n/a | H50: =H11-F11 -> 3.87
B51: Δ Digital Operations (sequential bridge) | C51: =C18-F123 -> 37 | D51: =D18-C18 -> 31 | E51: =E18-D18 -> -19 | F51: =F18-E18 -> 5 | G51: n/a | H51: =H18-F18 -> 5.92
B52: Δ Digital Exploration (sequential bridge) | C52: =C25-F124 -> 17 | D52: =D25-C25 -> 104 | E52: =E25-D25 -> -83 | F52: =F25-E25 -> 25 | G52: n/a | H52: =H25-F25 -> 3.78
B53: Δ Professional Services (sequential bridge) | C53: =C32-F125 -> 6 | D53: =D32-C32 -> 14 | E53: =E32-D32 -> -33 | F53: =F32-E32 -> 10 | G53: n/a | H53: =H32-F32 -> 4.125
B54: Closing revenue (opening + bridge) | C54: =C10+C50+C51+C52+C53 -> 658 | D54: =D10+D50+D51+D52+D53 -> 825 | E54: =E10+E50+E51+E52+E53 -> 640 | F54: =F10+F50+F51+F52+F53 -> 697 | G54: n/a | H54: =H10+H50+H51+H52+H53 -> 714.695
B55: Check: bridge closes to revenue | C55: =ROUND(C54-C39,6)=0 -> TRUE | D55: =ROUND(D54-D39,6)=0 -> TRUE | E55: =ROUND(E54-E39,6)=0 -> TRUE | F55: =ROUND(F54-F39,6)=0 -> TRUE | G55: n/a | H55: =ROUND(H54-H39,6)=0 -> TRUE
B56: Digital revenue as reported (memo) | C56: 658 | D56: 825 | E56: 640 | F56: 697 | G56: 2660 | H56: n/a | I56: As-reported total for tie-out. FY figures can differ by ≤$2m from the sum of reported quarters (issuer rounding).
B57: Build − reported | C57: =C39-C56 -> 0 | D57: =D39-D56 -> 0 | E57: =E39-E56 -> 0 | F57: =F39-F56 -> 0 | G57: =G39-G56 -> 1 | H57: n/a
B58: % of SLB revenue | C58: =C39/'Revenue summary'!C63 -> 0.073700717 | D58: =D39/'Revenue summary'!D63 -> 0.084658799 | E58: =E39/'Revenue summary'!E63 -> 0.07338608 | F58: =F39/'Revenue summary'!F63 -> 0.077686135 | G58: =G39/'Revenue summary'!G63 -> 0.074519029 | H58: =H39/'Revenue summary'!H63 -> 0.07711421
B59: Platforms & Applications % of Digital revenue | C59: =C11/C39 -> 0.41489362 | D59: =D11/D39 -> 0.35272727 | E59: =E11/E39 -> 0.3765625 | F59: =F11/F39 -> 0.37015782 | G59: =G11/G39 -> 0.40060128 | H59: =H11/H39 -> 0.36640805
B60: Digital Operations % of Digital revenue | C60: =C18/C39 -> 0.19908815 | D60: =D18/D39 -> 0.19636364 | E60: =E18/E39 -> 0.2234375 | F60: =F18/F39 -> 0.21233859 | G60: =G18/G39 -> 0.17437054 | H60: =H18/H39 -> 0.2153646
B61: Digital Exploration % of Digital revenue | C61: =C25/C39 -> 0.12158055 | D61: =D25/D39 -> 0.2230303 | E61: =E25/E39 -> 0.1578125 | F61: =F25/F39 -> 0.18077475 | G61: =G25/G39 -> 0.16422398 | H61: =H25/H39 -> 0.18158795
B62: Professional Services % of Digital revenue | C62: =C32/C39 -> 0.26443769 | D62: =D32/D39 -> 0.22787879 | E62: =E32/E39 -> 0.2421875 | F62: =F32/F39 -> 0.23672884 | G62: =G32/G39 -> 0.26080421 | H62: =H32/H39 -> 0.23663941
B63: Revenue by geography (as reported; 3Q26E International is the residual of the solution build)
B64: North America | C64: 156 | D64: 229 | E64: 197 | F64: 170 | G64: =E128+F128+C64+D64 -> 682 | H64: =F64*(1+H65) -> 175.1
B65: Sequential growth (driver) | C65: =IFERROR(C64/F128-1,"n/a") -> 0.23809524 | D65: =IFERROR(D64/C64-1,"n/a") -> 0.46794872 | E65: =IFERROR(E64/D64-1,"n/a") -> -0.13973799 | F65: =IFERROR(F64/E64-1,"n/a") -> -0.13705584 | G65: n/a | H65: 0.03 | I65: Gulf of America exploration sales were soft in 2Q26; modest recovery.
B66: % Y/Y | C66: =IFERROR(C64/C128-1,"n/a") -> 0.21875 | D66: =IFERROR(D64/D128-1,"n/a") -> 0.145 | E66: =IFERROR(E64/E128-1,"n/a") -> 0.15204678 | F66: =IFERROR(F64/F128-1,"n/a") -> 0.34920635 | G66: n/a | H66: =IFERROR(H64/H128-1,"n/a") -> 0.1224359 | I66: n/a where the prior-year value (typically 3Q24/4Q24 or FY24 sub-line) is not disclosed in the window filings; not set to zero.
B67: Δ Q/Q ($m) | C67: =C64-F128 -> 30 | D67: =D64-C64 -> 73 | E67: =E64-D64 -> -32 | F67: =F64-E64 -> -27 | G67: n/a | H67: =H64-F64 -> 5.1
B68: M&A / scope impact | C68: n/a | D68: n/a | E68: n/a | F68: n/a | G68: n/a | H68: n/a | I68: Not disclosed at this line level by SLB (acquisition impact disclosed only for company, Digital and Production Systems totals).
B69: FX impact | C69: n/a | D69: n/a | E69: n/a | F69: n/a | G69: n/a | H69: n/a | I69: SLB does not disclose an FX impact on revenue; shown as unavailable, not zero.
B70: Organic growth (ex M&A, ex FX) | C70: n/a | D70: n/a | E70: n/a | F70: n/a | G70: n/a | H70: n/a | I70: Unavailable: requires M&A and FX components that are not disclosed at this level.
B71: Other | C71: 2 | D71: 3 | E71: 0 | F71: 1 | G71: =E129+F129+C71+D71 -> 8 | H71: 1
B72: % Y/Y | C72: n/a | D72: n/a | E72: n/a | F72: n/a | G72: n/a | H72: n/a | I72: Not meaningful: near-zero or negative base (see Δ rows for absolute change).
B73: Δ Q/Q ($m) | C73: =C71-F129 -> -1 | D73: =D71-C71 -> 1 | E73: =E71-D71 -> -3 | F73: =F71-E71 -> 1 | G73: n/a | H73: =H71-F71 -> 0
B74: M&A / scope impact | C74: n/a | D74: n/a | E74: n/a | F74: n/a | G74: n/a | H74: n/a | I74: Not disclosed at this line level by SLB (acquisition impact disclosed only for company, Digital and Production Systems totals).
B75: FX impact | C75: n/a | D75: n/a | E75: n/a | F75: n/a | G75: n/a | H75: n/a | I75: SLB does not disclose an FX impact on revenue; shown as unavailable, not zero.
B76: Organic growth (ex M&A, ex FX) | C76: n/a | D76: n/a | E76: n/a | F76: n/a | G76: n/a | H76: n/a | I76: Unavailable: requires M&A and FX components that are not disclosed at this level.
B77: International | C77: 500 | D77: 593 | E77: 443 | F77: 526 | G77: =E130+F130+C77+D77 -> 1971 | H77: =H39-H64-H71 -> 538.595 | I77: 3Q26E = total Digital (solution build) less North America and Other.
B78: % Y/Y | C78: =IFERROR(C77/C130-1,"n/a") -> -0.017681729 | D78: =IFERROR(D77/D130-1,"n/a") -> 0.17892644 | E78: =IFERROR(E77/E130-1,"n/a") -> 0.064903846 | F78: =IFERROR(F77/F130-1,"n/a") -> 0.13852814 | G78: n/a | H78: =IFERROR(H77/H130-1,"n/a") -> 0.07719 | I78: n/a where the prior-year value (typically 3Q24/4Q24 or FY24 sub-line) is not disclosed in the window filings; not set to zero.
B79: Δ Q/Q ($m) | C79: =C77-F130 -> 38 | D79: =D77-C77 -> 93 | E79: =E77-D77 -> -150 | F79: =F77-E77 -> 83 | G79: n/a | H79: =H77-F77 -> 12.595
B80: M&A / scope impact | C80: n/a | D80: n/a | E80: n/a | F80: n/a | G80: n/a | H80: n/a | I80: Not disclosed at this line level by SLB (acquisition impact disclosed only for company, Digital and Production Systems totals).
B81: FX impact | C81: n/a | D81: n/a | E81: n/a | F81: n/a | G81: n/a | H81: n/a | I81: SLB does not disclose an FX impact on revenue; shown as unavailable, not zero.
B82: Organic growth (ex M&A, ex FX) | C82: n/a | D82: n/a | E82: n/a | F82: n/a | G82: n/a | H82: n/a | I82: Unavailable: requires M&A and FX components that are not disclosed at this level.
B83: Check: geography sums to solution build | C83: =ROUND(C77+C64+C71-C39,6)=0 -> TRUE | D83: =ROUND(D77+D64+D71-D39,6)=0 -> TRUE | E83: =ROUND(E77+E64+E71-E39,6)=0 -> TRUE | F83: =ROUND(F77+F64+F71-F39,6)=0 -> TRUE | G83: =ROUND(G77+G64+G71-G39,6)=0 -> TRUE | H83: =ROUND(H77+H64+H71-H39,6)=0 -> TRUE
B84: Annualized recurring revenue (ARR) ladder
B85: ARR ladder: opening, net additions, closing, average. SLB does not disclose gross additions or churn separately (rows marked n/a).
B86: ARR — opening balance | C86: =F131 -> 904 | D86: =C88 -> 926 | E86: =D88 -> 1000 | F86: =E88 -> 1020 | G86: n/a | H86: =F88 -> 1040 | I86: 3Q25 opening = ARR at 30-Jun-2025 (prior-year memo).
B87: Net ARR additions (new + expansion − churn; components not disclosed) | C87: =C88-C86 -> 22 | D87: =D88-D86 -> 74 | E87: =E88-E86 -> 20 | F87: =F88-F86 -> 20 | G87: n/a | H87: =H88-H86 -> 20
B88: ARR — closing balance | C88: 926 | D88: 1000 | E88: 1020 | F88: 1040 | G88: =D88 -> 1000 | H88: 1060 | I88: 3Q26E: +$20m q/q, in line with the last two quarters (+$20m each).
B89: ARR — average for the period | C89: =(C86+C88)/2 -> 915 | D89: =(D86+D88)/2 -> 963 | E89: =(E86+E88)/2 -> 1010 | F89: =(F86+F88)/2 -> 1030 | G89: n/a | H89: =(H86+H88)/2 -> 1050
B90: % Y/Y | C90: =IFERROR(C88/C131-1,"n/a") -> 0.065592635 | D90: n/a | E90: =IFERROR(E88/E131-1,"n/a") -> 0.14606742 | F90: =IFERROR(F88/F131-1,"n/a") -> 0.15044248 | G90: n/a | H90: =IFERROR(H88/H131-1,"n/a") -> 0.14470842 | I90: n/a where the prior-year value (typically 3Q24/4Q24 or FY24 sub-line) is not disclosed in the window filings; not set to zero.
B91: Δ Q/Q ($m) | C91: =C88-F131 -> 22 | D91: =D88-C88 -> 74 | E91: =E88-D88 -> 20 | F91: =F88-E88 -> 20 | G91: n/a | H91: =H88-F88 -> 20
B92: Net ARR growth rate (q/q) | C92: =IFERROR(C87/C86,"n/a") -> 0.024336283 | D92: =IFERROR(D87/D86,"n/a") -> 0.079913607 | E92: =IFERROR(E87/E86,"n/a") -> 0.02 | F92: =IFERROR(F87/F86,"n/a") -> 0.019607843 | G92: n/a | H92: =IFERROR(H87/H86,"n/a") -> 0.019230769
B93: Gross churn / gross additions | C93: n/a | D93: n/a | E93: n/a | F93: n/a | G93: n/a | H93: n/a | I93: Not disclosed by SLB (company states "best-in-class retention rates and limited churn").
B94: Quarterly ARR run-rate / (P&A + Digital Operations revenue) | C94: =C89/4/(C11+C18) -> 0.56621287 | D94: =D89/4/(D11+D18) -> 0.53145695 | E94: =E89/4/(E11+E18) -> 0.65755208 | F94: =F89/4/(F11+F18) -> 0.63423645 | G94: n/a | H94: =H89/4/(H11+H18) -> 0.63132831
B95: Profitability (pretax segment operating income and adjusted EBITDA)
B96: Pretax segment operating income | C96: 187 | D96: 280 | E96: 134 | F96: 194 | G96: =E132+F132+C96+D96 -> 745 | H96: =H39*H97 -> 185.8207
B97: Pretax operating margin (driver) | C97: =IFERROR(C96/C39,"n/a") -> 0.28419453 | D97: =IFERROR(D96/D39,"n/a") -> 0.33939394 | E97: =IFERROR(E96/E39,"n/a") -> 0.209375 | F97: =IFERROR(F96/F39,"n/a") -> 0.27833572 | G97: =IFERROR(G96/G39,"n/a") -> 0.27996994 | H97: 0.26 | I97: Q3 is seasonally between 1Q (21%) and 4Q (34%); 3Q25 was 28.4% and 2Q26 27.8% on strong exploration licences. 26.0% assumes less licence mix.
B98: Δ Y/Y (bp) | C98: =IFERROR((C97-C133)*10000,"n/a") -> -136.11114 | D98: =IFERROR((D97-D133)*10000,"n/a") -> -38.68472 | E98: =IFERROR((E97-E133)*10000,"n/a") -> -35.721891 | F98: =IFERROR((F97-F133)*10000,"n/a") -> 194.52476 | G98: =IFERROR((G97-G133)*10000,"n/a") -> 290.47427 | H98: =IFERROR((H97-H133)*10000,"n/a") -> -241.94529
B99: Δ Q/Q (bp) | C99: =IFERROR((C97-F133)*10000,"n/a") -> 253.1128 | D99: =IFERROR((D97-C97)*10000,"n/a") -> 551.99411 | E99: =IFERROR((E97-D97)*10000,"n/a") -> -1300.1894 | F99: =IFERROR((F97-E97)*10000,"n/a") -> 689.60725 | G99: n/a | H99: =IFERROR((H97-F97)*10000,"n/a") -> -183.35725
B100: % Y/Y | C100: =IFERROR(C96/C132-1,"n/a") -> -0.015789474 | D100: =IFERROR(D96/D132-1,"n/a") -> 0.15702479 | E100: =IFERROR(E96/E132-1,"n/a") -> 0.072 | F100: =IFERROR(F96/F132-1,"n/a") -> 0.26797386 | G100: =IFERROR(G96/G132-1,"n/a") -> 0.21732026 | H100: =IFERROR(H96/H132-1,"n/a") -> -0.0063064171
B101: Δ Q/Q ($m) | C101: =C96-F132 -> 34 | D101: =D96-C96 -> 93 | E101: =E96-D96 -> -146 | F101: =F96-E96 -> 60 | G101: n/a | H101: =H96-F96 -> -8.1793
B102: Incremental margin Q/Q (ΔOI / Δrevenue) | C102: =IFERROR((C96-F132)/(C39-F126),"n/a") -> 0.50746269 | D102: =IFERROR((D96-C96)/(D39-C39),"n/a") -> 0.55688623 | E102: =IFERROR((E96-D96)/(E39-D39),"n/a") -> 0.78918919 | F102: =IFERROR((F96-E96)/(F39-E39),"n/a") -> 1.0526316 | G102: n/a | H102: =IFERROR((H96-F96)/(H39-F39),"n/a") -> -0.46223792
...

Sheet Segment - Reservoir Performance
B2: SLB N.V. (NYSE: SLB)
B3: Segment - Reservoir Performance — revenue and profit build
B4: $ millions, except per share
B5: Period | C5: 3Q25A | D5: 4Q25A | E5: 1Q26A | F5: 2Q26A | G5: FY25A | H5: 3Q26E | I5: Notes
B6: Period end | C6: =DATE(2025,9,30) -> 45930 | D6: =DATE(2025,12,31) -> 46022 | E6: =DATE(2026,3,31) -> 46112 | F6: =DATE(2026,6,30) -> 46203 | G6: =DATE(2025,12,31) -> 46022 | H6: =DATE(2026,9,30) -> 46295
B7: Days in period | C7: =C6-EOMONTH(C6,-3) -> 92 | D7: =D6-EOMONTH(D6,-3) -> 92 | E7: =E6-EOMONTH(E6,-3) -> 90 | F7: =F6-EOMONTH(F6,-3) -> 91 | G7: =G6-EOMONTH(G6,-12) -> 365 | H7: =H6-EOMONTH(H6,-3) -> 92
B9: SLB does not disclose customers, units, prices or backlog by Division; the driver ladder uses the disclosed geography split (opening → changes → closing).
B10: Revenue build — sequential driver ladder by geography
B11: Opening revenue (prior quarter) | C11: =F81 -> 1691 | D11: =C32 -> 1682 | E11: =D32 -> 1748 | F11: =E32 -> 1594 | G11: n/a | H11: =F32 -> 1556 | I11: Prior-quarter revenue; 3Q25A opens from 2Q25A (prior-year memo, column F).
B12: International | C12: 1536 | D12: 1596 | E12: 1445 | F12: 1409 | G12: =E78+F78+C12+D12 -> 6230 | H12: =F12*(1+H13) -> 1462.542
B13: Sequential growth (driver) | C13: =IFERROR(C12/F78-1,"n/a") -> -0.0032446463 | D13: =IFERROR(D12/C12-1,"n/a") -> 0.0390625 | E13: =IFERROR(E12/D12-1,"n/a") -> -0.094611529 | F13: =IFERROR(F12/E12-1,"n/a") -> -0.024913495 | G13: n/a | H13: 0.038 | I13: Most ME-exposed division (evaluation, stimulation, intervention). Base case +~5% assumes gradual ME remobilisation; trimmed to +3.8% for August Saudi output cuts and the Sept-11 East-West pipeline attack (S18, S19), partly offset by Iraq recovery (S20).
B14: % Y/Y | C14: =IFERROR(C12/C78-1,"n/a") -> -0.08353222 | D14: =IFERROR(D12/D78-1,"n/a") -> -0.043738766 | E14: =IFERROR(E12/E78-1,"n/a") -> -0.071933205 | F14: =IFERROR(F12/F78-1,"n/a") -> -0.085658663 | G14: n/a | H14: =IFERROR(H12/H78-1,"n/a") -> -0.047824219 | I14: n/a where the prior-year value (typically 3Q24/4Q24 or FY24 sub-line) is not disclosed in the window filings; not set to zero.
B15: Δ Q/Q ($m) | C15: =C12-F78 -> -5 | D15: =D12-C12 -> 60 | E15: =E12-D12 -> -151 | F15: =F12-E12 -> -36 | G15: n/a | H15: =H12-F12 -> 53.542
B16: M&A / scope impact | C16: n/a | D16: n/a | E16: n/a | F16: n/a | G16: n/a | H16: n/a | I16: Not disclosed at this line level by SLB (acquisition impact disclosed only for company, Digital and Production Systems totals).
B17: FX impact | C17: n/a | D17: n/a | E17: n/a | F17: n/a | G17: n/a | H17: n/a | I17: SLB does not disclose an FX impact on revenue; shown as unavailable, not zero.
B18: Organic growth (ex M&A, ex FX) | C18: n/a | D18: n/a | E18: n/a | F18: n/a | G18: n/a | H18: n/a | I18: Unavailable: requires M&A and FX components that are not disclosed at this level.
B19: North America | C19: 143 | D19: 146 | E19: 143 | F19: 147 | G19: =E79+F79+C19+D19 -> 579 | H19: =F19*(1+H20) -> 149.94
B20: Sequential growth (driver) | C20: =IFERROR(C19/F79-1,"n/a") -> -0.033783784 | D20: =IFERROR(D19/C19-1,"n/a") -> 0.020979021 | E20: =IFERROR(E19/D19-1,"n/a") -> -0.020547945 | F20: =IFERROR(F19/E19-1,"n/a") -> 0.027972028 | G20: n/a | H20: 0.02 | I20: U.S. land steady; Canada post-breakup.
B21: % Y/Y | C21: =IFERROR(C19/C79-1,"n/a") -> -0.013793103 | D21: =IFERROR(D19/D79-1,"n/a") -> 0.050359712 | E21: =IFERROR(E19/E79-1,"n/a") -> 0.0070422535 | F21: =IFERROR(F19/F79-1,"n/a") -> -0.0067567568 | G21: n/a | H21: =IFERROR(H19/H79-1,"n/a") -> 0.048531469 | I21: n/a where the prior-year value (typically 3Q24/4Q24 or FY24 sub-line) is not disclosed in the window filings; not set to zero.
B22: Δ Q/Q ($m) | C22: =C19-F79 -> -5 | D22: =D19-C19 -> 3 | E22: =E19-D19 -> -3 | F22: =F19-E19 -> 4 | G22: n/a | H22: =H19-F19 -> 2.94
B23: M&A / scope impact | C23: n/a | D23: n/a | E23: n/a | F23: n/a | G23: n/a | H23: n/a | I23: Not disclosed at this line level by SLB (acquisition impact disclosed only for company, Digital and Production Systems totals).
B24: FX impact | C24: n/a | D24: n/a | E24: n/a | F24: n/a | G24: n/a | H24: n/a | I24: SLB does not disclose an FX impact on revenue; shown as unavailable, not zero.
B25: Organic growth (ex M&A, ex FX) | C25: n/a | D25: n/a | E25: n/a | F25: n/a | G25: n/a | H25: n/a | I25: Unavailable: requires M&A and FX components that are not disclosed at this level.
B26: Other | C26: 3 | D26: 6 | E26: 6 | F26: 0 | G26: =E80+F80+C26+D26 -> 12 | H26: 0 | I26: Small unallocated revenue; 3Q26E held at the latest quarter (2Q26) level of zero.
B27: % Y/Y | C27: n/a | D27: n/a | E27: n/a | F27: n/a | G27: n/a | H27: n/a | I27: Not meaningful: near-zero or negative base (see Δ rows for absolute change).
B28: Δ Q/Q ($m) | C28: =C26-F80 -> 1 | D28: =D26-C26 -> 3 | E28: =E26-D26 -> 0 | F28: =F26-E26 -> -6 | G28: n/a | H28: =H26-F26 -> 0
B29: M&A / scope impact | C29: n/a | D29: n/a | E29: n/a | F29: n/a | G29: n/a | H29: n/a | I29: Not disclosed at this line level by SLB (acquisition impact disclosed only for company, Digital and Production Systems totals).
B30: FX impact | C30: n/a | D30: n/a | E30: n/a | F30: n/a | G30: n/a | H30: n/a | I30: SLB does not disclose an FX impact on revenue; shown as unavailable, not zero.
B31: Organic growth (ex M&A, ex FX) | C31: n/a | D31: n/a | E31: n/a | F31: n/a | G31: n/a | H31: n/a | I31: Unavailable: requires M&A and FX components that are not disclosed at this level.
B32: Total division revenue | C32: =C12+C19+C26 -> 1682 | D32: =D12+D19+D26 -> 1748 | E32: =E12+E19+E26 -> 1594 | F32: =F12+F19+F26 -> 1556 | G32: =G12+G19+G26 -> 6821 | H32: =H12+H19+H26 -> 1612.482
B33: % Y/Y | C33: =IFERROR(C32/C81-1,"n/a") -> -0.077345036 | D33: =IFERROR(D32/D81-1,"n/a") -> -0.034254144 | E33: =IFERROR(E32/E81-1,"n/a") -> -0.062352941 | F33: =IFERROR(F32/F81-1,"n/a") -> -0.079834418 | G33: =IFERROR(G32/G81-1,"n/a") -> -0.049602898 | H33: =IFERROR(H32/H81-1,"n/a") -> -0.041330559
B34: Δ Q/Q ($m) | C34: =C32-F81 -> -9 | D34: =D32-C32 -> 66 | E34: =E32-D32 -> -154 | F34: =F32-E32 -> -38 | G34: n/a | H34: =H32-F32 -> 56.482
B35: % Q/Q | C35: =IFERROR(C32/F81-1,"n/a") -> -0.0053222945 | D35: =IFERROR(D32/C32-1,"n/a") -> 0.039239001 | E35: =IFERROR(E32/D32-1,"n/a") -> -0.088100686 | F35: =IFERROR(F32/E32-1,"n/a") -> -0.023839398 | G35: n/a | H35: =IFERROR(H32/F32-1,"n/a") -> 0.036299486
B36: ChampionX revenue in division | C36: 0 | D36: 0 | E36: 0 | F36: 0 | G36: =E82+F82+C36+D36 -> 0 | H36: 0 | I36: ChampionX revenue is reported only in Digital and Production Systems (S3–S6); zero here by disclosure.
B37: Δ Y/Y ($m) | C37: =C36-C82 -> 0 | D37: =D36-D82 -> 0 | E37: =E36-E82 -> 0 | F37: =F36-F82 -> 0 | G37: =G36-G82 -> 0 | H37: =H36-H82 -> 0
B38: Δ Q/Q ($m) | C38: =C36-F82 -> 0 | D38: =D36-C36 -> 0 | E38: =E36-D36 -> 0 | F38: =F36-E36 -> 0 | G38: n/a | H38: =H36-F36 -> 0
B39: Growth ex-ChampionX, FX-inclusive (issuer "excluding acquisition" basis) | C39: =IFERROR((C32-C36)/(C81-C82)-1,"n/a") -> -0.077345036 | D39: =IFERROR((D32-D36)/(D81-D82)-1,"n/a") -> -0.034254144 | E39: =IFERROR((E32-E36)/(E81-E82)-1,"n/a") -> -0.062352941 | F39: =IFERROR((F32-F36)/(F81-F82)-1,"n/a") -> -0.079834418 | G39: =IFERROR((G32-G36)/(G81-G82)-1,"n/a") -> -0.049602898 | H39: =IFERROR((H32-H36)/(H81-H82)-1,"n/a") -> -0.041330559 | I39: (Revenue − ChampionX revenue) / (prior-year revenue − prior-year ChampionX revenue) − 1; matches SLB "excluding the impact of this acquisition" disclosures.
B40: M&A / scope impact (ChampionX) | C40: =IFERROR((1+C33)/(1+C39)-1,"n/a") -> 0 | D40: =IFERROR((1+D33)/(1+D39)-1,"n/a") -> 0 | E40: =IFERROR((1+E33)/(1+E39)-1,"n/a") -> 0 | F40: =IFERROR((1+F33)/(1+F39)-1,"n/a") -> 0 | G40: =IFERROR((1+G33)/(1+G39)-1,"n/a") -> 0 | H40: =IFERROR((1+H33)/(1+H39)-1,"n/a") -> 0 | I40: Derived so that (1+Y/Y) = (1+M&A) × (1+growth ex-ChampionX).
B41: FX impact | C41: n/a | D41: n/a | E41: n/a | F41: n/a | G41: n/a | H41: n/a | I41: SLB does not disclose an FX impact on revenue; shown as unavailable, not zero.
B42: Organic growth (ex M&A, ex FX) = (1+Y/Y)/((1+M&A)×(1+FX))−1 | C42: n/a | D42: n/a | E42: n/a | F42: n/a | G42: n/a | H42: n/a | I42: Unavailable because FX is not disclosed; the ex-ChampionX row above is the closest disclosed organic measure (FX-inclusive).
B43: Δ International (sequential bridge) | C43: =C12-F78 -> -5 | D43: =D12-C12 -> 60 | E43: =E12-D12 -> -151 | F43: =F12-E12 -> -36 | G43: n/a | H43: =H12-F12 -> 53.542
B44: Δ North America (sequential bridge) | C44: =C19-F79 -> -5 | D44: =D19-C19 -> 3 | E44: =E19-D19 -> -3 | F44: =F19-E19 -> 4 | G44: n/a | H44: =H19-F19 -> 2.94
B45: Δ Other (sequential bridge) | C45: =C26-F80 -> 1 | D45: =D26-C26 -> 3 | E45: =E26-D26 -> 0 | F45: =F26-E26 -> -6 | G45: n/a | H45: =H26-F26 -> 0
B46: Closing revenue (opening + bridge) | C46: =C11+C43+C44+C45 -> 1682 | D46: =D11+D43+D44+D45 -> 1748 | E46: =E11+E43+E44+E45 -> 1594 | F46: =F11+F43+F44+F45 -> 1556 | G46: n/a | H46: =H11+H43+H44+H45 -> 1612.482
B47: Check: bridge closes to revenue | C47: =ROUND(C46-C32,6)=0 -> TRUE | D47: =ROUND(D46-D32,6)=0 -> TRUE | E47: =ROUND(E46-E32,6)=0 -> TRUE | F47: =ROUND(F46-F32,6)=0 -> TRUE | G47: n/a | H47: =ROUND(H46-H32,6)=0 -> TRUE
B48: Division revenue as reported (memo) | C48: 1682 | D48: 1748 | E48: 1594 | F48: 1556 | G48: 6820 | H48: n/a | I48: As-reported total for tie-out. FY figures can differ by ≤$2m from the sum of reported quarters (issuer rounding).
B49: Build − reported | C49: =C32-C48 -> 0 | D49: =D32-D48 -> 0 | E49: =E32-E48 -> 0 | F49: =F32-F48 -> 0 | G49: =G32-G48 -> 1 | H49: n/a
B50: % of SLB revenue | C50: =C32/'Revenue summary'!C63 -> 0.18839606 | D50: =D32/'Revenue summary'!D63 -> 0.17937404 | E50: =E32/'Revenue summary'!E63 -> 0.1827772 | F50: =F32/'Revenue summary'!F63 -> 0.17342844 | G50: =G32/'Revenue summary'!G63 -> 0.19101627 | H50: =H32/'Revenue summary'!H63 -> 0.17398369
B51: Profitability (pretax segment operating income and adjusted EBITDA)
B52: Pretax segment operating income | C52: 312 | D52: 342 | E52: 257 | F52: 232 | G52: =E83+F83+C52+D52 -> 1250 | H52: =H32*H53 -> 254.77216
B53: Pretax operating margin (driver) | C53: =IFERROR(C52/C32,"n/a") -> 0.18549346 | D53: =IFERROR(D52/D32,"n/a") -> 0.19565217 | E53: =IFERROR(E52/E32,"n/a") -> 0.16122961 | F53: =IFERROR(F52/F32,"n/a") -> 0.14910026 | G53: =IFERROR(G52/G32,"n/a") -> 0.18325759 | H53: 0.158 | I53: Margin fell to 14.9% in 2Q26 on ME disruption; partial recovery on higher ME utilisation (3Q25: 18.5%).
B54: Δ Y/Y (bp) | C54: =IFERROR((C53-C84)*10000,"n/a") -> -158.23051 | D54: =IFERROR((D53-D84)*10000,"n/a") -> -87.677156 | E54: =IFERROR((E53-E84)*10000,"n/a") -> -46.527419 | F54: =IFERROR((F53-F84)*10000,"n/a") -> -365.88684 | G54: =IFERROR((G53-G84)*10000,"n/a") -> -190.55357 | H54: =IFERROR((H53-H84)*10000,"n/a") -> -274.9346
B55: Δ Q/Q (bp) | C55: =IFERROR((C53-F84)*10000,"n/a") -> -1.9548129 | D55: =IFERROR((D53-C53)*10000,"n/a") -> 101.58714 | E55: =IFERROR((E53-D53)*10000,"n/a") -> -344.22563 | F55: =IFERROR((F53-E53)*10000,"n/a") -> -121.29354 | G55: n/a | H55: =IFERROR((H53-F53)*10000,"n/a") -> 88.997429
B56: % Y/Y | C56: =IFERROR(C52/C83-1,"n/a") -> -0.14986376 | D56: =IFERROR(D52/D83-1,"n/a") -> -0.075675676 | E56: =IFERROR(E52/E83-1,"n/a") -> -0.088652482 | F56: =IFERROR(F52/F83-1,"n/a") -> -0.2611465 | G56: =IFERROR(G52/G83-1,"n/a") -> -0.13911846 | H56: =IFERROR(H52/H83-1,"n/a") -> -0.18342258
B57: Δ Q/Q ($m) | C57: =C52-F83 -> -2 | D57: =D52-C52 -> 30 | E57: =E52-D52 -> -85 | F57: =F52-E52 -> -25 | G57: n/a | H57: =H52-F52 -> 22.772156
B58: Incremental margin Q/Q (ΔOI / Δrevenue) | C58: =IFERROR((C52-F83)/(C32-F81),"n/a") -> 0.22222222 | D58: =IFERROR((D52-C52)/(D32-C32),"n/a") -> 0.45454545 | E58: =IFERROR((E52-D52)/(E32-D32),"n/a") -> 0.55194805 | F58: =IFERROR((F52-E52)/(F32-E32),"n/a") -> 0.65789474 | G58: n/a | H58: =IFERROR((H52-F52)/(H32-F32),"n/a") -> 0.40317545
B59: Depreciation & amortization | C59: 110 | D59: 114 | E59: 113 | F59: 118 | G59: =E85+F85+C59+D59 -> 435 | H59: 118 | I59: Run-rate.
B60: % Y/Y | C60: =IFERROR(C59/C85-1,"n/a") -> 0.078431373 | D60: n/a | E60: =IFERROR(E59/E85-1,"n/a") -> 0.086538462 | F60: =IFERROR(F59/F85-1,"n/a") -> 0.10280374 | G60: =IFERROR(G59/G85-1,"n/a") -> 0.076732673 | H60: =IFERROR(H59/H85-1,"n/a") -> 0.072727273 | I60: n/a where the prior-year value (typically 3Q24/4Q24 or FY24 sub-line) is not disclosed in the window filings; not set to zero.
B61: Δ Q/Q ($m) | C61: =C59-F85 -> 3 | D61: =D59-C59 -> 4 | E61: =E59-D59 -> -1 | F61: =F59-E59 -> 5 | G61: n/a | H61: =H59-F59 -> 0
B62: D&A % of revenue | C62: =IFERROR(C59/C32,"n/a") -> 0.065398335 | D62: =IFERROR(D59/D32,"n/a") -> 0.065217391 | E62: =IFERROR(E59/E32,"n/a") -> 0.070890841 | F62: =IFERROR(F59/F32,"n/a") -> 0.075835476 | G62: =IFERROR(G59/G32,"n/a") -> 0.06377364 | H62: =IFERROR(H59/H32,"n/a") -> 0.073179111
B63: Δ Y/Y (bp) | C63: =IFERROR((C62-C86)*10000,"n/a") -> 94.466074 | D63: n/a | E63: =IFERROR((E62-E86)*10000,"n/a") -> 97.143701 | F63: =IFERROR((F62-F86)*10000,"n/a") -> 125.59308 | G63: =IFERROR((G62-G86)*10000,"n/a") -> 74.827109 | H63: =IFERROR((H62-H86)*10000,"n/a") -> 77.807761
B64: Δ Q/Q (bp) | C64: =IFERROR((C62-F86)*10000,"n/a") -> 21.221674 | D64: =IFERROR((D62-C62)*10000,"n/a") -> -1.8094401 | E64: =IFERROR((E62-D62)*10000,"n/a") -> 56.734493 | F64: =IFERROR((F62-E62)*10000,"n/a") -> 49.446349 | G64: n/a | H64: =IFERROR((H62-F62)*10000,"n/a") -> -26.563641
B65: Net interest expense (income) inside segment | C65: 0 | D65: 0 | E65: -1 | F65: -1 | G65: =E87+F87+C65+D65 -> -1 | H65: -1 | I65: Segment-level net interest; adjusted EBITDA = pretax segment OI + D&A + net interest expense (income).
B66: Δ Y/Y ($m) | C66: =C65-C87 -> 5 | D66: n/a | E66: =E65-E87 -> 0 | F66: =F65-F87 -> -1 | G66: =G65-G87 -> 14 | H66: =H65-H87 -> -1 | I66: n/a where the prior-year value (typically 3Q24/4Q24 or FY24 sub-line) is not disclosed in the window filings; not set to zero.
B67: Δ Q/Q ($m) | C67: =C65-F87 -> 0 | D67: =D65-C65 -> 0 | E67: =E65-D65 -> -1 | F67: =F65-E65 -> 0 | G67: n/a | H67: =H65-F65 -> 0
B68: Adjusted EBITDA | C68: =C52+C59+C65 -> 422 | D68: =D52+D59+D65 -> 456 | E68: =E52+E59+E65 -> 369 | F68: =F52+F59+F65 -> 349 | G68: =G52+G59+G65 -> 1684 | H68: =H52+H59+H65 -> 371.77216
B69: % Y/Y | C69: =IFERROR(C68/C88-1,"n/a") -> -0.090517241 | D69: =IFERROR(D68/D88-1,"n/a") -> -0.025641026 | E69: =IFERROR(E68/E88-1,"n/a") -> -0.041558442 | F69: =IFERROR(F68/F88-1,"n/a") -> -0.17102138 | G69: =IFERROR(G68/G88-1,"n/a") -> -0.085279739 | H69: =IFERROR(H68/H88-1,"n/a") -> -0.11902333
B70: Δ Q/Q ($m) | C70: =C68-F88 -> 1 | D70: =D68-C68 -> 34 | E70: =E68-D68 -> -87 | F70: =F68-E68 -> -20 | G70: n/a | H70: =H68-F68 -> 22.772156
B71: Adjusted EBITDA margin | C71: =IFERROR(C68/C32,"n/a") -> 0.2508918 | D71: =IFERROR(D68/D32,"n/a") -> 0.26086957 | E71: =IFERROR(E68/E32,"n/a") -> 0.2314931 | F71: =IFERROR(F68/F32,"n/a") -> 0.22429306 | G71: =IFERROR(G68/G32,"n/a") -> 0.24688462 | H71: =IFERROR(H68/H32,"n/a") -> 0.23055895
B72: Δ Y/Y (bp) | C72: =IFERROR((C71-C89)*10000,"n/a") -> -36.337119 | D72: =IFERROR((D71-D89)*10000,"n/a") -> 23.060293 | E72: =IFERROR((E71-E89)*10000,"n/a") -> 50.225109 | F72: =IFERROR((F71-F89)*10000,"n/a") -> -246.7205 | G72: =IFERROR((G71-G89)*10000,"n/a") -> -96.292427 | H72: =IFERROR((H71-H89)*10000,"n/a") -> -203.32846
B73: Δ Q/Q (bp) | C73: =IFERROR((C71-F89)*10000,"n/a") -> 19.266861 | D73: =IFERROR((D71-C71)*10000,"n/a") -> 99.777697 | E73: =IFERROR((E71-D71)*10000,"n/a") -> -293.76466 | F73: =IFERROR((F71-E71)*10000,"n/a") -> -72.0004 | G73: n/a | H73: =IFERROR((H71-F71)*10000,"n/a") -> 62.658904
B74: Adjusted EBITDA as reported (memo) | C74: 422 | D74: 456 | E74: 369 | F74: 349 | G74: 1685 | H74: n/a | I74: As-reported total for tie-out. FY figures can differ by ≤$2m from the sum of reported quarters (issuer rounding).
B75: Build − reported | C75: =C68-C74 -> 0 | D75: =D68-D74 -> 0 | E75: =E68-E74 -> 0 | F75: =F68-F74 -> 0 | G75: =G68-G74 -> -1 | H75: n/a
B77: Memo: prior-year comparatives (as reported; feed Y/Y rows) | I77: Columns hold the period one year earlier: 3Q24, 4Q24, 1Q25, 2Q25, FY24; 3Q26E links to 3Q25A.
B78: International — prior year | C78: 1676 | D78: 1669 | E78: 1557 | F78: 1541 | H78: =C12 -> 1536
B79: North America — prior year | C79: 145 | D79: 139 | E79: 142 | F79: 148 | H79: =C19 -> 143
B80: Other — prior year | C80: 2 | D80: 2 | E80: 1 | F80: 2 | H80: =C26 -> 3
B81: Total division revenue — prior year | C81: =C78+C79+C80 -> 1823 | D81: =D78+D79+D80 -> 1810 | E81: =E78+E79+E80 -> 1700 | F81: =F78+F79+F80 -> 1691 | G81: 7177 | H81: =C32 -> 1682
B82: ChampionX revenue in division — prior year | C82: 0 | D82: 0 | E82: 0 | F82: 0 | G82: 0 | H82: =C36 -> 0
B83: Pretax segment operating income — prior year | C83: 367 | D83: 370 | E83: 282 | F83: 314 | G83: 1452 | H83: =C52 -> 312
B84: Pretax operating margin (driver) — prior year | C84: =IFERROR(C83/C81,"n/a") -> 0.20131651 | D84: =IFERROR(D83/D81,"n/a") -> 0.20441989 | E84: =IFERROR(E83/E81,"n/a") -> 0.16588235 | F84: =IFERROR(F83/F81,"n/a") -> 0.18568894 | G84: =IFERROR(G83/G81,"n/a") -> 0.20231294 | H84: =C53 -> 0.18549346
B85: Depreciation & amortization — prior year | C85: 102 | E85: 104 | F85: 107 | G85: 404 | H85: =C59 -> 110
B86: D&A % of revenue — prior year | C86: =IFERROR(C85/C81,"n/a") -> 0.055951728 | E86: =IFERROR(E85/E81,"n/a") -> 0.061176471 | F86: =IFERROR(F85/F81,"n/a") -> 0.063276168 | G86: =IFERROR(G85/G81,"n/a") -> 0.056290929 | H86: =C62 -> 0.065398335
B87: Net interest expense (income) inside segment — prior year | C87: -5 | E87: -1 | F87: 0 | G87: -15 | H87: =C65 -> 0
B88: Adjusted EBITDA — prior year | C88: =C83+C85+C87 -> 464 | D88: 468 | E88: =E83+E85+E87 -> 385 | F88: =F83+F85+F87 -> 421 | G88: =G83+G85+G87 -> 1841 | H88: =C68 -> 422
B89: Adjusted EBITDA margin — prior year | C89: =IFERROR(C88/C81,"n/a") -> 0.25452551 | D89: =IFERROR(D88/D81,"n/a") -> 0.25856354 | E89: =IFERROR(E88/E81,"n/a") -> 0.22647059 | F89: =IFERROR(F88/F81,"n/a") -> 0.24896511 | G89: =IFERROR(G88/G81,"n/a") -> 0.25651386 | H89: =C71 -> 0.2508918

Sheet Segment - Well Construction
B2: SLB N.V. (NYSE: SLB)
B3: Segment - Well Construction — revenue and profit build
B4: $ millions, except per share
B5: Period | C5: 3Q25A | D5: 4Q25A | E5: 1Q26A | F5: 2Q26A | G5: FY25A | H5: 3Q26E | I5: Notes
B6: Period end | C6: =DATE(2025,9,30) -> 45930 | D6: =DATE(2025,12,31) -> 46022 | E6: =DATE(2026,3,31) -> 46112 | F6: =DATE(2026,6,30) -> 46203 | G6: =DATE(2025,12,31) -> 46022 | H6: =DATE(2026,9,30) -> 46295
B7: Days in period | C7: =C6-EOMONTH(C6,-3) -> 92 | D7: =D6-EOMONTH(D6,-3) -> 92 | E7: =E6-EOMONTH(E6,-3) -> 90 | F7: =F6-EOMONTH(F6,-3) -> 91 | G7: =G6-EOMONTH(G6,-12) -> 365 | H7: =H6-EOMONTH(H6,-3) -> 92
B9: SLB does not disclose customers, units, prices or backlog by Division; the driver ladder uses the disclosed geography split (opening → changes → closing).
B10: Revenue build — sequential driver ladder by geography
B11: Opening revenue (prior quarter) | C11: =F81 -> 2963 | D11: =C32 -> 2967 | E11: =D32 -> 2949 | F11: =E32 -> 2797 | G11: n/a | H11: =F32 -> 2742 | I11: Prior-quarter revenue; 3Q25A opens from 2Q25A (prior-year memo, column F).
B12: International | C12: 2371 | D12: 2329 | E12: 2195 | F12: 2156 | G12: =E78+F78+C12+D12 -> 9475 | H12: =F12*(1+H13) -> 2203.432
B13: Sequential growth (driver) | C13: =IFERROR(C12/F78-1,"n/a") -> -0.0096073517 | D13: =IFERROR(D12/C12-1,"n/a") -> -0.017714045 | E13: =IFERROR(E12/D12-1,"n/a") -> -0.057535423 | F13: =IFERROR(F12/E12-1,"n/a") -> -0.017767654 | G13: n/a | H13: 0.022 | I13: Guidance: Core divisions low-to-mid single digit q/q (S7). ME drilling partly resumed (Saudi offshore jackups back by end-Sept, S21) but Saudi crude output fell to 6.2 mb/d in Aug (S18): +2.2%.
B14: % Y/Y | C14: =IFERROR(C12/C78-1,"n/a") -> -0.11364486 | D14: =IFERROR(D12/D78-1,"n/a") -> -0.1127619 | E14: =IFERROR(E12/E78-1,"n/a") -> -0.078118438 | F14: =IFERROR(F12/F78-1,"n/a") -> -0.099415205 | G14: n/a | H14: =IFERROR(H12/H78-1,"n/a") -> -0.070673977 | I14: n/a where the prior-year value (typically 3Q24/4Q24 or FY24 sub-line) is not disclosed in the window filings; not set to zero.
B15: Δ Q/Q ($m) | C15: =C12-F78 -> -23 | D15: =D12-C12 -> -42 | E15: =E12-D12 -> -134 | F15: =F12-E12 -> -39 | G15: n/a | H15: =H12-F12 -> 47.432
B16: M&A / scope impact | C16: n/a | D16: n/a | E16: n/a | F16: n/a | G16: n/a | H16: n/a | I16: Not disclosed at this line level by SLB (acquisition impact disclosed only for company, Digital and Production Systems totals).
B17: FX impact | C17: n/a | D17: n/a | E17: n/a | F17: n/a | G17: n/a | H17: n/a | I17: SLB does not disclose an FX impact on revenue; shown as unavailable, not zero.
B18: Organic growth (ex M&A, ex FX) | C18: n/a | D18: n/a | E18: n/a | F18: n/a | G18: n/a | H18: n/a | I18: Unavailable: requires M&A and FX components that are not disclosed at this level.
B19: North America | C19: 527 | D19: 556 | E19: 548 | F19: 549 | G19: =E79+F79+C19+D19 -> 2136 | H19: =F19*(1+H20) -> 565.47
B20: Sequential growth (driver) | C20: =IFERROR(C19/F79-1,"n/a") -> 0.029296875 | D20: =IFERROR(D19/C19-1,"n/a") -> 0.055028463 | E20: =IFERROR(E19/D19-1,"n/a") -> -0.014388489 | F20: =IFERROR(F19/E19-1,"n/a") -> 0.0018248175 | G20: n/a | H20: 0.03 | I20: Canada recovers from spring break-up; U.S. land flat.
B21: % Y/Y | C21: =IFERROR(C19/C79-1,"n/a") -> -0.092943201 | D21: =IFERROR(D19/D79-1,"n/a") -> -0.046312178 | E21: =IFERROR(E19/E79-1,"n/a") -> 0.012939002 | F21: =IFERROR(F19/F79-1,"n/a") -> 0.072265625 | G21: n/a | H21: =IFERROR(H19/H79-1,"n/a") -> 0.072998102 | I21: n/a where the prior-year value (typically 3Q24/4Q24 or FY24 sub-line) is not disclosed in the window filings; not set to zero.
B22: Δ Q/Q ($m) | C22: =C19-F79 -> 15 | D22: =D19-C19 -> 29 | E22: =E19-D19 -> -8 | F22: =F19-E19 -> 1 | G22: n/a | H22: =H19-F19 -> 16.47
B23: M&A / scope impact | C23: n/a | D23: n/a | E23: n/a | F23: n/a | G23: n/a | H23: n/a | I23: Not disclosed at this line level by SLB (acquisition impact disclosed only for company, Digital and Production Systems totals).
B24: FX impact | C24: n/a | D24: n/a | E24: n/a | F24: n/a | G24: n/a | H24: n/a | I24: SLB does not disclose an FX impact on revenue; shown as unavailable, not zero.
B25: Organic growth (ex M&A, ex FX) | C25: n/a | D25: n/a | E25: n/a | F25: n/a | G25: n/a | H25: n/a | I25: Unavailable: requires M&A and FX components that are not disclosed at this level.
B26: Other | C26: 69 | D26: 64 | E26: 54 | F26: 37 | G26: =E80+F80+C26+D26 -> 245 | H26: 40 | I26: Reverts toward the 3Q25–1Q26 run-rate ($54–69m) from $37m.
B27: % Y/Y | C27: n/a | D27: n/a | E27: n/a | F27: n/a | G27: n/a | H27: n/a | I27: Not meaningful: near-zero or negative base (see Δ rows for absolute change).
B28: Δ Q/Q ($m) | C28: =C26-F80 -> 12 | D28: =D26-C26 -> -5 | E28: =E26-D26 -> -10 | F28: =F26-E26 -> -17 | G28: n/a | H28: =H26-F26 -> 3
B29: M&A / scope impact | C29: n/a | D29: n/a | E29: n/a | F29: n/a | G29: n/a | H29: n/a | I29: Not disclosed at this line level by SLB (acquisition impact disclosed only for company, Digital and Production Systems totals).
B30: FX impact | C30: n/a | D30: n/a | E30: n/a | F30: n/a | G30: n/a | H30: n/a | I30: SLB does not disclose an FX impact on revenue; shown as unavailable, not zero.
B31: Organic growth (ex M&A, ex FX) | C31: n/a | D31: n/a | E31: n/a | F31: n/a | G31: n/a | H31: n/a | I31: Unavailable: requires M&A and FX components that are not disclosed at this level.
B32: Total division revenue | C32: =C12+C19+C26 -> 2967 | D32: =D12+D19+D26 -> 2949 | E32: =E12+E19+E26 -> 2797 | F32: =F12+F19+F26 -> 2742 | G32: =G12+G19+G26 -> 11856 | H32: =H12+H19+H26 -> 2808.902
B33: % Y/Y | C33: =IFERROR(C32/C81-1,"n/a") -> -0.10416667 | D33: =IFERROR(D32/D81-1,"n/a") -> -0.097337006 | E33: =IFERROR(E32/E81-1,"n/a") -> -0.060463554 | F33: =IFERROR(F32/F81-1,"n/a") -> -0.074586568 | G33: =IFERROR(G32/G81-1,"n/a") -> -0.11237553 | H33: =IFERROR(H32/H81-1,"n/a") -> -0.053285474
B34: Δ Q/Q ($m) | C34: =C32-F81 -> 4 | D34: =D32-C32 -> -18 | E34: =E32-D32 -> -152 | F34: =F32-E32 -> -55 | G34: n/a | H34: =H32-F32 -> 66.902
B35: % Q/Q | C35: =IFERROR(C32/F81-1,"n/a") -> 0.0013499831 | D35: =IFERROR(D32/C32-1,"n/a") -> -0.0060667341 | E35: =IFERROR(E32/D32-1,"n/a") -> -0.051542896 | F35: =IFERROR(F32/E32-1,"n/a") -> -0.019663926 | G35: n/a | H35: =IFERROR(H32/F32-1,"n/a") -> 0.024398979
B36: ChampionX revenue in division | C36: 0 | D36: 0 | E36: 0 | F36: 0 | G36: =E82+F82+C36+D36 -> 0 | H36: 0 | I36: ChampionX revenue is reported only in Digital and Production Systems (S3–S6); zero here by disclosure.
B37: Δ Y/Y ($m) | C37: =C36-C82 -> 0 | D37: =D36-D82 -> 0 | E37: =E36-E82 -> 0 | F37: =F36-F82 -> 0 | G37: =G36-G82 -> 0 | H37: =H36-H82 -> 0
B38: Δ Q/Q ($m) | C38: =C36-F82 -> 0 | D38: =D36-C36 -> 0 | E38: =E36-D36 -> 0 | F38: =F36-E36 -> 0 | G38: n/a | H38: =H36-F36 -> 0
B39: Growth ex-ChampionX, FX-inclusive (issuer "excluding acquisition" basis) | C39: =IFERROR((C32-C36)/(C81-C82)-1,"n/a") -> -0.10416667 | D39: =IFERROR((D32-D36)/(D81-D82)-1,"n/a") -> -0.097337006 | E39: =IFERROR((E32-E36)/(E81-E82)-1,"n/a") -> -0.060463554 | F39: =IFERROR((F32-F36)/(F81-F82)-1,"n/a") -> -0.074586568 | G39: =IFERROR((G32-G36)/(G81-G82)-1,"n/a") -> -0.11237553 | H39: =IFERROR((H32-H36)/(H81-H82)-1,"n/a") -> -0.053285474 | I39: (Revenue − ChampionX revenue) / (prior-year revenue − prior-year ChampionX revenue) − 1; matches SLB "excluding the impact of this acquisition" disclosures.
B40: M&A / scope impact (ChampionX) | C40: =IFERROR((1+C33)/(1+C39)-1,"n/a") -> 0 | D40: =IFERROR((1+D33)/(1+D39)-1,"n/a") -> 0 | E40: =IFERROR((1+E33)/(1+E39)-1,"n/a") -> 0 | F40: =IFERROR((1+F33)/(1+F39)-1,"n/a") -> 0 | G40: =IFERROR((1+G33)/(1+G39)-1,"n/a") -> 0 | H40: =IFERROR((1+H33)/(1+H39)-1,"n/a") -> 0 | I40: Derived so that (1+Y/Y) = (1+M&A) × (1+growth ex-ChampionX).
B41: FX impact | C41: n/a | D41: n/a | E41: n/a | F41: n/a | G41: n/a | H41: n/a | I41: SLB does not disclose an FX impact on revenue; shown as unavailable, not zero.
B42: Organic growth (ex M&A, ex FX) = (1+Y/Y)/((1+M&A)×(1+FX))−1 | C42: n/a | D42: n/a | E42: n/a | F42: n/a | G42: n/a | H42: n/a | I42: Unavailable because FX is not disclosed; the ex-ChampionX row above is the closest disclosed organic measure (FX-inclusive).
B43: Δ International (sequential bridge) | C43: =C12-F78 -> -23 | D43: =D12-C12 -> -42 | E43: =E12-D12 -> -134 | F43: =F12-E12 -> -39 | G43: n/a | H43: =H12-F12 -> 47.432
B44: Δ North America (sequential bridge) | C44: =C19-F79 -> 15 | D44: =D19-C19 -> 29 | E44: =E19-D19 -> -8 | F44: =F19-E19 -> 1 | G44: n/a | H44: =H19-F19 -> 16.47
B45: Δ Other (sequential bridge) | C45: =C26-F80 -> 12 | D45: =D26-C26 -> -5 | E45: =E26-D26 -> -10 | F45: =F26-E26 -> -17 | G45: n/a | H45: =H26-F26 -> 3
B46: Closing revenue (opening + bridge) | C46: =C11+C43+C44+C45 -> 2967 | D46: =D11+D43+D44+D45 -> 2949 | E46: =E11+E43+E44+E45 -> 2797 | F46: =F11+F43+F44+F45 -> 2742 | G46: n/a | H46: =H11+H43+H44+H45 -> 2808.902
B47: Check: bridge closes to revenue | C47: =ROUND(C46-C32,6)=0 -> TRUE | D47: =ROUND(D46-D32,6)=0 -> TRUE | E47: =ROUND(E46-E32,6)=0 -> TRUE | F47: =ROUND(F46-F32,6)=0 -> TRUE | G47: n/a | H47: =ROUND(H46-H32,6)=0 -> TRUE
B48: Division revenue as reported (memo) | C48: 2967 | D48: 2949 | E48: 2797 | F48: 2742 | G48: 11856 | H48: n/a | I48: As-reported total for tie-out. FY figures can differ by ≤$2m from the sum of reported quarters (issuer rounding).
B49: Build − reported | C49: =C32-C48 -> 0 | D49: =D32-D48 -> 0 | E49: =E32-E48 -> 0 | F49: =F32-F48 -> 0 | G49: =G32-G48 -> 0 | H49: n/a
B50: % of SLB revenue | C50: =C32/'Revenue summary'!C63 -> 0.33232527 | D50: =D32/'Revenue summary'!D63 -> 0.30261673 | E50: =E32/'Revenue summary'!E63 -> 0.3207201 | F50: =F32/'Revenue summary'!F63 -> 0.30561748 | G50: =G32/'Revenue summary'!G63 -> 0.33201714 | H50: =H32/'Revenue summary'!H63 -> 0.3030751
B51: Profitability (pretax segment operating income and adjusted EBITDA)
B52: Pretax segment operating income | C52: 558 | D52: 550 | E52: 424 | F52: 417 | G52: =E83+F83+C52+D52 -> 2248 | H52: =H32*H53 -> 440.99761
B53: Pretax operating margin (driver) | C53: =IFERROR(C52/C32,"n/a") -> 0.18806876 | D53: =IFERROR(D52/D32,"n/a") -> 0.1865039 | E53: =IFERROR(E52/E32,"n/a") -> 0.15159099 | F53: =IFERROR(F52/F32,"n/a") -> 0.15207877 | G53: =IFERROR(G52/G32,"n/a") -> 0.18960864 | H53: 0.157 | I53: 15.2% in 1Q/2Q26 vs 18.8% in 3Q25; modest recovery with ME volume.
B54: Δ Y/Y (bp) | C54: =IFERROR((C53-C84)*10000,"n/a") -> -275.10954 | D54: =IFERROR((D53-D84)*10000,"n/a") -> -219.44218 | E54: =IFERROR((E53-E84)*10000,"n/a") -> -462.59194 | F54: =IFERROR((F53-F84)*10000,"n/a") -> -338.81401 | G54: =IFERROR((G53-G84)*10000,"n/a") -> -219.65818 | H54: =IFERROR((H53-H84)*10000,"n/a") -> -310.68756
B55: Δ Q/Q (bp) | C55: =IFERROR((C53-F84)*10000,"n/a") -> 21.085808 | D55: =IFERROR((D53-C53)*10000,"n/a") -> -15.648567 | E55: =IFERROR((E53-D53)*10000,"n/a") -> -349.12909 | F55: =IFERROR((F53-E53)*10000,"n/a") -> 4.8778427 | G55: n/a | H55: =IFERROR((H53-F53)*10000,"n/a") -> 49.212254
B56: % Y/Y | C56: =IFERROR(C52/C83-1,"n/a") -> -0.21848739 | D56: =IFERROR(D52/D83-1,"n/a") -> -0.19236417 | E56: =IFERROR(E52/E83-1,"n/a") -> -0.28013582 | F56: =IFERROR(F52/F83-1,"n/a") -> -0.24319419 | G56: =IFERROR(G52/G83-1,"n/a") -> -0.20452937 | H56: =IFERROR(H52/H83-1,"n/a") -> -0.2096817
B57: Δ Q/Q ($m) | C57: =C52-F83 -> 7 | D57: =D52-C52 -> -8 | E57: =E52-D52 -> -126 | F57: =F52-E52 -> -7 | G57: n/a | H57: =H52-F52 -> 23.997614
B58: Incremental margin Q/Q (ΔOI / Δrevenue) | C58: =IFERROR((C52-F83)/(C32-F81),"n/a") -> 1.75 | D58: =IFERROR((D52-C52)/(D32-C32),"n/a") -> 0.44444444 | E58: =IFERROR((E52-D52)/(E32-D32),"n/a") -> 0.82894737 | F58: =IFERROR((F52-E52)/(F32-E32),"n/a") -> 0.12727273 | G58: n/a | H58: =IFERROR((H52-F52)/(H32-F32),"n/a") -> 0.35869801
B59: Depreciation & amortization | C59: 170 | D59: 169 | E59: 161 | F59: 161 | G59: =E85+F85+C59+D59 -> 672 | H59: 161 | I59: Run-rate.
B60: % Y/Y | C60: =IFERROR(C59/C85-1,"n/a") -> 0.024096386 | D60: n/a | E60: =IFERROR(E59/E85-1,"n/a") -> -0.018292683 | F60: =IFERROR(F59/F85-1,"n/a") -> -0.047337278 | G60: =IFERROR(G59/G85-1,"n/a") -> 0.035439137 | H60: =IFERROR(H59/H85-1,"n/a") -> -0.052941176 | I60: n/a where the prior-year value (typically 3Q24/4Q24 or FY24 sub-line) is not disclosed in the window filings; not set to zero.
B61: Δ Q/Q ($m) | C61: =C59-F85 -> 1 | D61: =D59-C59 -> -1 | E61: =E59-D59 -> -8 | F61: =F59-E59 -> 0 | G61: n/a | H61: =H59-F59 -> 0
B62: D&A % of revenue | C62: =IFERROR(C59/C32,"n/a") -> 0.057296933 | D62: =IFERROR(D59/D32,"n/a") -> 0.057307562 | E62: =IFERROR(E59/E32,"n/a") -> 0.057561673 | F62: =IFERROR(F59/F32,"n/a") -> 0.058716265 | G62: =IFERROR(G59/G32,"n/a") -> 0.056680162 | H62: =IFERROR(H59/H32,"n/a") -> 0.05731777
B63: Δ Y/Y (bp) | C63: =IFERROR((C62-C86)*10000,"n/a") -> 71.7616 | D63: n/a | E63: =IFERROR((E62-E86)*10000,"n/a") -> 24.726574 | F63: =IFERROR((F62-F86)*10000,"n/a") -> 16.794785 | G63: =IFERROR((G62-G86)*10000,"n/a") -> 80.91407 | H63: =IFERROR((H62-H86)*10000,"n/a") -> 0.20837502
B64: Δ Q/Q (bp) | C64: =IFERROR((C62-F86)*10000,"n/a") -> 2.6014589 | D64: =IFERROR((D62-C62)*10000,"n/a") -> 0.10628957 | E64: =IFERROR((E62-D62)*10000,"n/a") -> 2.5411134 | F64: =IFERROR((F62-E62)*10000,"n/a") -> 11.545923 | G64: n/a | H64: =IFERROR((H62-F62)*10000,"n/a") -> -13.984951
B65: Net interest expense (income) inside segment | C65: 0 | D65: 0 | E65: -1 | F65: 0 | G65: =E87+F87+C65+D65 -> 0 | H65: 0 | I65: Segment-level net interest; adjusted EBITDA = pretax segment OI + D&A + net interest expense (income).
B66: Δ Y/Y ($m) | C66: =C65-C87 -> 5 | D66: n/a | E66: =E65-E87 -> -1 | F66: =F65-F87 -> 0 | G66: =G65-G87 -> 14 | H66: =H65-H87 -> 0 | I66: n/a where the prior-year value (typically 3Q24/4Q24 or FY24 sub-line) is not disclosed in the window filings; not set to zero.
B67: Δ Q/Q ($m) | C67: =C65-F87 -> 0 | D67: =D65-C65 -> 0 | E67: =E65-D65 -> -1 | F67: =F65-E65 -> 1 | G67: n/a | H67: =H65-F65 -> 0
B68: Adjusted EBITDA | C68: =C52+C59+C65 -> 728 | D68: =D52+D59+D65 -> 719 | E68: =E52+E59+E65 -> 584 | F68: =F52+F59+F65 -> 578 | G68: =G52+G59+G65 -> 2920 | H68: =H52+H59+H65 -> 601.99761
B69: % Y/Y | C69: =IFERROR(C68/C88-1,"n/a") -> -0.168 | D69: =IFERROR(D68/D88-1,"n/a") -> -0.1450654 | E69: =IFERROR(E68/E88-1,"n/a") -> -0.22443559 | F69: =IFERROR(F68/F88-1,"n/a") -> -0.19722222 | G69: =IFERROR(G68/G88-1,"n/a") -> -0.1563132 | H69: =IFERROR(H68/H88-1,"n/a") -> -0.1730802
B70: Δ Q/Q ($m) | C70: =C68-F88 -> 8 | D70: =D68-C68 -> -9 | E70: =E68-D68 -> -135 | F70: =F68-E68 -> -6 | G70: n/a | H70: =H68-F68 -> 23.997614
B71: Adjusted EBITDA margin | C71: =IFERROR(C68/C32,"n/a") -> 0.24536569 | D71: =IFERROR(D68/D32,"n/a") -> 0.24381146 | E71: =IFERROR(E68/E32,"n/a") -> 0.20879514 | F71: =IFERROR(F68/F32,"n/a") -> 0.21079504 | G71: =IFERROR(G68/G32,"n/a") -> 0.2462888 | H71: =IFERROR(H68/H32,"n/a") -> 0.21431777
B72: Δ Y/Y (bp) | C72: =IFERROR((C71-C89)*10000,"n/a") -> -188.25132 | D72: =IFERROR((D71-D89)*10000,"n/a") -> -136.1125 | E72: =IFERROR((E71-E89)*10000,"n/a") -> -441.44063 | F72: =IFERROR((F71-F89)*10000,"n/a") -> -322.01922 | G72: =IFERROR((G71-G89)*10000,"n/a") -> -128.26272 | H72: =IFERROR((H71-H89)*10000,"n/a") -> -310.47919
B73: Δ Q/Q (bp) | C73: =IFERROR((C71-F89)*10000,"n/a") -> 23.687267 | D73: =IFERROR((D71-C71)*10000,"n/a") -> -15.542277 | E73: =IFERROR((E71-D71)*10000,"n/a") -> -350.16324 | F73: =IFERROR((F71-E71)*10000,"n/a") -> 19.999025 | G73: n/a | H73: =IFERROR((H71-F71)*10000,"n/a") -> 35.227303
B74: Adjusted EBITDA as reported (memo) | C74: 728 | D74: 719 | E74: 584 | F74: 578 | G74: 2919 | H74: n/a | I74: As-reported total for tie-out. FY figures can differ by ≤$2m from the sum of reported quarters (issuer rounding).
B75: Build − reported | C75: =C68-C74 -> 0 | D75: =D68-D74 -> 0 | E75: =E68-E74 -> 0 | F75: =F68-F74 -> 0 | G75: =G68-G74 -> 1 | H75: n/a
B77: Memo: prior-year comparatives (as reported; feed Y/Y rows) | I77: Columns hold the period one year earlier: 3Q24, 4Q24, 1Q25, 2Q25, FY24; 3Q26E links to 3Q25A.
B78: International — prior year | C78: 2675 | D78: 2625 | E78: 2381 | F78: 2394 | H78: =C12 -> 2371
B79: North America — prior year | C79: 581 | D79: 583 | E79: 541 | F79: 512 | H79: =C19 -> 527
B80: Other — prior year | C80: 56 | D80: 59 | E80: 55 | F80: 57 | H80: =C26 -> 69
B81: Total division revenue — prior year | C81: =C78+C79+C80 -> 3312 | D81: =D78+D79+D80 -> 3267 | E81: =E78+E79+E80 -> 2977 | F81: =F78+F79+F80 -> 2963 | G81: 13357 | H81: =C32 -> 2967
B82: ChampionX revenue in division — prior year | C82: 0 | D82: 0 | E82: 0 | F82: 0 | G82: 0 | H82: =C36 -> 0
B83: Pretax segment operating income — prior year | C83: 714 | D83: 681 | E83: 589 | F83: 551 | G83: 2826 | H83: =C52 -> 558
B84: Pretax operating margin (driver) — prior year | C84: =IFERROR(C83/C81,"n/a") -> 0.21557971 | D84: =IFERROR(D83/D81,"n/a") -> 0.20844812 | E84: =IFERROR(E83/E81,"n/a") -> 0.19785018 | F84: =IFERROR(F83/F81,"n/a") -> 0.18596018 | G84: =IFERROR(G83/G81,"n/a") -> 0.21157446 | H84: =C53 -> 0.18806876
B85: Depreciation & amortization — prior year | C85: 166 | E85: 164 | F85: 169 | G85: 649 | H85: =C59 -> 170
B86: D&A % of revenue — prior year | C86: =IFERROR(C85/C81,"n/a") -> 0.050120773 | E86: =IFERROR(E85/E81,"n/a") -> 0.055089016 | F86: =IFERROR(F85/F81,"n/a") -> 0.057036787 | G86: =IFERROR(G85/G81,"n/a") -> 0.048588755 | H86: =C62 -> 0.057296933
B87: Net interest expense (income) inside segment — prior year | C87: -5 | E87: 0 | F87: 0 | G87: -14 | H87: =C65 -> 0
B88: Adjusted EBITDA — prior year | C88: =C83+C85+C87 -> 875 | D88: 841 | E88: =E83+E85+E87 -> 753 | F88: =F83+F85+F87 -> 720 | G88: =G83+G85+G87 -> 3461 | H88: =C68 -> 728
B89: Adjusted EBITDA margin — prior year | C89: =IFERROR(C88/C81,"n/a") -> 0.26419082 | D89: =IFERROR(D88/D81,"n/a") -> 0.25742271 | E89: =IFERROR(E88/E81,"n/a") -> 0.2529392 | F89: =IFERROR(F88/F81,"n/a") -> 0.24299696 | G89: =IFERROR(G88/G81,"n/a") -> 0.25911507 | H89: =C71 -> 0.24536569

Sheet Segment - Production Systems
B2: SLB N.V. (NYSE: SLB)
B3: Segment - Production Systems — revenue and profit build
B4: $ millions, except per share
B5: Period | C5: 3Q25A | D5: 4Q25A | E5: 1Q26A | F5: 2Q26A | G5: FY25A | H5: 3Q26E | I5: Notes
B6: Period end | C6: =DATE(2025,9,30) -> 45930 | D6: =DATE(2025,12,31) -> 46022 | E6: =DATE(2026,3,31) -> 46112 | F6: =DATE(2026,6,30) -> 46203 | G6: =DATE(2025,12,31) -> 46022 | H6: =DATE(2026,9,30) -> 46295
B7: Days in period | C7: =C6-EOMONTH(C6,-3) -> 92 | D7: =D6-EOMONTH(D6,-3) -> 92 | E7: =E6-EOMONTH(E6,-3) -> 90 | F7: =F6-EOMONTH(F6,-3) -> 91 | G7: =G6-EOMONTH(G6,-12) -> 365 | H7: =H6-EOMONTH(H6,-3) -> 92
B9: SLB does not disclose customers, units, prices or backlog by Division; the driver ladder uses the disclosed geography split (opening → changes → closing).
B10: Revenue build — sequential driver ladder by geography
B11: Opening revenue (prior quarter) | C11: =F106 -> 2932 | D11: =C32 -> 3474 | E11: =D32 -> 4078 | F11: =E32 -> 3508 | G11: n/a | H11: =F32 -> 3771 | I11: Prior-quarter revenue; 3Q25A opens from 2Q25A (prior-year memo, column F).
B12: International | C12: 2440 | D12: 2853 | E12: 2272 | F12: 2478 | G12: =E103+F103+C12+D12 -> 9702 | H12: =F12*(1+H13) -> 2564.73
B13: Sequential growth (driver) | C13: =IFERROR(C12/F103-1,"n/a") -> 0.087828801 | D13: =IFERROR(D12/C12-1,"n/a") -> 0.1692623 | E13: =IFERROR(E12/D12-1,"n/a") -> -0.20364529 | F13: =IFERROR(F12/E12-1,"n/a") -> 0.090669014 | G13: n/a | H13: 0.035 | I13: OneSubsea backlog and deepwater momentum (Baleine, Kutei North awards, S6); ME surface systems recover gradually.
B14: % Y/Y | C14: =IFERROR(C12/C103-1,"n/a") -> 0.028234303 | D14: =IFERROR(D12/D103-1,"n/a") -> 0.15459328 | E14: =IFERROR(E12/E103-1,"n/a") -> 0.048938135 | F14: =IFERROR(F12/F103-1,"n/a") -> 0.1047704 | G14: n/a | H14: =IFERROR(H12/H103-1,"n/a") -> 0.051118852 | I14: n/a where the prior-year value (typically 3Q24/4Q24 or FY24 sub-line) is not disclosed in the window filings; not set to zero.
B15: Δ Q/Q ($m) | C15: =C12-F103 -> 197 | D15: =D12-C12 -> 413 | E15: =E12-D12 -> -581 | F15: =F12-E12 -> 206 | G15: n/a | H15: =H12-F12 -> 86.73
B16: M&A / scope impact | C16: n/a | D16: n/a | E16: n/a | F16: n/a | G16: n/a | H16: n/a | I16: Not disclosed at this line level by SLB (acquisition impact disclosed only for company, Digital and Production Systems totals).
B17: FX impact | C17: n/a | D17: n/a | E17: n/a | F17: n/a | G17: n/a | H17: n/a | I17: SLB does not disclose an FX impact on revenue; shown as unavailable, not zero.
B18: Organic growth (ex M&A, ex FX) | C18: n/a | D18: n/a | E18: n/a | F18: n/a | G18: n/a | H18: n/a | I18: Unavailable: requires M&A and FX components that are not disclosed at this level.
B19: North America | C19: 1008 | D19: 1200 | E19: 1206 | F19: 1259 | G19: =E104+F104+C19+D19 -> 3564 | H19: =F19*(1+H20) -> 1303.065
B20: Sequential growth (driver) | C20: =IFERROR(C19/F104-1,"n/a") -> 0.47153285 | D20: =IFERROR(D19/C19-1,"n/a") -> 0.19047619 | E20: =IFERROR(E19/D19-1,"n/a") -> 0.005 | F20: =IFERROR(F19/E19-1,"n/a") -> 0.043946932 | G20: n/a | H20: 0.035 | I20: Artificial lift, chemicals and valves in U.S. land; DCS not in this division.
B21: % Y/Y | C21: =IFERROR(C19/C104-1,"n/a") -> 0.53424658 | D21: =IFERROR(D19/D104-1,"n/a") -> 0.85758514 | E21: =IFERROR(E19/E104-1,"n/a") -> 0.79731744 | F21: =IFERROR(F19/F104-1,"n/a") -> 0.8379562 | G21: n/a | H21: =IFERROR(H19/H104-1,"n/a") -> 0.29272321 | I21: n/a where the prior-year value (typically 3Q24/4Q24 or FY24 sub-line) is not disclosed in the window filings; not set to zero.
B22: Δ Q/Q ($m) | C22: =C19-F104 -> 323 | D22: =D19-C19 -> 192 | E22: =E19-D19 -> 6 | F22: =F19-E19 -> 53 | G22: n/a | H22: =H19-F19 -> 44.065
B23: M&A / scope impact | C23: n/a | D23: n/a | E23: n/a | F23: n/a | G23: n/a | H23: n/a | I23: Not disclosed at this line level by SLB (acquisition impact disclosed only for company, Digital and Production Systems totals).
B24: FX impact | C24: n/a | D24: n/a | E24: n/a | F24: n/a | G24: n/a | H24: n/a | I24: SLB does not disclose an FX impact on revenue; shown as unavailable, not zero.
B25: Organic growth (ex M&A, ex FX) | C25: n/a | D25: n/a | E25: n/a | F25: n/a | G25: n/a | H25: n/a | I25: Unavailable: requires M&A and FX components that are not disclosed at this level.
B26: Other | C26: 26 | D26: 25 | E26: 30 | F26: 34 | G26: =E105+F105+C26+D26 -> 59 | H26: 34 | I26: Small unallocated revenue; held near recent run-rate.
B27: % Y/Y | C27: n/a | D27: n/a | E27: n/a | F27: n/a | G27: n/a | H27: n/a | I27: Not meaningful: near-zero or negative base (see Δ rows for absolute change).
B28: Δ Q/Q ($m) | C28: =C26-F105 -> 22 | D28: =D26-C26 -> -1 | E28: =E26-D26 -> 5 | F28: =F26-E26 -> 4 | G28: n/a | H28: =H26-F26 -> 0
B29: M&A / scope impact | C29: n/a | D29: n/a | E29: n/a | F29: n/a | G29: n/a | H29: n/a | I29: Not disclosed at this line level by SLB (acquisition impact disclosed only for company, Digital and Production Systems totals).
B30: FX impact | C30: n/a | D30: n/a | E30: n/a | F30: n/a | G30: n/a | H30: n/a | I30: SLB does not disclose an FX impact on revenue; shown as unavailable, not zero.
B31: Organic growth (ex M&A, ex FX) | C31: n/a | D31: n/a | E31: n/a | F31: n/a | G31: n/a | H31: n/a | I31: Unavailable: requires M&A and FX components that are not disclosed at this level.
B32: Total division revenue | C32: =C12+C19+C26 -> 3474 | D32: =D12+D19+D26 -> 4078 | E32: =E12+E19+E26 -> 3508 | F32: =F12+F19+F26 -> 3771 | G32: =G12+G19+G26 -> 13325 | H32: =H12+H19+H26 -> 3901.795
B33: % Y/Y | C33: =IFERROR(C32/C106-1,"n/a") -> 0.143892 | D33: =IFERROR(D32/D106-1,"n/a") -> 0.30412536 | E33: =IFERROR(E32/E106-1,"n/a") -> 0.23477649 | F33: =IFERROR(F32/F106-1,"n/a") -> 0.2861528 | G33: =IFERROR(G32/G106-1,"n/a") -> 0.11646418 | H33: =IFERROR(H32/H106-1,"n/a") -> 0.12314191
B34: Δ Q/Q ($m) | C34: =C32-F106 -> 542 | D34: =D32-C32 -> 604 | E34: =E32-D32 -> -570 | F34: =F32-E32 -> 263 | G34: n/a | H34: =H32-F32 -> 130.795
B35: % Q/Q | C35: =IFERROR(C32/F106-1,"n/a") -> 0.18485675 | D35: =IFERROR(D32/C32-1,"n/a") -> 0.17386298 | E35: =IFERROR(E32/D32-1,"n/a") -> -0.1397744 | F35: =IFERROR(F32/E32-1,"n/a") -> 0.074971494 | G35: n/a | H35: =IFERROR(H32/F32-1,"n/a") -> 0.034684434
B36: ChampionX revenue in division | C36: 575 | D36: 874 | E36: 833 | F36: 865 | G36: =E107+F107+C36+D36 -> 1449 | H36: 880 | I36: 3Q25 = two months of ChampionX. 3Q26E $880m (2Q26 $865m; production chemicals and artificial lift steady-to-up).
B37: Δ Y/Y ($m) | C37: =C36-C107 -> 575 | D37: =D36-D107 -> 874 | E37: =E36-E107 -> 833 | F37: =F36-F107 -> 865 | G37: =G36-G107 -> 1449 | H37: =H36-H107 -> 305
B38: Δ Q/Q ($m) | C38: =C36-F107 -> 575 | D38: =D36-C36 -> 299 | E38: =E36-D36 -> -41 | F38: =F36-E36 -> 32 | G38: n/a | H38: =H36-F36 -> 15
B39: Growth ex-ChampionX, FX-inclusive (issuer "excluding acquisition" basis) | C39: =IFERROR((C32-C36)/(C106-C107)-1,"n/a") -> -0.045439579 | D39: =IFERROR((D32-D36)/(D106-D107)-1,"n/a") -> 0.02462424 | E39: =IFERROR((E32-E36)/(E106-E107)-1,"n/a") -> -0.05843013 | F39: =IFERROR((F32-F36)/(F106-F107)-1,"n/a") -> -0.0088676671 | G39: =IFERROR((G32-G36)/(G106-G107)-1,"n/a") -> -0.0049434437 | H39: =IFERROR((H32-H36)/(H106-H107)-1,"n/a") -> 0.04235771 | I39: (Revenue − ChampionX revenue) / (prior-year revenue − prior-year ChampionX revenue) − 1; matches SLB "excluding the impact of this acquisition" disclosures.
B40: M&A / scope impact (ChampionX) | C40: =IFERROR((1+C33)/(1+C39)-1,"n/a") -> 0.19834426 | D40: =IFERROR((1+D33)/(1+D39)-1,"n/a") -> 0.27278402 | E40: =IFERROR((1+E33)/(1+E39)-1,"n/a") -> 0.31140187 | F40: =IFERROR((1+F33)/(1+F39)-1,"n/a") -> 0.29766001 | G40: =IFERROR((1+G33)/(1+G39)-1,"n/a") -> 0.12201078 | H40: =IFERROR((1+H33)/(1+H39)-1,"n/a") -> 0.077501419 | I40: Derived so that (1+Y/Y) = (1+M&A) × (1+growth ex-ChampionX).
B41: FX impact | C41: n/a | D41: n/a | E41: n/a | F41: n/a | G41: n/a | H41: n/a | I41: SLB does not disclose an FX impact on revenue; shown as unavailable, not zero.
B42: Organic growth (ex M&A, ex FX) = (1+Y/Y)/((1+M&A)×(1+FX))−1 | C42: n/a | D42: n/a | E42: n/a | F42: n/a | G42: n/a | H42: n/a | I42: Unavailable because FX is not disclosed; the ex-ChampionX row above is the closest disclosed organic measure (FX-inclusive).
B43: Δ International (sequential bridge) | C43: =C12-F103 -> 197 | D43: =D12-C12 -> 413 | E43: =E12-D12 -> -581 | F43: =F12-E12 -> 206 | G43: n/a | H43: =H12-F12 -> 86.73
B44: Δ North America (sequential bridge) | C44: =C19-F104 -> 323 | D44: =D19-C19 -> 192 | E44: =E19-D19 -> 6 | F44: =F19-E19 -> 53 | G44: n/a | H44: =H19-F19 -> 44.065
B45: Δ Other (sequential bridge) | C45: =C26-F105 -> 22 | D45: =D26-C26 -> -1 | E45: =E26-D26 -> 5 | F45: =F26-E26 -> 4 | G45: n/a | H45: =H26-F26 -> 0
B46: Closing revenue (opening + bridge) | C46: =C11+C43+C44+C45 -> 3474 | D46: =D11+D43+D44+D45 -> 4078 | E46: =E11+E43+E44+E45 -> 3508 | F46: =F11+F43+F44+F45 -> 3771 | G46: n/a | H46: =H11+H43+H44+H45 -> 3901.795
B47: Check: bridge closes to revenue | C47: =ROUND(C46-C32,6)=0 -> TRUE | D47: =ROUND(D46-D32,6)=0 -> TRUE | E47: =ROUND(E46-E32,6)=0 -> TRUE | F47: =ROUND(F46-F32,6)=0 -> TRUE | G47: n/a | H47: =ROUND(H46-H32,6)=0 -> TRUE
B48: Division revenue as reported (memo) | C48: 3474 | D48: 4078 | E48: 3508 | F48: 3771 | G48: 13325 | H48: n/a | I48: As-reported total for tie-out. FY figures can differ by ≤$2m from the sum of reported quarters (issuer rounding).
B49: Build − reported | C49: =C32-C48 -> 0 | D49: =D32-D48 -> 0 | E49: =E32-E48 -> 0 | F49: =F32-F48 -> 0 | G49: =G32-G48 -> 0 | H49: n/a
B50: % of SLB revenue | C50: =C32/'Revenue summary'!C63 -> 0.3891129 | D50: =D32/'Revenue summary'!D63 -> 0.41847101 | E50: =E32/'Revenue summary'!E63 -> 0.40224745 | F50: =F32/'Revenue summary'!F63 -> 0.42030762 | G50: =G32/'Revenue summary'!G63 -> 0.37315523 | H50: =H32/'Revenue summary'!H63 -> 0.42099614
B51: Profitability (pretax segment operating income and adjusted EBITDA)
B52: Pretax segment operating income | C52: 559 | D52: 664 | E52: 497 | F52: 586 | G52: =E108+F108+C52+D52 -> 2185 | H52: =H32*H53 -> 624.2872
B53: Pretax operating margin (driver) | C53: =IFERROR(C52/C32,"n/a") -> 0.16090961 | D53: =IFERROR(D52/D32,"n/a") -> 0.16282491 | E53: =IFERROR(E52/E32,"n/a") -> 0.14167617 | F53: =IFERROR(F52/F32,"n/a") -> 0.15539645 | G53: =IFERROR(G52/G32,"n/a") -> 0.16397749 | H53: 0.16 | I53: ChampionX margin expanded three quarters running; 3Q26E 16.0% (3Q25 16.1%, 4Q25 16.3%).
B54: Δ Y/Y (bp) | C54: =IFERROR((C53-C109)*10000,"n/a") -> -96.534414 | D54: =IFERROR((D53-D109)*10000,"n/a") -> 0.49090701 | E54: =IFERROR((E53-E109)*10000,"n/a") -> -241.10526 | F54: =IFERROR((F53-F109)*10000,"n/a") -> -120.66036 | G54: =IFERROR((G53-G109)*10000,"n/a") -> 47.818429 | H54: =IFERROR((H53-H109)*10000,"n/a") -> -9.0961428
B55: Δ Q/Q (bp) | C55: =IFERROR((C53-F109)*10000,"n/a") -> -65.528687 | D55: =IFERROR((D53-C53)*10000,"n/a") -> 19.152999 | E55: =IFERROR((E53-D53)*10000,"n/a") -> -211.48745 | F55: =IFERROR((F53-E53)*10000,"n/a") -> 137.20278 | G55: n/a | H55: =IFERROR((H53-F53)*10000,"n/a") -> 46.035534
B56: % Y/Y | C56: =IFERROR(C52/C108-1,"n/a") -> 0.079150579 | D56: =IFERROR(D52/D108-1,"n/a") -> 0.30451866 | E56: =IFERROR(E52/E108-1,"n/a") -> 0.055201699 | F56: =IFERROR(F52/F108-1,"n/a") -> 0.19348269 | G56: =IFERROR(G52/G108-1,"n/a") -> 0.15 | H56: =IFERROR(H52/H108-1,"n/a") -> 0.11679284
B57: Δ Q/Q ($m) | C57: =C52-F108 -> 68 | D57: =D52-C52 -> 105 | E57: =E52-D52 -> -167 | F57: =F52-E52 -> 89 | G57: n/a | H57: =H52-F52 -> 38.2872
B58: Incremental margin Q/Q (ΔOI / Δrevenue) | C58: =IFERROR((C52-F108)/(C32-F106),"n/a") -> 0.12546125 | D58: =IFERROR((D52-C52)/(D32-C32),"n/a") -> 0.17384106 | E58: =IFERROR((E52-D52)/(E32-D32),"n/a") -> 0.29298246 | F58: =IFERROR((F52-E52)/(F32-E32),"n/a") -> 0.33840304 | G58: n/a | H58: =IFERROR((H52-F52)/(H32-F32),"n/a") -> 0.29272679
B59: Depreciation & amortization | C59: 131 | D59: 151 | E59: 152 | F59: 152 | G59: =E110+F110+C59+D59 -> 463 | H59: 153 | I59: Includes ChampionX intangible amortization.
B60: % Y/Y | C60: =IFERROR(C59/C110-1,"n/a") -> 0.42391304 | D60: n/a | E60: =IFERROR(E59/E110-1,"n/a") -> 0.68888889 | F60: =IFERROR(F59/F110-1,"n/a") -> 0.67032967 | G60: =IFERROR(G59/G110-1,"n/a") -> 0.33429395 | H60: =IFERROR(H59/H110-1,"n/a") -> 0.16793893 | I60: n/a where the prior-year value (typically 3Q24/4Q24 or FY24 sub-line) is not disclosed in the window filings; not set to zero.
B61: Δ Q/Q ($m) | C61: =C59-F110 -> 40 | D61: =D59-C59 -> 20 | E61: =E59-D59 -> 1 | F61: =F59-E59 -> 0 | G61: n/a | H61: =H59-F59 -> 1
B62: D&A % of revenue | C62: =IFERROR(C59/C32,"n/a") -> 0.037708693 | D62: =IFERROR(D59/D32,"n/a") -> 0.037027955 | E62: =IFERROR(E59/E32,"n/a") -> 0.043329532 | F62: =IFERROR(F59/F32,"n/a") -> 0.040307611 | G62: =IFERROR(G59/G32,"n/a") -> 0.034746717 | H62: =IFERROR(H59/H32,"n/a") -> 0.039212721
B63: Δ Y/Y (bp) | C63: =IFERROR((C62-C111)*10000,"n/a") -> 74.156408 | D63: n/a | E63: =IFERROR((E62-E111)*10000,"n/a") -> 116.50546 | F63: =IFERROR((F62-F111)*10000,"n/a") -> 92.707758 | G63: =IFERROR((G62-G111)*10000,"n/a") -> 56.72565 | H63: =IFERROR((H62-H111)*10000,"n/a") -> 15.040282
B64: Δ Q/Q (bp) | C64: =IFERROR((C62-F111)*10000,"n/a") -> 66.718582 | D64: =IFERROR((D62-C62)*10000,"n/a") -> -6.8073827 | E64: =IFERROR((E62-D62)*10000,"n/a") -> 63.015776 | F64: =IFERROR((F62-E62)*10000,"n/a") -> -30.219218 | G64: n/a | H64: =IFERROR((H62-F62)*10000,"n/a") -> -10.948894
B65: Net interest expense (income) inside segment | C65: 0 | D65: 0 | E65: -1 | F65: 0 | G65: =E112+F112+C65+D65 -> 0 | H65: 0 | I65: Segment-level net interest; adjusted EBITDA = pretax segment OI + D&A + net interest expense (income).
B66: Δ Y/Y ($m) | C66: =C65-C112 -> 1 | D66: n/a | E66: =E65-E112 -> -1 | F66: =F65-F112 -> 0 | G66: =G65-G112 -> 4 | H66: =H65-H112 -> 0 | I66: n/a where the prior-year value (typically 3Q24/4Q24 or FY24 sub-line) is not disclosed in the window filings; not set to zero.
B67: Δ Q/Q ($m) | C67: =C65-F112 -> 0 | D67: =D65-C65 -> 0 | E67: =E65-D65 -> -1 | F67: =F65-E65 -> 1 | G67: n/a | H67: =H65-F65 -> 0
B68: Adjusted EBITDA | C68: =C52+C59+C65 -> 690 | D68: =D52+D59+D65 -> 815 | E68: =E52+E59+E65 -> 648 | F68: =F52+F59+F65 -> 738 | G68: =G52+G59+G65 -> 2648 | H68: =H52+H59+H65 -> 777.2872
B69: % Y/Y | C69: =IFERROR(C68/C113-1,"n/a") -> 0.13300493 | D69: =IFERROR(D68/D113-1,"n/a") -> 0.36287625 | E69: =IFERROR(E68/E113-1,"n/a") -> 0.15508021 | F69: =IFERROR(F68/F113-1,"n/a") -> 0.26804124 | G69: =IFERROR(G68/G113-1,"n/a") -> 0.18056175 | H69: =IFERROR(H68/H113-1,"n/a") -> 0.12650319
B70: Δ Q/Q ($m) | C70: =C68-F113 -> 108 | D70: =D68-C68 -> 125 | E70: =E68-D68 -> -167 | F70: =F68-E68 -> 90 | G70: n/a | H70: =H68-F68 -> 39.2872
B71: Adjusted EBITDA margin | C71: =IFERROR(C68/C32,"n/a") -> 0.19861831 | D71: =IFERROR(D68/D32,"n/a") -> 0.19985287 | E71: =IFERROR(E68/E32,"n/a") -> 0.18472064 | F71: =IFERROR(F68/F32,"n/a") -> 0.19570406 | G71: =IFERROR(G68/G32,"n/a") -> 0.1987242 | H71: =IFERROR(H68/H32,"n/a") -> 0.19921272
B72: Δ Y/Y (bp) | C72: =IFERROR((C71-C114)*10000,"n/a") -> -19.085283 | D72: =IFERROR((D71-D114)*10000,"n/a") -> 86.152611 | E72: =IFERROR((E71-E114)*10000,"n/a") -> -127.45043 | F72: =IFERROR((F71-F114)*10000,"n/a") -> -27.952606 | G72: =IFERROR((G71-G114)*10000,"n/a") -> 107.89557 | H72: =IFERROR((H71-H114)*10000,"n/a") -> 5.944139
B73: Δ Q/Q (bp) | C73: =IFERROR((C71-F114)*10000,"n/a") -> 1.1898955 | D73: =IFERROR((D71-C71)*10000,"n/a") -> 12.345616 | E73: =IFERROR((E71-D71)*10000,"n/a") -> -151.32231 | F73: =IFERROR((F71-E71)*10000,"n/a") -> 109.83419 | G73: n/a | H73: =IFERROR((H71-F71)*10000,"n/a") -> 35.08664
B74: Adjusted EBITDA as reported (memo) | C74: 690 | D74: 815 | E74: 648 | F74: 738 | G74: 2648 | H74: n/a | I74: As-reported total for tie-out. FY figures can differ by ≤$2m from the sum of reported quarters (issuer rounding).
B75: Build − reported | C75: =C68-C74 -> 0 | D75: =D68-D74 -> 0 | E75: =E68-E74 -> 0 | F75: =F68-F74 -> 0 | G75: =G68-G74 -> 0 | H75: n/a
B76: ChampionX contribution and pro forma view
B77: ChampionX pretax operating income in division | C77: 106 | D77: 153 | E77: 148 | F77: 155 | G77: =E115+F115+C77+D77 -> 259 | H77: =H36*H80 -> 156.64
B78: Δ Y/Y ($m) | C78: =C77-C115 -> 106 | D78: =D77-D115 -> 153 | E78: =E77-E115 -> 148 | F78: =F77-F115 -> 155 | G78: =G77-G115 -> 259 | H78: =H77-H115 -> 50.64
B79: Δ Q/Q ($m) | C79: =C77-F115 -> 106 | D79: =D77-C77 -> 47 | E79: =E77-D77 -> -5 | F79: =F77-E77 -> 7 | G79: n/a | H79: =H77-F77 -> 1.64
B80: ChampionX pretax margin | C80: =IFERROR(C77/C36,"n/a") -> 0.18434783 | D80: =IFERROR(D77/D36,"n/a") -> 0.17505721 | E80: =IFERROR(E77/E36,"n/a") -> 0.17767107 | F80: =IFERROR(F77/F36,"n/a") -> 0.17919075 | G80: =IFERROR(G77/G36,"n/a") -> 0.17874396 | H80: 0.178 | I80: 2Q26 17.9%; held at 17.8%.
B81: Δ Y/Y (bp) | C81: n/a | D81: n/a | E81: n/a | F81: n/a | G81: n/a | H81: n/a
B82: Δ Q/Q (bp) | C82: n/a | D82: =IFERROR((D80-C80)*10000,"n/a") -> -92.906178 | E82: =IFERROR((E80-D80)*10000,"n/a") -> 26.138602 | F82: =IFERROR((F80-E80)*10000,"n/a") -> 15.19683 | G82: n/a | H82: =IFERROR((H80-F80)*10000,"n/a") -> -11.907514
B83: Legacy Production Systems revenue (ex-ChampionX) | C83: =C32-C36 -> 2899 | D83: =D32-D36 -> 3204 | E83: =E32-E36 -> 2675 | F83: =F32-F36 -> 2906 | G83: =G32-G36 -> 11876 | H83: =H32-H36 -> 3021.795
B84: % Y/Y | C84: =IFERROR(C83/C116-1,"n/a") -> -0.045439579 | D84: =IFERROR(D83/D116-1,"n/a") -> 0.02462424 | E84: =IFERROR(E83/E116-1,"n/a") -> -0.05843013 | F84: =IFERROR(F83/F116-1,"n/a") -> -0.0088676671 | G84: =IFERROR(G83/G116-1,"n/a") -> -0.0049434437 | H84: =IFERROR(H83/H116-1,"n/a") -> 0.04235771
B85: Δ Q/Q ($m) | C85: =C83-F116 -> -33 | D85: =D83-C83 -> 305 | E85: =E83-D83 -> -529 | F85: =F83-E83 -> 231 | G85: n/a | H85: =H83-F83 -> 115.795
B86: M&A / scope impact | C86: n/a | D86: n/a | E86: n/a | F86: n/a | G86: n/a | H86: n/a | I86: Not disclosed at this line level by SLB (acquisition impact disclosed only for company, Digital and Production Systems totals).
B87: FX impact | C87: n/a | D87: n/a | E87: n/a | F87: n/a | G87: n/a | H87: n/a | I87: SLB does not disclose an FX impact on revenue; shown as unavailable, not zero.
B88: Organic growth (ex M&A, ex FX) | C88: n/a | D88: n/a | E88: n/a | F88: n/a | G88: n/a | H88: n/a | I88: Unavailable: requires M&A and FX components that are not disclosed at this level.
B89: Legacy Production Systems pretax OI | C89: =C52-C77 -> 453 | D89: =D52-D77 -> 511 | E89: =E52-E77 -> 349 | F89: =F52-F77 -> 431 | G89: =G52-G77 -> 1926 | H89: =H52-H77 -> 467.6472
B90: % Y/Y | C90: =IFERROR(C89/C117-1,"n/a") -> -0.12548263 | D90: =IFERROR(D89/D117-1,"n/a") -> 0.0039292731 | E90: =IFERROR(E89/E117-1,"n/a") -> -0.25902335 | F90: =IFERROR(F89/F117-1,"n/a") -> -0.12219959 | G90: =IFERROR(G89/G117-1,"n/a") -> 0.013684211 | H90: =IFERROR(H89/H117-1,"n/a") -> 0.032333775
B91: Δ Q/Q ($m) | C91: =C89-F117 -> -38 | D91: =D89-C89 -> 58 | E91: =E89-D89 -> -162 | F91: =F89-E89 -> 82 | G91: n/a | H91: =H89-F89 -> 36.6472
B92: Legacy pretax margin | C92: =IFERROR(C89/C83,"n/a") -> 0.15626078 | D92: =IFERROR(D89/D83,"n/a") -> 0.15948814 | E92: =IFERROR(E89/E83,"n/a") -> 0.13046729 | F92: =IFERROR(F89/F83,"n/a") -> 0.14831383 | G92: =IFERROR(G89/G83,"n/a") -> 0.16217582 | H92: =IFERROR(H89/H83,"n/a") -> 0.15475808
B93: Δ Y/Y (bp) | C93: =IFERROR((C92-C118)*10000,"n/a") -> -143.02276 | D93: =IFERROR((D92-D118)*10000,"n/a") -> -32.876836 | E93: =IFERROR((E92-E118)*10000,"n/a") -> -353.19405 | F93: =IFERROR((F92-F118)*10000,"n/a") -> -191.48649 | G93: =IFERROR((G92-G118)*10000,"n/a") -> 29.801737 | H93: =IFERROR((H92-H118)*10000,"n/a") -> -15.02697
B94: Δ Q/Q (bp) | C94: =IFERROR((C92-F118)*10000,"n/a") -> -112.01703 | D94: =IFERROR((D92-C92)*10000,"n/a") -> 32.273602 | E94: =IFERROR((E92-D92)*10000,"n/a") -> -290.2085 | F94: =IFERROR((F92-E92)*10000,"n/a") -> 178.46544 | G94: n/a | H94: =IFERROR((H92-F92)*10000,"n/a") -> 64.442491
B95: Pro forma revenue (ChampionX owned from 1-Jan-2025) | C95: 3774 | D95: =D32 -> 4078 | E95: =E32 -> 3508 | F95: =F32 -> 3771 | G95: =E119+F119+C95+D95 -> 15282 | H95: =H32 -> 3901.795 | I95: Pro forma equals reported once ChampionX is in both periods.
B96: % Y/Y (pro forma, constant scope) | C96: =IFERROR(C95/C119-1,"n/a") -> -0.029071263 | D96: =IFERROR(D95/D119-1,"n/a") -> 0.023851368 | E96: =IFERROR(E95/E119-1,"n/a") -> -0.03890411 | F96: =IFERROR(F95/F119-1,"n/a") -> -0.0023809524 | G96: n/a | H96: =IFERROR(H95/H119-1,"n/a") -> 0.03386195 | I96: n/a where the prior-year value (typically 3Q24/4Q24 or FY24 sub-line) is not disclosed in the window filings; not set to zero.
B97: Δ Q/Q ($m) | C97: =C95-F119 -> -6 | D97: =D95-C95 -> 304 | E97: =E95-D95 -> -570 | F97: =F95-E95 -> 263 | G97: n/a | H97: =H95-F95 -> 130.795
B98: M&A / scope impact | C98: n/a | D98: n/a | E98: n/a | F98: n/a | G98: n/a | H98: n/a | I98: Not disclosed at this line level by SLB (acquisition impact disclosed only for company, Digital and Production Systems totals).
B99: FX impact | C99: n/a | D99: n/a | E99: n/a | F99: n/a | G99: n/a | H99: n/a | I99: SLB does not disclose an FX impact on revenue; shown as unavailable, not zero.
B100: Organic growth (ex M&A, ex FX) | C100: n/a | D100: n/a | E100: n/a | F100: n/a | G100: n/a | H100: n/a | I100: Unavailable: requires M&A and FX components that are not disclosed at this level.
B102: Memo: prior-year comparatives (as reported; feed Y/Y rows) | I102: Columns hold the period one year earlier: 3Q24, 4Q24, 1Q25, 2Q25, FY24; 3Q26E links to 3Q25A.
B103: International — prior year | C103: 2373 | D103: 2471 | E103: 2166 | F103: 2243 | H103: =C12 -> 2440
...

Sheet Segment - All Other
B2: SLB N.V. (NYSE: SLB)
B3: Segment - All Other — APS, Data Center Solutions, SLB Capturi
B4: $ millions, except per share
B5: Period | C5: 3Q25A | D5: 4Q25A | E5: 1Q26A | F5: 2Q26A | G5: FY25A | H5: 3Q26E | I5: Notes
B6: Period end | C6: =DATE(2025,9,30) -> 45930 | D6: =DATE(2025,12,31) -> 46022 | E6: =DATE(2026,3,31) -> 46112 | F6: =DATE(2026,6,30) -> 46203 | G6: =DATE(2025,12,31) -> 46022 | H6: =DATE(2026,9,30) -> 46295
B7: Days in period | C7: =C6-EOMONTH(C6,-3) -> 92 | D7: =D6-EOMONTH(D6,-3) -> 92 | E7: =E6-EOMONTH(E6,-3) -> 90 | F7: =F6-EOMONTH(F6,-3) -> 91 | G7: =G6-EOMONTH(G6,-12) -> 365 | H7: =H6-EOMONTH(H6,-3) -> 92
B9: Revenue build (Data Center Solutions disclosed; APS + Capturi derived)
B10: Opening revenue (prior quarter) | C10: =F74 -> 583 | D10: =C29 -> 397 | E10: =D29 -> 445 | F10: =E29 -> 443 | G10: n/a | H10: =F29 -> 505 | I10: Prior-quarter revenue; 3Q25A opens from 2Q25A (prior-year memo, column F).
B11: Data Center Solutions revenue — 9M25 YTD as reported (memo) | C11: 331 | I11: 9M25 year-to-date memo (Jan–Sep 2025), not a 3Q25 quarterly figure; used only to derive 3Q25 DCS in C12.
B12: Data Center Solutions (DCS) revenue | C12: =C11-E72-F72 -> 130 | D12: 128 | E12: 141 | F12: 186 | G12: =E72+F72+C12+D12 -> 459 | H12: =F12*(1+H13) -> 215.76 | I12: 3Q25 = 9M25 YTD less 1Q25 and 2Q25 (formula).
B13: Sequential growth (driver) | C13: =IFERROR(C12/F72-1,"n/a") -> 0.25 | D13: =IFERROR(D12/C12-1,"n/a") -> -0.015384615 | E13: =IFERROR(E12/D12-1,"n/a") -> 0.1015625 | F13: =IFERROR(F12/E12-1,"n/a") -> 0.31914894 | G13: n/a | H13: 0.16 | I13: Needs ~$250m/qtr by 4Q26 for the >$1bn annualised exit-rate target (S6/S7); backlog "ahead of expectations" — +16% q/q.
B14: % Y/Y | C14: n/a | D14: =IFERROR(D12/D72-1,"n/a") -> 0.82857143 | E14: =IFERROR(E12/E72-1,"n/a") -> 0.45360825 | F14: =IFERROR(F12/F72-1,"n/a") -> 0.78846154 | G14: =IFERROR(G12/G72-1,"n/a") -> 1.2067308 | H14: =IFERROR(H12/H72-1,"n/a") -> 0.65969231 | I14: n/a where the prior-year value (typically 3Q24/4Q24 or FY24 sub-line) is not disclosed in the window filings; not set to zero.
B15: Δ Q/Q ($m) | C15: =C12-F72 -> 26 | D15: =D12-C12 -> -2 | E15: =E12-D12 -> 13 | F15: =F12-E12 -> 45 | G15: n/a | H15: =H12-F12 -> 29.76
B16: M&A / scope impact | C16: n/a | D16: n/a | E16: n/a | F16: n/a | G16: n/a | H16: n/a | I16: Not disclosed at this line level by SLB (acquisition impact disclosed only for company, Digital and Production Systems totals).
B17: FX impact | C17: n/a | D17: n/a | E17: n/a | F17: n/a | G17: n/a | H17: n/a | I17: SLB does not disclose an FX impact on revenue; shown as unavailable, not zero.
B18: Organic growth (ex M&A, ex FX) | C18: n/a | D18: n/a | E18: n/a | F18: n/a | G18: n/a | H18: n/a | I18: Unavailable: requires M&A and FX components that are not disclosed at this level.
B19: DCS annualised run-rate (quarter × 4) | C19: =C12*4 -> 520 | D19: =D12*4 -> 512 | E19: =E12*4 -> 564 | F19: =F12*4 -> 744 | G19: n/a | H19: =H12*4 -> 863.04
B20: DCS run-rate vs $1bn exit-2026 target (Guidance tab) | C20: =C19/Guidance!$G$34 -> 0.52 | D20: =D19/Guidance!$G$34 -> 0.512 | E20: =E19/Guidance!$G$34 -> 0.564 | F20: =F19/Guidance!$G$34 -> 0.744 | G20: n/a | H20: =H19/Guidance!$G$34 -> 0.86304
B21: All Other revenue as reported (memo) | C21: 397 | D21: 445 | E21: 443 | F21: 505 | G21: 1987 | H21: n/a
B22: APS, SLB Capturi and other (derived) | C22: =C21-C12 -> 267 | D22: =D21-D12 -> 317 | E22: =E21-E12 -> 302 | F22: =F21-F12 -> 319 | G22: =E73+F73+C22+D22 -> 1528 | H22: =F22*(1+H23) -> 315.81 | I22: All Other revenue less DCS; APS flat q/q in 2Q26 (S6).
B23: Sequential growth (driver) | C23: =IFERROR(C22/F73-1,"n/a") -> -0.44258873 | D23: =IFERROR(D22/C22-1,"n/a") -> 0.18726592 | E23: =IFERROR(E22/D22-1,"n/a") -> -0.047318612 | F23: =IFERROR(F22/E22-1,"n/a") -> 0.056291391 | G23: n/a | H23: -0.01 | I23: APS Ecuador steady; Capturi milestones lower.
B24: % Y/Y | C24: n/a | D24: =IFERROR(D22/D73-1,"n/a") -> -0.38085938 | E24: =IFERROR(E22/E73-1,"n/a") -> -0.35053763 | F24: =IFERROR(F22/F73-1,"n/a") -> -0.33402923 | G24: =IFERROR(G22/G73-1,"n/a") -> -0.19958093 | H24: =IFERROR(H22/H73-1,"n/a") -> 0.18280899 | I24: n/a where the prior-year value (typically 3Q24/4Q24 or FY24 sub-line) is not disclosed in the window filings; not set to zero.
B25: Δ Q/Q ($m) | C25: =C22-F73 -> -212 | D25: =D22-C22 -> 50 | E25: =E22-D22 -> -15 | F25: =F22-E22 -> 17 | G25: n/a | H25: =H22-F22 -> -3.19
B26: M&A / scope impact | C26: n/a | D26: n/a | E26: n/a | F26: n/a | G26: n/a | H26: n/a | I26: Not disclosed at this line level by SLB (acquisition impact disclosed only for company, Digital and Production Systems totals).
B27: FX impact | C27: n/a | D27: n/a | E27: n/a | F27: n/a | G27: n/a | H27: n/a | I27: SLB does not disclose an FX impact on revenue; shown as unavailable, not zero.
B28: Organic growth (ex M&A, ex FX) | C28: n/a | D28: n/a | E28: n/a | F28: n/a | G28: n/a | H28: n/a | I28: Unavailable: requires M&A and FX components that are not disclosed at this level.
B29: Total All Other revenue | C29: =C12+C22 -> 397 | D29: =D12+D22 -> 445 | E29: =E12+E22 -> 443 | F29: =F12+F22 -> 505 | G29: =G12+G22 -> 1987 | H29: =H12+H22 -> 531.57
B30: % Y/Y | C30: =IFERROR(C29/C74-1,"n/a") -> -0.2833935 | D30: =IFERROR(D29/D74-1,"n/a") -> -0.23539519 | E30: =IFERROR(E29/E74-1,"n/a") -> -0.21174377 | F30: =IFERROR(F29/F74-1,"n/a") -> -0.13379074 | G30: =IFERROR(G29/G74-1,"n/a") -> -0.061407652 | H30: =IFERROR(H29/H74-1,"n/a") -> 0.33896725
B31: Δ Q/Q ($m) | C31: =C29-F74 -> -186 | D31: =D29-C29 -> 48 | E31: =E29-D29 -> -2 | F31: =F29-E29 -> 62 | G31: n/a | H31: =H29-F29 -> 26.57
B32: % Q/Q | C32: =IFERROR(C29/F74-1,"n/a") -> -0.31903945 | D32: =IFERROR(D29/C29-1,"n/a") -> 0.1209068 | E32: =IFERROR(E29/D29-1,"n/a") -> -0.004494382 | F32: =IFERROR(F29/E29-1,"n/a") -> 0.13995485 | G32: n/a | H32: =IFERROR(H29/F29-1,"n/a") -> 0.052613861
B33: ChampionX revenue in All Other | C33: 0 | D33: 0 | E33: 0 | F33: 0 | G33: =E75+F75+C33+D33 -> 0 | H33: 0 | I33: None by disclosure.
B34: Growth ex-ChampionX, FX-inclusive (issuer "excluding acquisition" basis) | C34: =IFERROR((C29-C33)/(C74-C75)-1,"n/a") -> -0.2833935 | D34: =IFERROR((D29-D33)/(D74-D75)-1,"n/a") -> -0.23539519 | E34: =IFERROR((E29-E33)/(E74-E75)-1,"n/a") -> -0.21174377 | F34: =IFERROR((F29-F33)/(F74-F75)-1,"n/a") -> -0.13379074 | G34: =IFERROR((G29-G33)/(G74-G75)-1,"n/a") -> -0.061407652 | H34: =IFERROR((H29-H33)/(H74-H75)-1,"n/a") -> 0.33896725 | I34: (Revenue − ChampionX revenue) / (prior-year revenue − prior-year ChampionX revenue) − 1; matches SLB "excluding the impact of this acquisition" disclosures.
B35: M&A / scope impact (ChampionX) | C35: =IFERROR((1+C30)/(1+C34)-1,"n/a") -> 0 | D35: =IFERROR((1+D30)/(1+D34)-1,"n/a") -> 0 | E35: =IFERROR((1+E30)/(1+E34)-1,"n/a") -> 0 | F35: =IFERROR((1+F30)/(1+F34)-1,"n/a") -> 0 | G35: =IFERROR((1+G30)/(1+G34)-1,"n/a") -> 0 | H35: =IFERROR((1+H30)/(1+H34)-1,"n/a") -> 0 | I35: Derived so that (1+Y/Y) = (1+M&A) × (1+growth ex-ChampionX).
B36: FX impact | C36: n/a | D36: n/a | E36: n/a | F36: n/a | G36: n/a | H36: n/a | I36: SLB does not disclose an FX impact on revenue; shown as unavailable, not zero.
B37: Organic growth (ex M&A, ex FX) = (1+Y/Y)/((1+M&A)×(1+FX))−1 | C37: n/a | D37: n/a | E37: n/a | F37: n/a | G37: n/a | H37: n/a | I37: Unavailable because FX is not disclosed; the ex-ChampionX row above is the closest disclosed organic measure (FX-inclusive).
B38: Δ Data Center Solutions (sequential bridge) | C38: =C12-F72 -> 26 | D38: =D12-C12 -> -2 | E38: =E12-D12 -> 13 | F38: =F12-E12 -> 45 | G38: n/a | H38: =H12-F12 -> 29.76
B39: Δ APS, Capturi & other (sequential bridge) | C39: =C22-F73 -> -212 | D39: =D22-C22 -> 50 | E39: =E22-D22 -> -15 | F39: =F22-E22 -> 17 | G39: n/a | H39: =H22-F22 -> -3.19
B40: Closing revenue (opening + bridge) | C40: =C10+C38+C39 -> 397 | D40: =D10+D38+D39 -> 445 | E40: =E10+E38+E39 -> 443 | F40: =F10+F38+F39 -> 505 | G40: n/a | H40: =H10+H38+H39 -> 531.57
B41: Check: bridge closes to revenue | C41: =ROUND(C40-C29,6)=0 -> TRUE | D41: =ROUND(D40-D29,6)=0 -> TRUE | E41: =ROUND(E40-E29,6)=0 -> TRUE | F41: =ROUND(F40-F29,6)=0 -> TRUE | G41: n/a | H41: =ROUND(H40-H29,6)=0 -> TRUE
B42: DCS % of All Other revenue | C42: =C12/C29 -> 0.32745592 | D42: =D12/D29 -> 0.28764045 | E42: =E12/E29 -> 0.31828442 | F42: =F12/F29 -> 0.36831683 | G42: =G12/G29 -> 0.23100151 | H42: =H12/H29 -> 0.40589198
B43: % of SLB revenue | C43: =C29/'Revenue summary'!C63 -> 0.044466846 | D43: =D29/'Revenue summary'!D63 -> 0.045664443 | E43: =E29/'Revenue summary'!E63 -> 0.050796927 | F43: =F29/'Revenue summary'!F63 -> 0.056286224 | G43: =G29/'Revenue summary'!G63 -> 0.055644235 | H43: =H29/'Revenue summary'!H63 -> 0.057355376
B44: Geography split | C44: n/a | D44: n/a | E44: n/a | F44: n/a | G44: n/a | H44: n/a | I44: SLB does not disclose All Other revenue by geography.
B45: Profitability (pretax segment operating income and adjusted EBITDA)
B46: Pretax segment operating income | C46: 96 | D46: 85 | E46: 113 | F46: 142 | G46: =E76+F76+C46+D46 -> 498 | H46: =H29*H47 -> 138.2082
B47: Pretax operating margin (driver) | C47: =IFERROR(C46/C29,"n/a") -> 0.2418136 | D47: =IFERROR(D46/D29,"n/a") -> 0.19101124 | E47: =IFERROR(E46/E29,"n/a") -> 0.25507901 | F47: =IFERROR(F46/F29,"n/a") -> 0.28118812 | G47: =IFERROR(G46/G29,"n/a") -> 0.25062909 | H47: 0.26 | I47: 2Q26 28.2% on DCS profitability; 26% for mix and Capturi.
B48: Δ Y/Y (bp) | C48: =IFERROR((C47-C77)*10000,"n/a") -> -975.36578 | D48: =IFERROR((D47-D77)*10000,"n/a") -> -1302.9461 | E48: =IFERROR((E47-E77)*10000,"n/a") -> -331.77221 | F48: =IFERROR((F47-F77)*10000,"n/a") -> 153.2191 | G48: =IFERROR((G47-G77)*10000,"n/a") -> -1154.5499 | H48: =IFERROR((H47-H77)*10000,"n/a") -> 181.86398
B49: Δ Q/Q (bp) | C49: =IFERROR((C47-F77)*10000,"n/a") -> -240.52607 | D49: =IFERROR((D47-C47)*10000,"n/a") -> -508.02366 | E49: =IFERROR((E47-D47)*10000,"n/a") -> 640.67771 | F49: =IFERROR((F47-E47)*10000,"n/a") -> 261.09112 | G49: n/a | H49: =IFERROR((H47-F47)*10000,"n/a") -> -211.88119
B50: % Y/Y | C50: =IFERROR(C46/C76-1,"n/a") -> -0.4893617 | D50: =IFERROR(D46/D76-1,"n/a") -> -0.54545455 | E50: =IFERROR(E46/E76-1,"n/a") -> -0.30246914 | F50: =IFERROR(F46/F76-1,"n/a") -> -0.083870968 | G50: =IFERROR(G46/G76-1,"n/a") -> -0.35741935 | H50: =IFERROR(H46/H76-1,"n/a") -> 0.43966875
B51: Δ Q/Q ($m) | C51: =C46-F76 -> -59 | D51: =D46-C46 -> -11 | E51: =E46-D46 -> 28 | F51: =F46-E46 -> 29 | G51: n/a | H51: =H46-F46 -> -3.7918
B52: Incremental margin Q/Q (ΔOI / Δrevenue) | C52: =IFERROR((C46-F76)/(C29-F74),"n/a") -> 0.3172043 | D52: =IFERROR((D46-C46)/(D29-C29),"n/a") -> -0.22916667 | E52: =IFERROR((E46-D46)/(E29-D29),"n/a") -> -14 | F52: =IFERROR((F46-E46)/(F29-E29),"n/a") -> 0.46774194 | G52: n/a | H52: =IFERROR((H46-F46)/(H29-F29),"n/a") -> -0.14270982
B53: Depreciation & amortization | C53: =C68-C46-C59 -> 62 | D53: 85 | E53: 84 | F53: 85 | G53: =E78+F78+C53+D53 -> 375 | H53: 85 | I53: 3Q25 D&A derived as reported EBITDA − OI − net interest (All Other D&A not tabulated in the 3Q25 release).
B54: % Y/Y | C54: n/a | D54: n/a | E54: =IFERROR(E53/E78-1,"n/a") -> -0.24324324 | F54: =IFERROR(F53/F78-1,"n/a") -> -0.27350427 | G54: =IFERROR(G53/G78-1,"n/a") -> -0.22360248 | H54: =IFERROR(H53/H78-1,"n/a") -> 0.37096774 | I54: n/a where the prior-year value (typically 3Q24/4Q24 or FY24 sub-line) is not disclosed in the window filings; not set to zero.
B55: Δ Q/Q ($m) | C55: =C53-F78 -> -55 | D55: =D53-C53 -> 23 | E55: =E53-D53 -> -1 | F55: =F53-E53 -> 1 | G55: n/a | H55: =H53-F53 -> 0
B56: D&A % of revenue | C56: =IFERROR(C53/C29,"n/a") -> 0.15617128 | D56: =IFERROR(D53/D29,"n/a") -> 0.19101124 | E56: =IFERROR(E53/E29,"n/a") -> 0.18961625 | F56: =IFERROR(F53/F29,"n/a") -> 0.16831683 | G56: =IFERROR(G53/G29,"n/a") -> 0.18872672 | H56: =IFERROR(H53/H29,"n/a") -> 0.15990368
B57: Δ Y/Y (bp) | C57: n/a | D57: n/a | E57: =IFERROR((E56-E79)*10000,"n/a") -> -78.92644 | F57: =IFERROR((F56-F79)*10000,"n/a") -> -323.69275 | G57: =IFERROR((G56-G79)*10000,"n/a") -> -394.26323 | H57: =IFERROR((H56-H79)*10000,"n/a") -> 37.323969
B58: Δ Q/Q (bp) | C58: =IFERROR((C56-F79)*10000,"n/a") -> -445.14822 | D58: =IFERROR((D56-C56)*10000,"n/a") -> 348.39951 | E58: =IFERROR((E56-D56)*10000,"n/a") -> -13.949831 | F58: =IFERROR((F56-E56)*10000,"n/a") -> -212.99421 | G58: n/a | H58: =IFERROR((H56-F56)*10000,"n/a") -> -84.131501
B59: Net interest expense (income) inside segment | C59: 0 | D59: 0 | E59: 0 | F59: 0 | G59: =E80+F80+C59+D59 -> 6 | H59: 0 | I59: Segment-level net interest; adjusted EBITDA = pretax segment OI + D&A + net interest expense (income).
B60: Δ Y/Y ($m) | C60: n/a | D60: n/a | E60: =E59-E80 -> -3 | F60: =F59-F80 -> -3 | G60: =G59-G80 -> -7 | H60: =H59-H80 -> 0 | I60: n/a where the prior-year value (typically 3Q24/4Q24 or FY24 sub-line) is not disclosed in the window filings; not set to zero.
B61: Δ Q/Q ($m) | C61: =C59-F80 -> -3 | D61: =D59-C59 -> 0 | E61: =E59-D59 -> 0 | F61: =F59-E59 -> 0 | G61: n/a | H61: =H59-F59 -> 0
B62: Adjusted EBITDA | C62: =C46+C53+C59 -> 158 | D62: =D46+D53+D59 -> 170 | E62: =E46+E53+E59 -> 197 | F62: =F46+F53+F59 -> 227 | G62: =G46+G53+G59 -> 879 | H62: =H46+H53+H59 -> 223.2082
B63: % Y/Y | C63: n/a | D63: =IFERROR(D62/D81-1,"n/a") -> -0.4637224 | E63: =IFERROR(E62/E81-1,"n/a") -> -0.28623188 | F63: =IFERROR(F62/F81-1,"n/a") -> -0.17454545 | G63: =IFERROR(G62/G81-1,"n/a") -> -0.30841857 | H63: =IFERROR(H62/H81-1,"n/a") -> 0.41271013 | I63: n/a where the prior-year value (typically 3Q24/4Q24 or FY24 sub-line) is not disclosed in the window filings; not set to zero.
B64: Δ Q/Q ($m) | C64: =C62-F81 -> -117 | D64: =D62-C62 -> 12 | E64: =E62-D62 -> 27 | F64: =F62-E62 -> 30 | G64: n/a | H64: =H62-F62 -> -3.7918
B65: Adjusted EBITDA margin | C65: =IFERROR(C62/C29,"n/a") -> 0.39798489 | D65: =IFERROR(D62/D29,"n/a") -> 0.38202247 | E65: =IFERROR(E62/E29,"n/a") -> 0.44469526 | F65: =IFERROR(F62/F29,"n/a") -> 0.44950495 | G65: =IFERROR(G62/G29,"n/a") -> 0.44237544 | H65: =IFERROR(H62/H29,"n/a") -> 0.41990368
B66: Δ Y/Y (bp) | C66: n/a | D66: =IFERROR((D65-D82)*10000,"n/a") -> -1626.5107 | E66: =IFERROR((E65-E82)*10000,"n/a") -> -464.07943 | F66: =IFERROR((F65-F82)*10000,"n/a") -> -221.93163 | G66: =IFERROR((G65-G82)*10000,"n/a") -> -1580.0245 | H66: =IFERROR((H65-H82)*10000,"n/a") -> 219.18795
B67: Δ Q/Q (bp) | C67: =IFERROR((C65-F82)*10000,"n/a") -> -737.13227 | D67: =IFERROR((D65-C65)*10000,"n/a") -> -159.62415 | E67: =IFERROR((E65-D65)*10000,"n/a") -> 626.72788 | F67: =IFERROR((F65-E65)*10000,"n/a") -> 48.096909 | G67: n/a | H67: =IFERROR((H65-F65)*10000,"n/a") -> -296.01269
B68: Adjusted EBITDA as reported (memo) | C68: 158 | D68: 170 | E68: 197 | F68: 227 | G68: 880 | H68: n/a | I68: As-reported total for tie-out. FY figures can differ by ≤$2m from the sum of reported quarters (issuer rounding).
B69: Build − reported | C69: =C62-C68 -> 0 | D69: =D62-D68 -> 0 | E69: =E62-E68 -> 0 | F69: =F62-F68 -> 0 | G69: =G62-G68 -> -1 | H69: n/a
B71: Memo: prior-year comparatives (as reported; feed Y/Y rows) | I71: Columns hold the period one year earlier: 3Q24, 4Q24, 1Q25, 2Q25, FY24; 3Q26E links to 3Q25A.
B72: Data Center Solutions (DCS) revenue — prior year | D72: 70 | E72: 97 | F72: 104 | G72: 208 | H72: =C12 -> 130
B73: APS, SLB Capturi and other (derived) — prior year | D73: =D74-D72 -> 512 | E73: =E74-E72 -> 465 | F73: =F74-F72 -> 479 | G73: =G74-G72 -> 1909 | H73: =C22 -> 267
B74: Total All Other revenue — prior year | C74: 554 | D74: 582 | E74: 562 | F74: 583 | G74: 2117 | H74: =C29 -> 397
B75: ChampionX revenue in All Other — prior year | C75: 0 | D75: 0 | E75: 0 | F75: 0 | G75: 0 | H75: =C33 -> 0
B76: Pretax segment operating income — prior year | C76: 188 | D76: 187 | E76: 162 | F76: 155 | G76: 775 | H76: =C46 -> 96
B77: Pretax operating margin (driver) — prior year | C77: =IFERROR(C76/C74,"n/a") -> 0.33935018 | D77: =IFERROR(D76/D74,"n/a") -> 0.32130584 | E77: =IFERROR(E76/E74,"n/a") -> 0.28825623 | F77: =IFERROR(F76/F74,"n/a") -> 0.26586621 | G77: =IFERROR(G76/G74,"n/a") -> 0.36608408 | H77: =C47 -> 0.2418136
B78: Depreciation & amortization — prior year | E78: 111 | F78: 117 | G78: 483 | H78: =C53 -> 62
B79: D&A % of revenue — prior year | E79: =IFERROR(E78/E74,"n/a") -> 0.1975089 | F79: =IFERROR(F78/F74,"n/a") -> 0.20068611 | G79: =IFERROR(G78/G74,"n/a") -> 0.22815305 | H79: =C56 -> 0.15617128
B80: Net interest expense (income) inside segment — prior year | E80: 3 | F80: 3 | G80: 13 | H80: =C59 -> 0
B81: Adjusted EBITDA — prior year | D81: 317 | E81: =E76+E78+E80 -> 276 | F81: =F76+F78+F80 -> 275 | G81: =G76+G78+G80 -> 1271 | H81: =C62 -> 158
B82: Adjusted EBITDA margin — prior year | D82: =IFERROR(D81/D74,"n/a") -> 0.54467354 | E82: =IFERROR(E81/E74,"n/a") -> 0.4911032 | F82: =IFERROR(F81/F74,"n/a") -> 0.47169811 | G82: =IFERROR(G81/G74,"n/a") -> 0.60037789 | H82: =C65 -> 0.39798489

Sheet Income Statement
B2: SLB N.V. (NYSE: SLB)
B3: Income Statement
B4: $ millions, except per share
B5: Period | C5: 3Q25A | D5: 4Q25A | E5: 1Q26A | F5: 2Q26A | G5: FY25A | H5: 3Q26E | I5: Notes
B6: Period end | C6: =DATE(2025,9,30) -> 45930 | D6: =DATE(2025,12,31) -> 46022 | E6: =DATE(2026,3,31) -> 46112 | F6: =DATE(2026,6,30) -> 46203 | G6: =DATE(2025,12,31) -> 46022 | H6: =DATE(2026,9,30) -> 46295
B7: Days in period | C7: =C6-EOMONTH(C6,-3) -> 92 | D7: =D6-EOMONTH(D6,-3) -> 92 | E7: =E6-EOMONTH(E6,-3) -> 90 | F7: =F6-EOMONTH(F6,-3) -> 91 | G7: =G6-EOMONTH(G6,-12) -> 365 | H7: =H6-EOMONTH(H6,-3) -> 92
B9: Income statement — GAAP, as reported
B10: Revenue | C10: ='Revenue summary'!C63 -> 8928 | D10: ='Revenue summary'!D63 -> 9745 | E10: ='Revenue summary'!E63 -> 8721 | F10: ='Revenue summary'!F63 -> 8972 | G10: ='Revenue summary'!G63 -> 35709 | H10: ='Revenue summary'!H63 -> 9268.0065
B11: % Y/Y | C11: =IFERROR(C10/C235-1,"n/a") -> -0.025221094 | D11: =IFERROR(D10/D235-1,"n/a") -> 0.049655321 | E11: =IFERROR(E10/E235-1,"n/a") -> 0.027208481 | F11: =IFERROR(F10/F235-1,"n/a") -> 0.049847882 | G11: =IFERROR(G10/G235-1,"n/a") -> -0.015982805 | H11: =IFERROR(H10/H235-1,"n/a") -> 0.038083167
B12: % Q/Q | C12: =IFERROR(C10/F235-1,"n/a") -> 0.044699275 | D12: =IFERROR(D10/C10-1,"n/a") -> 0.091509857 | E12: =IFERROR(E10/D10-1,"n/a") -> -0.10507953 | F12: =IFERROR(F10/E10-1,"n/a") -> 0.028781103 | G12: n/a | H12: =IFERROR(H10/F10-1,"n/a") -> 0.032992255
B13: Growth ex-ChampionX, FX-inclusive (Revenue summary) | C13: ='Revenue summary'!C74 -> -0.088437602 | D13: ='Revenue summary'!D74 -> -0.045023697 | E13: ='Revenue summary'!E74 -> -0.071495878 | F13: ='Revenue summary'!F74 -> -0.051954131 | G13: ='Revenue summary'!G74 -> -0.056160269 | H13: ='Revenue summary'!H74 -> 0.0040731242
B14: M&A / scope impact (ChampionX) | C14: ='Revenue summary'!C75 -> 0.069349623 | D14: ='Revenue summary'!D75 -> 0.099142793 | E14: ='Revenue summary'!E75 -> 0.10630471 | F14: ='Revenue summary'!F75 -> 0.10738089 | G14: ='Revenue summary'!G75 -> 0.0425681 | H14: ='Revenue summary'!H75 -> 0.033872078
B15: FX impact | C15: n/a | D15: n/a | E15: n/a | F15: n/a | G15: n/a | H15: n/a | I15: Not disclosed by SLB.
B16: Organic growth (ex M&A, ex FX) | C16: n/a | D16: n/a | E16: n/a | F16: n/a | G16: n/a | H16: n/a | I16: Unavailable (FX not disclosed).
B17: Interest & other income | C17: 78 | D17: 73 | E17: 43 | F17: 76 | G17: =E236+F236+C17+D17 -> 481 | H17: =H20+H23 -> 73
B18: % Y/Y | C18: =IFERROR(C17/C236-1,"n/a") -> -0.1875 | D18: =IFERROR(D17/D236-1,"n/a") -> -0.36521739 | E18: =IFERROR(E17/E236-1,"n/a") -> -0.44871795 | F18: =IFERROR(F17/F236-1,"n/a") -> -0.6984127 | G18: =IFERROR(G17/G236-1,"n/a") -> 0.26578947 | H18: =IFERROR(H17/H236-1,"n/a") -> -0.064102564
B19: Δ Q/Q ($m) | C19: =C17-F236 -> -174 | D19: =D17-C17 -> -5 | E19: =E17-D17 -> -30 | F19: =F17-E17 -> 33 | G19: n/a | H19: =H17-F17 -> -3
B20: of which: interest income (total) | C20: 37 | D20: 31 | E20: 25 | F20: 29 | G20: =E237+F237+C20+D20 -> 134 | H20: =H140+H162 -> 28
B21: % Y/Y | C21: =IFERROR(C20/C237-1,"n/a") -> -0.28846154 | D21: =IFERROR(D20/D237-1,"n/a") -> -0.32608696 | E21: =IFERROR(E20/E237-1,"n/a") -> -0.30555556 | F21: =IFERROR(F20/F237-1,"n/a") -> -0.033333333 | G21: =IFERROR(G20/G237-1,"n/a") -> -0.22988506 | H21: =IFERROR(H20/H237-1,"n/a") -> -0.24324324
B22: Δ Q/Q ($m) | C22: =C20-F237 -> 7 | D22: =D20-C20 -> -6 | E22: =E20-D20 -> -6 | F22: =F20-E20 -> 4 | G22: n/a | H22: =H20-F20 -> -1
B23: of which: equity-method earnings & other (derived) | C23: =C17-C20 -> 41 | D23: =D17-D20 -> 42 | E23: =E17-E20 -> 18 | F23: =F17-F20 -> 47 | G23: =G17-G20 -> 347 | H23: 45 | I23: 3Q26E $45m (2Q26 $47m; 3Q25 $41m).
B24: Δ Y/Y ($m) | C24: =C23-C238 -> -3 | D24: =D23-D238 -> -27 | E24: =E23-E238 -> -24 | F24: =F23-F238 -> -175 | G24: =G23-G238 -> 141 | H24: =H23-H238 -> 4
B25: Δ Q/Q ($m) | C25: =C23-F238 -> -181 | D25: =D23-C23 -> 1 | E25: =E23-D23 -> -24 | F25: =F23-E23 -> 29 | G25: n/a | H25: =H23-F23 -> -2
B26: Expenses
B27: Cost of revenue | C27: 7370 | D27: 8017 | E27: 7390 | F27: 7577 | G27: =E239+F239+C27+D27 -> 29205 | H27: =H10+H17-H39-H45-H51-H54-H57-H60-H64 -> 7751.9206 | I27: 3Q26E is implied by the segment build: revenue + other income − other expense lines − pretax income from the segment bridge.
B28: % Y/Y | C28: =IFERROR(C27/C239-1,"n/a") -> 0.018377781 | D28: =IFERROR(D27/D239-1,"n/a") -> 0.094919421 | E28: =IFERROR(E27/E239-1,"n/a") -> 0.073503777 | F28: =IFERROR(F27/F239-1,"n/a") -> 0.092731468 | G28: =IFERROR(G27/G239-1,"n/a") -> 0.013042423 | H28: =IFERROR(H27/H239-1,"n/a") -> 0.051820983
B29: Δ Q/Q ($m) | C29: =C27-F239 -> 436 | D29: =D27-C27 -> 647 | E29: =E27-D27 -> -627 | F29: =F27-E27 -> 187 | G29: n/a | H29: =H27-F27 -> 174.92064
B30: Cost of revenue % of revenue | C30: =IFERROR(C27/C10,"n/a") -> 0.82549283 | D30: =IFERROR(D27/D10,"n/a") -> 0.8226783 | E30: =IFERROR(E27/E10,"n/a") -> 0.84737989 | F30: =IFERROR(F27/F10,"n/a") -> 0.84451627 | G30: =IFERROR(G27/G10,"n/a") -> 0.81786104 | H30: =IFERROR(H27/H10,"n/a") -> 0.83641726
B31: Δ Y/Y (bp) | C31: =IFERROR((C30-C240)*10000,"n/a") -> 353.41068 | D31: =IFERROR((D30-D240)*10000,"n/a") -> 340.09619 | E31: =IFERROR((E30-E240)*10000,"n/a") -> 365.4361 | F31: =IFERROR((F30-F240)*10000,"n/a") -> 331.42531 | G31: =IFERROR((G30-G240)*10000,"n/a") -> 234.3298 | H31: =IFERROR((H30-H240)*10000,"n/a") -> 109.24432
B32: Δ Q/Q (bp) | C32: =IFERROR((C30-F240)*10000,"n/a") -> 141.19089 | D32: =IFERROR((D30-C30)*10000,"n/a") -> -28.14535 | E32: =IFERROR((E30-D30)*10000,"n/a") -> 247.01591 | F32: =IFERROR((F30-E30)*10000,"n/a") -> -28.636148 | G32: n/a | H32: =IFERROR((H30-F30)*10000,"n/a") -> -80.990096
B33: Gross profit (derived: revenue − cost of revenue; not an SLB-reported metric) | C33: =C10-C27 -> 1558 | D33: =D10-D27 -> 1728 | E33: =E10-E27 -> 1331 | F33: =F10-F27 -> 1395 | G33: =G10-G27 -> 6504 | H33: =H10-H27 -> 1516.0859 | I33: SLB does not report gross profit; derived from reported revenue and cost of revenue (cost of revenue includes most D&A and some charges, e.g. inventory FV amortization).
B34: % Y/Y | C34: =IFERROR(C33/C241-1,"n/a") -> -0.18938606 | D34: =IFERROR(D33/D241-1,"n/a") -> -0.11926606 | E34: =IFERROR(E33/E241-1,"n/a") -> -0.17123288 | F34: =IFERROR(F33/F241-1,"n/a") -> -0.13461538 | G34: =IFERROR(G33/G241-1,"n/a") -> -0.12815013 | H34: =IFERROR(H33/H241-1,"n/a") -> -0.026902522
B35: Δ Q/Q ($m) | C35: =C33-F241 -> -54 | D35: =D33-C33 -> 170 | E35: =E33-D33 -> -397 | F35: =F33-E33 -> 64 | G35: n/a | H35: =H33-F33 -> 121.08587
B36: Gross margin (derived) | C36: =IFERROR(C33/C10,"n/a") -> 0.17450717 | D36: =IFERROR(D33/D10,"n/a") -> 0.1773217 | E36: =IFERROR(E33/E10,"n/a") -> 0.15262011 | F36: =IFERROR(F33/F10,"n/a") -> 0.15548373 | G36: =IFERROR(G33/G10,"n/a") -> 0.18213896 | H36: =IFERROR(H33/H10,"n/a") -> 0.16358274
B37: Δ Y/Y (bp) | C37: =IFERROR((C36-C242)*10000,"n/a") -> -353.41068 | D37: =IFERROR((D36-D242)*10000,"n/a") -> -340.09619 | E37: =IFERROR((E36-E242)*10000,"n/a") -> -365.4361 | F37: =IFERROR((F36-F242)*10000,"n/a") -> -331.42531 | G37: =IFERROR((G36-G242)*10000,"n/a") -> -234.3298 | H37: =IFERROR((H36-H242)*10000,"n/a") -> -109.24432
B38: Δ Q/Q (bp) | C38: =IFERROR((C36-F242)*10000,"n/a") -> -141.19089 | D38: =IFERROR((D36-C36)*10000,"n/a") -> 28.14535 | E38: =IFERROR((E36-D36)*10000,"n/a") -> -247.01591 | F38: =IFERROR((F36-E36)*10000,"n/a") -> 28.636148 | G38: n/a | H38: =IFERROR((H36-F36)*10000,"n/a") -> 80.990096
B39: Research & engineering | C39: 170 | D39: 187 | E39: 164 | F39: 171 | G39: =E243+F243+C39+D39 -> 709 | H39: 172 | I39: Run-rate ($164–187m/qtr).
B40: % Y/Y | C40: =IFERROR(C39/C243-1,"n/a") -> -0.090909091 | D40: =IFERROR(D39/D243-1,"n/a") -> -0.026041667 | E40: =IFERROR(E39/E243-1,"n/a") -> -0.046511628 | F40: =IFERROR(F39/F243-1,"n/a") -> -0.05 | G40: =IFERROR(G39/G243-1,"n/a") -> -0.053404539 | H40: =IFERROR(H39/H243-1,"n/a") -> 0.011764706
B41: Δ Q/Q ($m) | C41: =C39-F243 -> -10 | D41: =D39-C39 -> 17 | E41: =E39-D39 -> -23 | F41: =F39-E39 -> 7 | G41: n/a | H41: =H39-F39 -> 1
B42: R&E % of revenue | C42: =IFERROR(C39/C10,"n/a") -> 0.019041219 | D42: =IFERROR(D39/D10,"n/a") -> 0.019189328 | E42: =IFERROR(E39/E10,"n/a") -> 0.018805183 | F42: =IFERROR(F39/F10,"n/a") -> 0.019059296 | G42: =IFERROR(G39/G10,"n/a") -> 0.019854939 | H42: =IFERROR(H39/H10,"n/a") -> 0.018558468
B43: Δ Y/Y (bp) | C43: =IFERROR((C42-C244)*10000,"n/a") -> -13.758575 | D43: =IFERROR((D42-D244)*10000,"n/a") -> -14.914132 | E43: =IFERROR((E42-E244)*10000,"n/a") -> -14.539455 | F43: =IFERROR((F42-F244)*10000,"n/a") -> -20.031898 | G43: =IFERROR((G42-G244)*10000,"n/a") -> -7.8492479 | H43: =IFERROR((H42-H244)*10000,"n/a") -> -4.8275089
B44: Δ Q/Q (bp) | C44: =IFERROR((C42-F244)*10000,"n/a") -> -20.212667 | D44: =IFERROR((D42-C42)*10000,"n/a") -> 1.4810922 | E44: =IFERROR((E42-D42)*10000,"n/a") -> -3.8414497 | F44: =IFERROR((F42-E42)*10000,"n/a") -> 2.5411269 | G44: n/a | H44: =IFERROR((H42-F42)*10000,"n/a") -> -5.0082784
B45: General & administrative | C45: 72 | D45: 84 | E45: 97 | F45: 84 | G45: =E245+F245+C45+D45 -> 339 | H45: 88 | I45: Run-rate ($72–97m/qtr).
B46: % Y/Y | C46: =IFERROR(C45/C245-1,"n/a") -> -0.2 | D46: =IFERROR(D45/D245-1,"n/a") -> 0.037037037 | E46: =IFERROR(E45/E245-1,"n/a") -> 0.010416667 | F46: =IFERROR(F45/F245-1,"n/a") -> -0.034482759 | G46: =IFERROR(G45/G245-1,"n/a") -> -0.11948052 | H46: =IFERROR(H45/H245-1,"n/a") -> 0.22222222
B47: Δ Q/Q ($m) | C47: =C45-F245 -> -15 | D47: =D45-C45 -> 12 | E47: =E45-D45 -> 13 | F47: =F45-E45 -> -13 | G47: n/a | H47: =H45-F45 -> 4
B48: G&A % of revenue | C48: =IFERROR(C45/C10,"n/a") -> 0.0080645161 | D48: =IFERROR(D45/D10,"n/a") -> 0.008619805 | E48: =IFERROR(E45/E10,"n/a") -> 0.011122578 | F48: =IFERROR(F45/F10,"n/a") -> 0.009362461 | G48: =IFERROR(G45/G10,"n/a") -> 0.009493405 | H48: =IFERROR(H45/H10,"n/a") -> 0.00949503
B49: Δ Y/Y (bp) | C49: =IFERROR((C48-C246)*10000,"n/a") -> -17.618841 | D49: =IFERROR((D48-D246)*10000,"n/a") -> -1.0488261 | E49: =IFERROR((E48-E246)*10000,"n/a") -> -1.8484281 | F49: =IFERROR((F48-F246)*10000,"n/a") -> -8.1774027 | G49: =IFERROR((G48-G246)*10000,"n/a") -> -11.158705 | H49: =IFERROR((H48-H246)*10000,"n/a") -> 14.305139
B50: Δ Q/Q (bp) | C50: =IFERROR((C48-F246)*10000,"n/a") -> -21.156851 | D50: =IFERROR((D48-C48)*10000,"n/a") -> 5.552889 | E50: =IFERROR((E48-D48)*10000,"n/a") -> 25.027727 | F50: =IFERROR((F48-E48)*10000,"n/a") -> -17.601167 | G50: n/a | H50: =IFERROR((H48-F48)*10000,"n/a") -> 1.3256902
B51: Merger & integration | C51: =C173 -> 143 | D51: =D173 -> 75 | E51: =E173 -> 41 | F51: =F173 -> 69 | G51: =E247+F247+C51+D51 -> 301 | H51: =H173 -> 70 | I51: Linked to the charges bridge below (single typed source).
B52: % Y/Y | C52: =IFERROR(C51/C247-1,"n/a") -> 3.3333333 | D52: =IFERROR(D51/D247-1,"n/a") -> 0.19047619 | E52: =IFERROR(E51/E247-1,"n/a") -> -0.14583333 | F52: =IFERROR(F51/F247-1,"n/a") -> 0.97142857 | G52: =IFERROR(G51/G247-1,"n/a") -> 1.4471545 | H52: =IFERROR(H51/H247-1,"n/a") -> -0.51048951
B53: Δ Q/Q ($m) | C53: =C51-F247 -> 108 | D53: =D51-C51 -> -68 | E53: =E51-D51 -> -34 | F53: =F51-E51 -> 28 | G53: n/a | H53: =H51-F51 -> 1
B54: Restructuring & other | C54: =C176+C179 -> 57 | D54: =D176+D179 -> 176 | E54: =E176+E179 -> 0 | F54: =F176+F179 -> 0 | G54: =E248+F248+C54+D54 -> 457 | H54: =H176+H179 -> 0 | I54: 3Q25 ($109m reported) and 2Q25 ($135m) split: equity-method impairments ($52m, $69m) shown under Impairments to match the FY25 10-K classification.
B55: Δ Y/Y ($m) | C55: =C54-C248 -> -8 | D55: =D54-D248 -> 115 | E55: =E54-E248 -> -158 | F55: =F54-F248 -> -66 | G55: =G54-G248 -> 220 | H55: =H54-H248 -> -57
B56: Δ Q/Q ($m) | C56: =C54-F248 -> -9 | D56: =D54-C54 -> 119 | E56: =E54-D54 -> -176 | F56: =F54-E54 -> 0 | G56: n/a | H56: =H54-F54 -> 0
B57: Impairments | C57: =C182+C185 -> 52 | D57: =D182+D185 -> 210 | E57: =E182+E185 -> 0 | F57: =F182+F185 -> 0 | G57: =E249+F249+C57+D57 -> 331 | H57: =H182+H185 -> 0
B58: Δ Y/Y ($m) | C58: =C57-C249 -> 52 | D58: =D57-D249 -> 48 | E58: =E57-E249 -> 0 | F58: =F57-F249 -> -69 | G58: =G57-G249 -> 169 | H58: =H57-H249 -> -52
B59: Δ Q/Q ($m) | C59: =C57-F249 -> -17 | D59: =D57-C57 -> 158 | E59: =E57-D57 -> -210 | F59: =F57-E57 -> 0 | G59: n/a | H59: =H57-F57 -> 0
B60: Interest expense | C60: =C143 -> 142 | D60: =D143 -> 126 | E60: =E143 -> 116 | F60: =F143 -> 128 | G60: =E250+F250+C60+D60 -> 557 | H60: =H143 -> 130 | I60: Window quarters equal the corporate-level interest expense in the segment bridge (linked); prior-year IS interest differs slightly from the bridge line (e.g. 2Q25 $142m vs $139m).
B61: % Y/Y | C61: =IFERROR(C60/C250-1,"n/a") -> 0.044117647 | D61: =IFERROR(D60/D250-1,"n/a") -> -0.038167939 | E61: =IFERROR(E60/E250-1,"n/a") -> -0.21088435 | F61: =IFERROR(F60/F250-1,"n/a") -> -0.098591549 | G61: =IFERROR(G60/G250-1,"n/a") -> 0.087890625 | H61: =IFERROR(H60/H250-1,"n/a") -> -0.084507042
B62: Δ Q/Q ($m) | C62: =C60-F250 -> 0 | D62: =D60-C60 -> -16 | E62: =E60-D60 -> -10 | F62: =F60-E60 -> 12 | G62: n/a | H62: =H60-F60 -> 2
B63: Total expenses | C63: =C27+C39+C45+C51+C54+C57+C60 -> 8006 | D63: =D27+D39+D45+D51+D54+D57+D60 -> 8875 | E63: =E27+E39+E45+E51+E54+E57+E60 -> 7808 | F63: =F27+F39+F45+F51+F54+F57+F60 -> 8029 | G63: =G27+G39+G45+G51+G54+G57+G60 -> 31899 | H63: =H27+H39+H45+H51+H54+H57+H60 -> 8211.9206
B64: Income before taxes | C64: =C10+C17-C63 -> 1000 | D64: =D10+D17-D63 -> 943 | E64: =E10+E17-E63 -> 956 | F64: =F10+F17-F63 -> 1019 | G64: =G10+G17-G63 -> 4291 | H64: =H146-H194 -> 1129.0859
B65: % Y/Y | C65: =IFERROR(C64/C251-1,"n/a") -> -0.33642999 | D65: =IFERROR(D64/D251-1,"n/a") -> -0.32011536 | E65: =IFERROR(E64/E251-1,"n/a") -> -0.10065851 | F65: =IFERROR(F64/F251-1,"n/a") -> -0.20700389 | G65: =IFERROR(G64/G251-1,"n/a") -> -0.24347673 | H65: =IFERROR(H64/H251-1,"n/a") -> 0.12908587
B66: Δ Q/Q ($m) | C66: =C64-F251 -> -285 | D66: =D64-C64 -> -57 | E66: =E64-D64 -> 13 | F66: =F64-E64 -> 63 | G66: n/a | H66: =H64-F64 -> 110.08587
B67: Pretax margin | C67: =IFERROR(C64/C10,"n/a") -> 0.11200717 | D67: =IFERROR(D64/D10,"n/a") -> 0.096767573 | E67: =IFERROR(E64/E10,"n/a") -> 0.10962046 | F67: =IFERROR(F64/F10,"n/a") -> 0.11357557 | G67: =IFERROR(G64/G10,"n/a") -> 0.12016578 | H67: =IFERROR(H64/H10,"n/a") -> 0.12182618
B68: Δ Y/Y (bp) | C68: =IFERROR((C67-C252)*10000,"n/a") -> -525.30445 | D68: =IFERROR((D67-D252)*10000,"n/a") -> -526.29239 | E68: =IFERROR((E67-E252)*10000,"n/a") -> -155.85668 | F68: =IFERROR((F67-F252)*10000,"n/a") -> -367.87174 | G68: =IFERROR((G67-G252)*10000,"n/a") -> -361.35023 | H68: =IFERROR((H67-H252)*10000,"n/a") -> 98.190159
B69: Δ Q/Q (bp) | C69: =IFERROR((C67-F252)*10000,"n/a") -> -383.55574 | D69: =IFERROR((D67-C67)*10000,"n/a") -> -152.39595 | E69: =IFERROR((E67-D67)*10000,"n/a") -> 128.52883 | F69: =IFERROR((F67-E67)*10000,"n/a") -> 39.551121 | G69: n/a | H69: =IFERROR((H67-F67)*10000,"n/a") -> 82.506159
B70: Tax expense | C70: 226 | D70: 143 | E70: 195 | F70: 204 | G70: =E253+F253+C70+D70 -> 840 | H70: =H223-H197-H200 -> 228.41443
B71: % Y/Y | C71: =IFERROR(C70/C253-1,"n/a") -> -0.21799308 | D71: =IFERROR(D70/D253-1,"n/a") -> -0.46840149 | E71: =IFERROR(E70/E253-1,"n/a") -> -0.16666667 | F71: =IFERROR(F70/F253-1,"n/a") -> -0.13924051 | G71: =IFERROR(G70/G253-1,"n/a") -> -0.23147301 | H71: =IFERROR(H70/H253-1,"n/a") -> 0.010683326
B72: Δ Q/Q ($m) | C72: =C70-F253 -> -11 | D72: =D70-C70 -> -83 | E72: =E70-D70 -> 52 | F72: =F70-E70 -> 9 | G72: n/a | H72: =H70-F70 -> 24.414432
B73: Effective tax rate (GAAP) | C73: =IFERROR(C70/C64,"n/a") -> 0.226 | D73: =IFERROR(D70/D64,"n/a") -> 0.15164369 | E73: =IFERROR(E70/E64,"n/a") -> 0.2039749 | F73: =IFERROR(F70/F64,"n/a") -> 0.20019627 | G73: =IFERROR(G70/G64,"n/a") -> 0.19575856 | H73: =IFERROR(H70/H64,"n/a") -> 0.20230032
B74: Δ Y/Y (bp) | C74: =IFERROR((C73-C254)*10000,"n/a") -> 342.28268 | D74: =IFERROR((D73-D254)*10000,"n/a") -> -423.00073 | E74: =IFERROR((E73-E254)*10000,"n/a") -> -161.56807 | F74: =IFERROR((F73-F254)*10000,"n/a") -> 157.60473 | G74: =IFERROR((G73-G254)*10000,"n/a") -> 30.575771 | H74: =IFERROR((H73-H254)*10000,"n/a") -> -236.99681
B75: Δ Q/Q (bp) | C75: =IFERROR((C73-F254)*10000,"n/a") -> 415.64202 | D75: =IFERROR((D73-C73)*10000,"n/a") -> -743.5631 | E75: =IFERROR((E73-D73)*10000,"n/a") -> 523.31205 | F75: =IFERROR((F73-E73)*10000,"n/a") -> -37.786245 | G75: n/a | H75: =IFERROR((H73-F73)*10000,"n/a") -> 21.040481
B76: Net income | C76: =C64-C70 -> 774 | D76: =D64-D70 -> 800 | E76: =E64-E70 -> 761 | F76: =F64-F70 -> 815 | G76: =G64-G70 -> 3451 | H76: =H64-H70 -> 900.67144
B77: % Y/Y | C77: =IFERROR(C76/C255-1,"n/a") -> -0.36453202 | D77: =IFERROR(D76/D255-1,"n/a") -> -0.28443649 | E77: =IFERROR(E76/E255-1,"n/a") -> -0.082026538 | F77: =IFERROR(F76/F255-1,"n/a") -> -0.22232824 | G77: =IFERROR(G76/G255-1,"n/a") -> -0.246342 | H77: =IFERROR(H76/H255-1,"n/a") -> 0.16365819
B78: Δ Q/Q ($m) | C78: =C76-F255 -> -274 | D78: =D76-C76 -> 26 | E78: =E76-D76 -> -39 | F78: =F76-E76 -> 54 | G78: n/a | H78: =H76-F76 -> 85.671438
B79: Net income attributable to noncontrolling interests | C79: 35 | D79: -24 | E79: 9 | F79: 29 | G79: =E256+F256+C79+D79 -> 77 | H79: =H229-H203 -> 29
B80: % Y/Y | C80: n/a | D80: n/a | E80: n/a | F80: n/a | G80: n/a | H80: n/a | I80: Not meaningful: near-zero or negative base (see Δ rows for absolute change).
B81: Δ Y/Y ($m) | C81: =C79-C256 -> 3 | D81: =D79-D256 -> -47 | E81: =E79-E256 -> -23 | F81: =F79-F256 -> -5 | G81: =G79-G256 -> -41 | H81: =H79-H256 -> -6
B82: Δ Q/Q ($m) | C82: =C79-F256 -> 1 | D82: =D79-C79 -> -59 | E82: =E79-D79 -> 33 | F82: =F79-E79 -> 20 | G82: n/a | H82: =H79-F79 -> 0
B83: Net income attributable to SLB (GAAP) | C83: =C76-C79 -> 739 | D83: =D76-D79 -> 824 | E83: =E76-E79 -> 752 | F83: =F76-F79 -> 786 | G83: =G76-G79 -> 3374 | H83: =H76-H79 -> 871.67144
B84: % Y/Y | C84: =IFERROR(C83/C257-1,"n/a") -> -0.37689713 | D84: =IFERROR(D83/D257-1,"n/a") -> -0.24748858 | E84: =IFERROR(E83/E257-1,"n/a") -> -0.056461731 | F84: =IFERROR(F83/F257-1,"n/a") -> -0.22485207 | G84: =IFERROR(G83/G257-1,"n/a") -> -0.24366734 | H84: =IFERROR(H83/H257-1,"n/a") -> 0.17952833
B85: Δ Q/Q ($m) | C85: =C83-F257 -> -275 | D85: =D83-C83 -> 85 | E85: =E83-D83 -> -72 | F85: =F83-E83 -> 34 | G85: n/a | H85: =H83-F83 -> 85.671438
B86: Net margin (GAAP) | C86: =IFERROR(C83/C10,"n/a") -> 0.082773297 | D86: =IFERROR(D83/D10,"n/a") -> 0.084556183 | E86: =IFERROR(E83/E10,"n/a") -> 0.086228644 | F86: =IFERROR(F83/F10,"n/a") -> 0.087605885 | G86: =IFERROR(G83/G10,"n/a") -> 0.094485984 | H86: =IFERROR(H83/H10,"n/a") -> 0.094051664
B87: Δ Y/Y (bp) | C87: =IFERROR((C86-C258)*10000,"n/a") -> -467.16822 | D87: =IFERROR((D86-D258)*10000,"n/a") -> -333.88669 | E87: =IFERROR((E86-E258)*10000,"n/a") -> -76.465037 | F87: =IFERROR((F86-F258)*10000,"n/a") -> -310.46116 | G87: =IFERROR((G86-G258)*10000,"n/a") -> -284.4383 | H87: =IFERROR((H86-H258)*10000,"n/a") -> 112.78367
B88: Δ Q/Q (bp) | C88: =IFERROR((C86-F258)*10000,"n/a") -> -358.78703 | D88: =IFERROR((D86-C86)*10000,"n/a") -> 17.828852 | E88: =IFERROR((E86-D86)*10000,"n/a") -> 16.724608 | F88: =IFERROR((F86-E86)*10000,"n/a") -> 13.772415 | G88: n/a | H88: =IFERROR((H86-F86)*10000,"n/a") -> 64.457794
B89: Average shares outstanding — basic (m) | C89: ='Share Count'!C34 -> 1471 | D89: ='Share Count'!D34 -> 1495 | E89: ='Share Count'!E34 -> 1499 | F89: ='Share Count'!F34 -> 1490 | G89: ='Share Count'!G34 -> 1421 | H89: ='Share Count'!H34 -> 1479.9343
B90: Average shares outstanding — diluted (m) | C90: ='Share Count'!C43 -> 1488 | D90: ='Share Count'!D43 -> 1511 | E90: ='Share Count'!E43 -> 1515 | F90: ='Share Count'!F43 -> 1506 | G90: ='Share Count'!G43 -> 1437 | H90: ='Share Count'!H43 -> 1495.9343
B91: Diluted EPS — GAAP | C91: =C83/C90 -> 0.49663978 | D91: =D83/D90 -> 0.54533422 | E91: =E83/E90 -> 0.49636964 | F91: =F83/F90 -> 0.52191235 | G91: =G83/G90 -> 2.3479471 | H91: =H83/H90 -> 0.58269365
B92: % Y/Y | C92: =IFERROR(C91/C260-1,"n/a") -> -0.40034724 | D92: =IFERROR(D91/D260-1,"n/a") -> -0.2928086 | E92: =IFERROR(E91/E260-1,"n/a") -> -0.1405394 | F92: =IFERROR(F91/F260-1,"n/a") -> -0.29691098 | G92: =IFERROR(G91/G260-1,"n/a") -> -0.24419367 | H92: =IFERROR(H91/H260-1,"n/a") -> 0.17327219
B93: Δ Q/Q ($/share) | C93: =C91-F260 -> -0.24567354 | D93: =D91-C91 -> 0.048694431 | E93: =E91-D91 -> -0.048964579 | F93: =F91-E91 -> 0.025542714 | G93: n/a | H93: =H91-F91 -> 0.060781296
B94: Diluted EPS — GAAP as reported (quarters: CapIQ history on Inputs; FY25: 4Q25 release) | C94: =Inputs!$G$110 -> 0.5 | D94: =Inputs!$G$111 -> 0.55 | E94: =Inputs!$G$112 -> 0.5 | F94: =Inputs!$G$113 -> 0.52 | G94: 2.35 | H94: n/a
B95: Depreciation & amortization (included in expenses)
B96: D&A — sum of divisions, eliminations and corporate | C96: ='Segment - Digital'!C103+'Segment - Reservoir Performance'!C59+'Segment - Well Construction'!C59+'Segment - Production Systems'!C59+'Segment - All Other'!C53+C151+C158 -> 638 | D96: ='Segment - Digital'!D103+'Segment - Reservoir Performance'!D59+'Segment - Well Construction'!D59+'Segment - Production Systems'!D59+'Segment - All Other'!D53+D151+D158 -> 732 | E96: ='Segment - Digital'!E103+'Segment - Reservoir Performance'!E59+'Segment - Well Construction'!E59+'Segment - Production Systems'!E59+'Segment - All Other'!E53+E151+E158 -> 685 | F96: ='Segment - Digital'!F103+'Segment - Reservoir Performance'!F59+'Segment - Well Construction'!F59+'Segment - Production Systems'!F59+'Segment - All Other'!F53+F151+F158 -> 712 | G96: ='Segment - Digital'!G103+'Segment - Reservoir Performance'!G59+'Segment - Well Construction'!G59+'Segment - Production Systems'!G59+'Segment - All Other'!G53+G151+G158 -> 2641 | H96: ='Segment - Digital'!H103+'Segment - Reservoir Performance'!H59+'Segment - Well Construction'!H59+'Segment - Production Systems'!H59+'Segment - All Other'!H53+H151+H158 -> 711
B97: Depreciation & amortization (total) | C97: ='Cash Flow Statement'!C13 -> 638 | D97: ='Cash Flow Statement'!D13 -> 732 | E97: ='Cash Flow Statement'!E13 -> 685 | F97: ='Cash Flow Statement'!F13 -> 712 | G97: =E261+F261+C97+D97 -> 2643 | H97: =H96 -> 711 | I97: Historical quarters link to the Cash Flow Statement (single typed source: reported YTD cash flows).
B98: % Y/Y | C98: =IFERROR(C97/C261-1,"n/a") -> -0.003125 | D98: =IFERROR(D97/D261-1,"n/a") -> 0.12962963 | E98: =IFERROR(E97/E261-1,"n/a") -> 0.0703125 | F98: =IFERROR(F97/F261-1,"n/a") -> 0.12480253 | G98: =IFERROR(G97/G261-1,"n/a") -> 0.049225883 | H98: =IFERROR(H97/H261-1,"n/a") -> 0.11442006
B99: Δ Q/Q ($m) | C99: =C97-F261 -> 5 | D99: =D97-C97 -> 94 | E99: =E97-D97 -> -47 | F99: =F97-E97 -> 27 | G99: n/a | H99: =H97-F97 -> -1
B100: D&A % of revenue | C100: =IFERROR(C97/C10,"n/a") -> 0.071460573 | D100: =IFERROR(D97/D10,"n/a") -> 0.075115444 | E100: =IFERROR(E97/E10,"n/a") -> 0.078546038 | F100: =IFERROR(F97/F10,"n/a") -> 0.079358003 | G100: =IFERROR(G97/G10,"n/a") -> 0.074014954 | H100: =IFERROR(H97/H10,"n/a") -> 0.076715527
B101: Δ Y/Y (bp) | C101: =IFERROR((C100-C262)*10000,"n/a") -> 15.839494 | D101: =IFERROR((D100-D262)*10000,"n/a") -> 53.179427 | E101: =IFERROR((E100-E262)*10000,"n/a") -> 31.63235 | F101: =IFERROR((F100-F262)*10000,"n/a") -> 52.882624 | G101: =IFERROR((G100-G262)*10000,"n/a") -> 45.9998 | H101: =IFERROR((H100-H262)*10000,"n/a") -> 52.549531
B102: Δ Q/Q (bp) | C102: =IFERROR((C100-F262)*10000,"n/a") -> -26.091668 | D102: =IFERROR((D100-C100)*10000,"n/a") -> 36.548703 | E102: =IFERROR((E100-D100)*10000,"n/a") -> 34.305945 | F102: =IFERROR((F100-E100)*10000,"n/a") -> 8.1196438 | G102: n/a | H102: =IFERROR((H100-F100)*10000,"n/a") -> -26.424761
...

Sheet Balance Sheet
B2: SLB N.V. (NYSE: SLB)
B3: Balance Sheet
B4: $ millions, except per share
B5: Period | C5: 3Q25A | D5: 4Q25A | E5: 1Q26A | F5: 2Q26A | G5: FY25A | H5: 3Q26E | I5: Notes
B6: Period end | C6: =DATE(2025,9,30) -> 45930 | D6: =DATE(2025,12,31) -> 46022 | E6: =DATE(2026,3,31) -> 46112 | F6: =DATE(2026,6,30) -> 46203 | G6: =DATE(2025,12,31) -> 46022 | H6: =DATE(2026,9,30) -> 46295
B7: Days in period | C7: =C6-EOMONTH(C6,-3) -> 92 | D7: =D6-EOMONTH(D6,-3) -> 92 | E7: =E6-EOMONTH(E6,-3) -> 90 | F7: =F6-EOMONTH(F6,-3) -> 91 | G7: =G6-EOMONTH(G6,-12) -> 365 | H7: =H6-EOMONTH(H6,-3) -> 92
B9: Assets
B10: Cash | C10: =Inputs!$D$156 -> 3014 | D10: =Inputs!$E$156 -> 3036 | E10: =Inputs!$F$156 -> 2819 | F10: =Inputs!$G$156 -> 2743 | G10: =D10 -> 3036 | H10: ='Cash Flow Statement'!H116 -> 2884.3454
B11: Δ Y/Y ($m) | C11: =C10-C128 -> -72 | D11: =D10-D128 -> -508 | E11: =E10-E128 -> -117 | F11: =F10-F128 -> -493 | G11: =G10-G128 -> -508 | H11: =H10-H128 -> -129.65458
B12: Δ Q/Q ($m) | C12: =C10-F128 -> -222 | D12: =D10-C10 -> 22 | E12: =E10-D10 -> -217 | F12: =F10-E10 -> -76 | G12: n/a | H12: =H10-F10 -> 141.34542
B13: Short-term investments | C13: 571 | D13: 1176 | E13: 568 | F13: 1328 | G13: =D13 -> 1176 | H13: =F13-'Cash Flow Statement'!H72 -> 1328
B14: Δ Y/Y ($m) | C14: =C13-C129 -> -805 | D14: =D13-D129 -> 51 | E14: =E13-E129 -> -393 | F14: =F13-F129 -> 817 | G14: =G13-G129 -> 51 | H14: =H13-H129 -> 757
B15: Δ Q/Q ($m) | C15: =C13-F129 -> 60 | D15: =D13-C13 -> 605 | E15: =E13-D13 -> -608 | F15: =F13-E13 -> 760 | G15: n/a | H15: =H13-F13 -> 0
B16: Receivables, net | C16: 9101 | D16: 8689 | E16: 9037 | F16: 9132 | G16: =D16 -> 8689 | H16: =H112*H114/H111 -> 9268.0065
B17: Δ Y/Y ($m) | C17: =C16-C130 -> 841 | D17: =D16-D130 -> 678 | E17: =E16-E130 -> 433 | F17: =F16-F130 -> 546 | G17: =G16-G130 -> 678 | H17: =H16-H130 -> 167.00651
B18: Δ Q/Q ($m) | C18: =C16-F130 -> 515 | D18: =D16-C16 -> -412 | E18: =E16-D16 -> 348 | F18: =F16-E16 -> 95 | G18: n/a | H18: =H16-F16 -> 136.00651
B19: Inventories | C19: 5321 | D19: 5032 | E19: 5274 | F19: 5436 | G19: =D19 -> 5032 | H19: =H113*H117/H111 -> 5392.6404
B20: Δ Y/Y ($m) | C20: =C19-C131 -> 748 | D20: =D19-D131 -> 657 | E20: =E19-E131 -> 624 | F20: =F19-F131 -> 696 | G20: =G19-G131 -> 657 | H20: =H19-H131 -> 71.640448
B21: Δ Q/Q ($m) | C21: =C19-F131 -> 581 | D21: =D19-C19 -> -289 | E21: =E19-D19 -> 242 | F21: =F19-E19 -> 162 | G21: n/a | H21: =H19-F19 -> -43.359552
B22: Other current assets | C22: 1461 | D22: 1580 | E22: 1637 | F22: 1605 | G22: =D22 -> 1580 | H22: =F22-'Cash Flow Statement'!H34 -> 1605
B23: Δ Y/Y ($m) | C23: =C22-C132 -> -45 | D23: =D22-D132 -> 65 | E23: =E22-E132 -> 193 | F23: =F22-F132 -> 225 | G23: =G22-G132 -> 65 | H23: =H22-H132 -> 144
B24: Δ Q/Q ($m) | C24: =C22-F132 -> 81 | D24: =D22-C22 -> 119 | E24: =E22-D22 -> 57 | F24: =F22-E22 -> -32 | G24: n/a | H24: =H22-F22 -> 0
B25: Total current assets | C25: =C10+C13+C16+C19+C22 -> 19468 | D25: =D10+D13+D16+D19+D22 -> 19513 | E25: =E10+E13+E16+E19+E22 -> 19335 | F25: =F10+F13+F16+F19+F22 -> 20244 | G25: =D25 -> 19513 | H25: =H10+H13+H16+H19+H22 -> 20477.992
B26: Δ Y/Y ($m) | C26: =C25-C133 -> 667 | D26: =D25-D133 -> 943 | E26: =E25-E133 -> 740 | F26: =F25-F133 -> 1791 | G26: =G25-G133 -> 943 | H26: =H25-H133 -> 1009.9924
B27: Δ Q/Q ($m) | C27: =C25-F133 -> 1015 | D27: =D25-C25 -> 45 | E27: =E25-D25 -> -178 | F27: =F25-E25 -> 909 | G27: n/a | H27: =H25-F25 -> 233.99238
B28: Investments in affiliated companies | C28: 1691 | D28: 1783 | E28: 1784 | F28: 1691 | G28: =D28 -> 1783 | H28: =F28-'Cash Flow Statement'!H25 -> 1711
B29: Δ Y/Y ($m) | C29: =C28-C134 -> -53 | D29: =D28-D134 -> 148 | E29: =E28-E134 -> 143 | F29: =F28-F134 -> 15 | G29: =G28-G134 -> 148 | H29: =H28-H134 -> 20
B30: Δ Q/Q ($m) | C30: =C28-F134 -> 15 | D30: =D28-C28 -> 92 | E30: =E28-D28 -> 1 | F30: =F28-E28 -> -93 | G30: n/a | H30: =H28-F28 -> 20
B31: Fixed assets, net | C31: 7999 | D31: 7894 | E31: 7747 | F31: 7745 | G31: =D31 -> 7894 | H31: =F31-'Cash Flow Statement'!H57-'Income Statement'!H103 -> 7711
B32: Δ Y/Y ($m) | C32: =C31-C135 -> 639 | D32: =D31-D135 -> 535 | E32: =E31-E135 -> 348 | F32: =F31-F135 -> 346 | G32: =G31-G135 -> 535 | H32: =H31-H135 -> -288
B33: Δ Q/Q ($m) | C33: =C31-F135 -> 600 | D33: =D31-C31 -> -105 | E33: =E31-D31 -> -147 | F33: =F31-E31 -> -2 | G33: n/a | H33: =H31-F31 -> -34
B34: Goodwill | C34: 17007 | D34: 16794 | E34: 16852 | F34: 17001 | G34: =D34 -> 16794 | H34: =F34-'Cash Flow Statement'!H66 -> 17001
B35: Δ Y/Y ($m) | C35: =C34-C136 -> 2448 | D35: =D34-D136 -> 2201 | E35: =E34-E136 -> 2215 | F35: =F34-F136 -> 2343 | G35: =G34-G136 -> 2201 | H35: =H34-H136 -> -6
B36: Δ Q/Q ($m) | C36: =C34-F136 -> 2349 | D36: =D34-C34 -> -213 | E36: =E34-D34 -> 58 | F36: =F34-E34 -> 149 | G36: n/a | H36: =H34-F34 -> 0
B37: Intangible assets | C37: 5089 | D37: 4988 | E37: 4901 | F37: 4876 | G37: =D37 -> 4988 | H37: =F37-'Income Statement'!H106 -> 4765
B38: Δ Y/Y ($m) | C38: =C37-C137 -> 1967 | D38: =D37-D137 -> 1976 | E38: =E37-E137 -> 1938 | F38: =F37-F137 -> 1983 | G38: =G37-G137 -> 1976 | H38: =H37-H137 -> -324
B39: Δ Q/Q ($m) | C39: =C37-F137 -> 2196 | D39: =D37-C37 -> -101 | E39: =E37-D37 -> -87 | F39: =F37-E37 -> -25 | G39: n/a | H39: =H37-F37 -> -111
B40: Other assets (incl. APS and exploration data) | C40: 3839 | D40: 3896 | E40: 3907 | F40: 3975 | G40: =D40 -> 3896 | H40: =F40-'Cash Flow Statement'!H60-'Cash Flow Statement'!H63-'Cash Flow Statement'!H69-'Cash Flow Statement'!H75-'Cash Flow Statement'!H78-'Cash Flow Statement'!H37-'Income Statement'!H109-'Income Statement'!H112 -> 4049
B41: Δ Y/Y ($m) | C41: =C40-C138 -> -350 | D41: =D40-D138 -> 130 | E41: =E40-E138 -> 140 | F41: =F40-F138 -> 285 | G41: =G40-G138 -> 130 | H41: =H40-H138 -> 210
B42: Δ Q/Q ($m) | C42: =C40-F138 -> 149 | D42: =D40-C40 -> 57 | E42: =E40-D40 -> 11 | F42: =F40-E40 -> 68 | G42: n/a | H42: =H40-F40 -> 74
B43: Total assets | C43: =C25+C28+C31+C34+C37+C40 -> 55093 | D43: =D25+D28+D31+D34+D37+D40 -> 54868 | E43: =E25+E28+E31+E34+E37+E40 -> 54526 | F43: =F25+F28+F31+F34+F37+F40 -> 55532 | G43: =D43 -> 54868 | H43: =H25+H28+H31+H34+H37+H40 -> 55714.992
B44: Δ Y/Y ($m) | C44: =C43-C139 -> 5318 | D44: =D43-D139 -> 5933 | E44: =E43-E139 -> 5524 | F44: =F43-F139 -> 6763 | G44: =G43-G139 -> 5933 | H44: =H43-H139 -> 621.99238
B45: Δ Q/Q ($m) | C45: =C43-F139 -> 6324 | D45: =D43-C43 -> -225 | E45: =E43-D43 -> -342 | F45: =F43-E43 -> 1006 | G45: n/a | H45: =H43-F43 -> 182.99238
B46: % Y/Y | C46: =IFERROR(C43/C139-1,"n/a") -> 0.10684078 | D46: =IFERROR(D43/D139-1,"n/a") -> 0.12124246 | E46: =IFERROR(E43/E139-1,"n/a") -> 0.11273009 | F46: =IFERROR(F43/F139-1,"n/a") -> 0.13867416 | G46: =IFERROR(G43/G139-1,"n/a") -> 0.12124246 | H46: =IFERROR(H43/H139-1,"n/a") -> 0.011289862
B47: Liabilities
B48: Accounts payable and accrued liabilities | C48: 10857 | D48: 11490 | E48: 11140 | F48: 11210 | G48: =D48 -> 11490 | H48: =H113*H120/H111 -> 11375.101
B49: Δ Y/Y ($m) | C49: =C48-C140 -> 511 | D49: =D48-D140 -> 1115 | E49: =E48-E140 -> 919 | F49: =F48-F140 -> 1217 | G49: =G48-G140 -> 1115 | H49: =H48-H140 -> 518.10094
B50: Δ Q/Q ($m) | C50: =C48-F140 -> 864 | D50: =D48-C48 -> 633 | E50: =E48-D48 -> -350 | F50: =F48-E48 -> 70 | G50: n/a | H50: =H48-F48 -> 165.10094
B51: Estimated liability for taxes on income | C51: 814 | D51: 894 | E51: 878 | F51: 742 | G51: =D51 -> 894 | H51: =F51+'Cash Flow Statement'!H43 -> 762
B52: Δ Y/Y ($m) | C52: =C51-C141 -> -74 | D52: =D51-D141 -> -88 | E52: =E51-E141 -> -58 | F52: =F51-F141 -> -91 | G52: =G51-G141 -> -88 | H52: =H51-H141 -> -52
B53: Δ Q/Q ($m) | C53: =C51-F141 -> -19 | D53: =D51-C51 -> 80 | E53: =E51-D51 -> -16 | F53: =F51-E51 -> -136 | G53: n/a | H53: =H51-F51 -> 20
B54: Short-term borrowings and current portion of LT debt | C54: 1923 | D54: 1894 | E54: 1938 | F54: 1658 | G54: =D54 -> 1894 | H54: =F54+'Cash Flow Statement'!H100 -> 1658
B55: Δ Y/Y ($m) | C55: =C54-C142 -> 864 | D55: =D54-D142 -> 843 | E55: =E54-E142 -> -1537 | F55: =F54-F142 -> -1149 | G55: =G54-G142 -> 843 | H55: =H54-H142 -> -265
B56: Δ Q/Q ($m) | C56: =C54-F142 -> -884 | D56: =D54-C54 -> -29 | E56: =E54-D54 -> 44 | F56: =F54-E54 -> -280 | G56: n/a | H56: =H54-F54 -> 0
B57: Dividends payable | C57: 443 | D57: 443 | E57: 457 | F57: 456 | G57: =D57 -> 443 | H57: =F57+'Share Count'!H31+'Cash Flow Statement'!H85 -> 453.60126 | I57: 3Q26E: + dividend declared in 3Q (Share Count) − dividend paid (Cash Flow).
B58: Δ Y/Y ($m) | C58: =C57-C143 -> 37 | D58: =D57-D143 -> 40 | E58: =E57-E143 -> 53 | F58: =F57-F143 -> 54 | G58: =G57-G143 -> 40 | H58: =H57-H143 -> 10.601263
B59: Δ Q/Q ($m) | C59: =C57-F143 -> 41 | D59: =D57-C57 -> 0 | E59: =E57-D57 -> 14 | F59: =F57-E57 -> -1 | G59: n/a | H59: =H57-F57 -> -2.3987374
B60: Total current liabilities | C60: =C48+C51+C54+C57 -> 14037 | D60: =D48+D51+D54+D57 -> 14721 | E60: =E48+E51+E54+E57 -> 14413 | F60: =F48+F51+F54+F57 -> 14066 | G60: =D60 -> 14721 | H60: =H48+H51+H54+H57 -> 14248.702
B61: Δ Y/Y ($m) | C61: =C60-C144 -> 1338 | D61: =D60-D144 -> 1910 | E61: =E60-E144 -> -623 | F61: =F60-F144 -> 31 | G61: =G60-G144 -> 1910 | H61: =H60-H144 -> 211.70221
B62: Δ Q/Q ($m) | C62: =C60-F144 -> 2 | D62: =D60-C60 -> 684 | E62: =E60-D60 -> -308 | F62: =F60-E60 -> -347 | G62: n/a | H62: =H60-F60 -> 182.70221
B63: Long-term debt | C63: 10843 | D63: 9742 | E63: 9670 | F63: 11140 | G63: =D63 -> 9742 | H63: =F63+'Cash Flow Statement'!H97 -> 11140
B64: Δ Y/Y ($m) | C64: =C63-C145 -> -1021 | D64: =D63-D145 -> -1281 | E64: =E63-E145 -> -857 | F64: =F63-F145 -> 249 | G64: =G63-G145 -> -1281 | H64: =H63-H145 -> 297
B65: Δ Q/Q ($m) | C65: =C63-F145 -> -48 | D65: =D63-C63 -> -1101 | E65: =E63-D63 -> -72 | F65: =F63-E63 -> 1470 | G65: n/a | H65: =H63-F63 -> 0
B66: Postretirement benefits | C66: 502 | D66: 479 | E66: 474 | F66: 475 | G66: =D66 -> 479 | H66: =F66 -> 475
B67: Δ Y/Y ($m) | C67: =C66-C146 -> 326 | D67: =D66-D146 -> -33 | E67: =E66-E146 -> -33 | F67: =F66-F146 -> -27 | G67: =G66-G146 -> -33 | H67: =H66-H146 -> -27
B68: Δ Q/Q ($m) | C68: =C66-F146 -> 0 | D68: =D66-C66 -> -23 | E68: =E66-D66 -> -5 | F68: =F66-E66 -> 1 | G68: n/a | H68: =H66-F66 -> 0
B69: Deferred taxes | C69: 827 | D69: 644 | E69: 704 | F69: 669 | G69: =D69 -> 644 | H69: =F69+'Cash Flow Statement'!H19 -> 669
B70: Δ Y/Y ($m) | C70: =C69-C147 -> 656 | D70: =D69-D147 -> 577 | E70: =E69-E147 -> 667 | F70: =F69-F147 -> 657 | G70: =G69-G147 -> 577 | H70: =H69-H147 -> -158
B71: Δ Q/Q ($m) | C71: =C69-F147 -> 815 | D71: =D69-C69 -> -183 | E71: =E69-D69 -> 60 | F71: =F69-E69 -> -35 | G71: n/a | H71: =H69-F69 -> 0
B72: Other liabilities | C72: 1962 | D72: 1991 | E72: 1912 | F72: 1928 | G72: =D72 -> 1991 | H72: =F72+'Cash Flow Statement'!H46+'Cash Flow Statement'!H49+'Cash Flow Statement'!H16 -> 1928
B73: Δ Y/Y ($m) | C73: =C72-C148 -> -175 | D73: =D72-D148 -> -181 | E73: =E72-E148 -> -235 | F73: =F72-F148 -> 150 | G73: =G72-G148 -> -181 | H73: =H72-H148 -> -34
B74: Δ Q/Q ($m) | C74: =C72-F148 -> 184 | D74: =D72-C72 -> 29 | E74: =E72-D72 -> -79 | F74: =F72-E72 -> 16 | G74: n/a | H74: =H72-F72 -> 0
B75: Total liabilities | C75: =C60+C63+C66+C69+C72 -> 28171 | D75: =D60+D63+D66+D69+D72 -> 27577 | E75: =E60+E63+E66+E69+E72 -> 27173 | F75: =F60+F63+F66+F69+F72 -> 28278 | G75: =D75 -> 27577 | H75: =H60+H63+H66+H69+H72 -> 28460.702
B76: Δ Y/Y ($m) | C76: =C75-C149 -> 1124 | D76: =D75-D149 -> 992 | E76: =E75-E149 -> -1081 | F76: =F75-F149 -> 1060 | G76: =G75-G149 -> 992 | H76: =H75-H149 -> 289.70221
B77: Δ Q/Q ($m) | C77: =C75-F149 -> 953 | D77: =D75-C75 -> -594 | E77: =E75-D75 -> -404 | F77: =F75-E75 -> 1105 | G77: n/a | H77: =H75-F75 -> 182.70221
B78: Equity
B79: Common stock | C79: 16338 | D79: 16354 | E79: 16198 | F79: 16260 | G79: =D79 -> 16354 | H79: =F79+'Cash Flow Statement'!H22+'Cash Flow Statement'!H91+'Cash Flow Statement'!H94 -> 16455
B80: Δ Y/Y ($m) | C80: =C79-C150 -> 4930 | D80: =D79-D150 -> 4896 | E80: =E79-E150 -> 5371 | F80: =F79-F150 -> 4906 | G80: =G79-G150 -> 4896 | H80: =H79-H150 -> 117
B81: Δ Q/Q ($m) | C81: =C79-F150 -> 4984 | D81: =D79-C79 -> 16 | E81: =E79-D79 -> -156 | F81: =F79-E79 -> 62 | G81: n/a | H81: =H79-F79 -> 195
B82: Treasury stock | C82: -3636 | D82: -3576 | E82: -3650 | F82: -4253 | G82: =D82 -> -3576 | H82: =F82+'Cash Flow Statement'!H88 -> -4903
B83: Δ Y/Y ($m) | C83: =C82-C151 -> -2342 | D83: =D82-D151 -> -1803 | E83: =E82-E151 -> -358 | F83: =F82-F151 -> -511 | G83: =G82-G151 -> -1803 | H83: =H82-H151 -> -1267
B84: Δ Q/Q ($m) | C84: =C82-F151 -> 106 | D84: =D82-C82 -> 60 | E84: =E82-D82 -> -74 | F84: =F82-E82 -> -603 | G84: n/a | H84: =H82-F82 -> -650
B85: Retained earnings | C85: 17746 | D85: 18067 | E85: 18369 | F85: 18710 | G85: =D85 -> 18067 | H85: =F85+'Income Statement'!H83-'Share Count'!H31 -> 19146.29
B86: Δ Y/Y ($m) | C86: =C85-C152 -> 2059 | D86: =D85-D152 -> 1672 | E86: =E85-E152 -> 1565 | F86: =F85-F152 -> 1277 | G86: =G85-G152 -> 1672 | H86: =H85-H152 -> 1400.2902
B87: Δ Q/Q ($m) | C87: =C85-F152 -> 313 | D87: =D85-C85 -> 321 | E87: =E85-D85 -> 302 | F87: =F85-E85 -> 341 | G87: n/a | H87: =H85-F85 -> 436.29018
B88: Accumulated other comprehensive loss | C88: -4813 | D88: -4736 | E88: -4740 | F88: -4643 | G88: =D88 -> -4736 | H88: =F88+'Cash Flow Statement'!H110 -> -4643
B89: Δ Y/Y ($m) | C89: =C88-C153 -> -523 | D89: =D88-D153 -> 214 | E89: =E88-E153 -> 84 | F89: =F88-F153 -> 100 | G89: =G88-G153 -> 214 | H89: =H88-H153 -> 170
B90: Δ Q/Q ($m) | C90: =C88-F153 -> -70 | D90: =D88-C88 -> 77 | E90: =E88-D88 -> -4 | F90: =F88-E88 -> 97 | G90: n/a | H90: =H88-F88 -> 0
B91: SLB stockholders' equity | C91: =C79+C82+C85+C88 -> 25635 | D91: =D79+D82+D85+D88 -> 26109 | E91: =E79+E82+E85+E88 -> 26177 | F91: =F79+F82+F85+F88 -> 26074 | G91: =D91 -> 26109 | H91: =H79+H82+H85+H88 -> 26055.29
B92: Δ Y/Y ($m) | C92: =C91-C154 -> 4124 | D92: =D91-D154 -> 4979 | E92: =E91-E154 -> 6662 | F92: =F91-F154 -> 5772 | G92: =G91-G154 -> 4979 | H92: =H91-H154 -> 420.29018
B93: Δ Q/Q ($m) | C93: =C91-F154 -> 5333 | D93: =D91-C91 -> 474 | E93: =E91-D91 -> 68 | F93: =F91-E91 -> -103 | G93: n/a | H93: =H91-F91 -> -18.709824
B94: Noncontrolling interests | C94: 1287 | D94: 1182 | E94: 1176 | F94: 1180 | G94: =D94 -> 1182 | H94: =F94+'Income Statement'!H79+'Cash Flow Statement'!H103 -> 1199
B95: Δ Y/Y ($m) | C95: =C94-C155 -> 70 | D95: =D94-D155 -> -38 | E95: =E94-E155 -> -57 | F95: =F94-F155 -> -69 | G95: =G94-G155 -> -38 | H95: =H94-H155 -> -88
B96: Δ Q/Q ($m) | C96: =C94-F155 -> 38 | D96: =D94-C94 -> -105 | E96: =E94-D94 -> -6 | F96: =F94-E94 -> 4 | G96: n/a | H96: =H94-F94 -> 19
B97: Total equity | C97: =C91+C94 -> 26922 | D97: =D91+D94 -> 27291 | E97: =E91+E94 -> 27353 | F97: =F91+F94 -> 27254 | G97: =D97 -> 27291 | H97: =H91+H94 -> 27254.29
B98: Δ Y/Y ($m) | C98: =C97-C156 -> 4194 | D98: =D97-D156 -> 4941 | E98: =E97-E156 -> 6605 | F98: =F97-F156 -> 5703 | G98: =G97-G156 -> 4941 | H98: =H97-H156 -> 332.29018
B99: Δ Q/Q ($m) | C99: =C97-F156 -> 5371 | D99: =D97-C97 -> 369 | E99: =E97-D97 -> 62 | F99: =F97-E97 -> -99 | G99: n/a | H99: =H97-F97 -> 0.29017576
B100: Total liabilities and equity | C100: =C75+C97 -> 55093 | D100: =D75+D97 -> 54868 | E100: =E75+E97 -> 54526 | F100: =F75+F97 -> 55532 | G100: =D100 -> 54868 | H100: =H75+H97 -> 55714.992
B101: Δ Y/Y ($m) | C101: =C100-C157 -> 5318 | D101: =D100-D157 -> 5933 | E101: =E100-E157 -> 5524 | F101: =F100-F157 -> 6763 | G101: =G100-G157 -> 5933 | H101: =H100-H157 -> 621.99238
B102: Δ Q/Q ($m) | C102: =C100-F157 -> 6324 | D102: =D100-C100 -> -225 | E102: =E100-D100 -> -342 | F102: =F100-E100 -> 1006 | G102: n/a | H102: =H100-F100 -> 182.99238
...

Sheet Cash Flow Statement
B2: SLB N.V. (NYSE: SLB)
B3: Cash Flow Statement
B4: $ millions, except per share
B5: Period | C5: 3Q25A | D5: 4Q25A | E5: 1Q26A | F5: 2Q26A | G5: FY25A | H5: 3Q26E | I5: Notes
B6: Period end | C6: =DATE(2025,9,30) -> 45930 | D6: =DATE(2025,12,31) -> 46022 | E6: =DATE(2026,3,31) -> 46112 | F6: =DATE(2026,6,30) -> 46203 | G6: =DATE(2025,12,31) -> 46022 | H6: =DATE(2026,9,30) -> 46295
B7: Days in period | C7: =C6-EOMONTH(C6,-3) -> 92 | D7: =D6-EOMONTH(D6,-3) -> 92 | E7: =E6-EOMONTH(E6,-3) -> 90 | F7: =F6-EOMONTH(F6,-3) -> 91 | G7: =G6-EOMONTH(G6,-12) -> 365 | H7: =H6-EOMONTH(H6,-3) -> 92
B9: Operating activities
B10: Net income (incl. noncontrolling interests) | C10: =Inputs!$D$122-Inputs!$C$122 -> 774 | D10: =Inputs!$E$122-Inputs!$D$122 -> 800 | E10: =Inputs!$F$122 -> 761 | F10: =Inputs!$G$122-Inputs!$F$122 -> 815 | G10: =Inputs!$E$122 -> 3451 | H10: ='Income Statement'!H76 -> 900.67144
B11: Δ Y/Y ($m) | C11: =C10-C141 -> -444 | D11: =D10-D141 -> -318 | E11: =E10-E141 -> -68 | F11: =F10-F141 -> -233 | G11: =G10-G141 -> -1128 | H11: =H10-H141 -> 126.67144
B12: Δ Q/Q ($m) | C12: =C10-F141 -> -274 | D12: =D10-C10 -> 26 | E12: =E10-D10 -> -39 | F12: =F10-E10 -> 54 | G12: n/a | H12: =H10-F10 -> 85.671438
B13: Depreciation & amortization | C13: =Inputs!$D$123-Inputs!$C$123 -> 638 | D13: =Inputs!$E$123-Inputs!$D$123 -> 732 | E13: =Inputs!$F$123 -> 685 | F13: =Inputs!$G$123-Inputs!$F$123 -> 712 | G13: =Inputs!$E$123 -> 2643 | H13: ='Income Statement'!H97 -> 711
B14: Δ Y/Y ($m) | C14: =C13-C142 -> -2 | D14: =D13-D142 -> 84 | E14: =E13-E142 -> 45 | F14: =F13-F142 -> 79 | G14: =G13-G142 -> 124 | H14: =H13-H142 -> 73
B15: Δ Q/Q ($m) | C15: =C13-F142 -> 5 | D15: =D13-C13 -> 94 | E15: =E13-D13 -> -47 | F15: =F13-E13 -> 27 | G15: n/a | H15: =H13-F13 -> -1
B16: Impairments, inventory FV amortization and gains (non-cash) | C16: =Inputs!$D$124-Inputs!$C$124 -> 52 | D16: =Inputs!$E$124-Inputs!$D$124 -> 376 | E16: =Inputs!$F$124 -> 0 | F16: =Inputs!$G$124-Inputs!$F$124 -> 0 | G16: =Inputs!$E$124 -> 348 | H16: 0
B17: Δ Y/Y ($m) | C17: =C16-C143 -> 52 | D17: =D16-D143 -> 195 | E17: =E16-E143 -> 0 | F17: =F16-F143 -> 80 | G17: =G16-G143 -> 167 | H17: =H16-H143 -> -52
B18: Δ Q/Q ($m) | C18: =C16-F143 -> 132 | D18: =D16-C16 -> 324 | E18: =E16-D16 -> -376 | F18: =F16-E16 -> 0 | G18: n/a | H18: =H16-F16 -> 0
B19: Deferred taxes | C19: =Inputs!$D$125-Inputs!$C$125 -> -29 | D19: =Inputs!$E$125-Inputs!$D$125 -> -190 | E19: =Inputs!$F$125 -> 53 | F19: =Inputs!$G$125-Inputs!$F$125 -> -58 | G19: =Inputs!$E$125 -> -279 | H19: 0
B20: Δ Y/Y ($m) | C20: =C19-C144 -> -90 | D20: =D19-D144 -> -117 | E20: =E19-E144 -> 90 | F20: =F19-F144 -> -35 | G20: =G19-G144 -> -238 | H20: =H19-H144 -> 29
B21: Δ Q/Q ($m) | C21: =C19-F144 -> -6 | D21: =D19-C19 -> -161 | E21: =E19-D19 -> 243 | F21: =F19-E19 -> -111 | G21: n/a | H21: =H19-F19 -> 58
B22: Stock-based compensation | C22: =Inputs!$D$126-Inputs!$C$126 -> 89 | D22: =Inputs!$E$126-Inputs!$D$126 -> 75 | E22: =Inputs!$F$126 -> 101 | F22: =Inputs!$G$126-Inputs!$F$126 -> 78 | G22: =Inputs!$E$126 -> 332 | H22: 85 | I22: 3Q26E $85m (3Q25 $89m; 2Q26 $78m).
B23: Δ Y/Y ($m) | C23: =C22-C145 -> 18 | D23: =D22-D145 -> 3 | E23: =E22-E145 -> 10 | F23: =F22-F145 -> 1 | G23: =G22-G145 -> 16 | H23: =H22-H145 -> -4
B24: Δ Q/Q ($m) | C24: =C22-F145 -> 12 | D24: =D22-C22 -> -14 | E24: =E22-D22 -> 26 | F24: =F22-E22 -> -23 | G24: n/a | H24: =H22-F22 -> 7
B25: Equity-method earnings less dividends received | C25: =Inputs!$D$127-Inputs!$C$127 -> -12 | D25: =Inputs!$E$127-Inputs!$D$127 -> 0 | E25: =Inputs!$F$127 -> 3 | F25: =Inputs!$G$127-Inputs!$F$127 -> -24 | G25: =Inputs!$E$127 -> -59 | H25: -20 | I25: Equity earnings largely retained (2Q26: $(4)m incl. other).
B26: Δ Y/Y ($m) | C26: =C25-C146 -> 9 | D26: =D25-D146 -> 9 | E26: =E25-E146 -> 13 | F26: =F25-F146 -> 13 | G26: =G25-G146 -> -41 | H26: =H25-H146 -> -8
B27: Δ Q/Q ($m) | C27: =C25-F146 -> 25 | D27: =D25-C25 -> 12 | E27: =E25-D25 -> 3 | F27: =F25-E25 -> -27 | G27: n/a | H27: =H25-F25 -> 4
B28: Change in receivables | C28: =Inputs!$D$128-Inputs!$C$128 -> -48 | D28: =Inputs!$E$128-Inputs!$D$128 -> 453 | E28: =Inputs!$F$128 -> -338 | F28: =Inputs!$G$128-Inputs!$F$128 -> 31 | G28: =Inputs!$E$128 -> -75 | H28: =-('Balance Sheet'!H16-'Balance Sheet'!F16) -> -136.00651 | I28: Driven by DSO on the Balance Sheet.
B29: Δ Y/Y ($m) | C29: =C28-C147 -> -407 | D29: =D28-D147 -> 293 | E29: =E28-E147 -> 134 | F29: =F28-F147 -> 39 | G29: =G28-G147 -> 161 | H29: =H28-H147 -> -88.006514
B30: Δ Q/Q ($m) | C30: =C28-F147 -> -40 | D30: =D28-C28 -> 501 | E30: =E28-D28 -> -791 | F30: =F28-E28 -> 369 | G30: n/a | H30: =H28-F28 -> -167.00651
B31: Change in inventories | C31: =Inputs!$D$129-Inputs!$C$129 -> 39 | D31: =Inputs!$E$129-Inputs!$D$129 -> 177 | E31: =Inputs!$F$129 -> -224 | F31: =Inputs!$G$129-Inputs!$F$129 -> -138 | G31: =Inputs!$E$129 -> -72 | H31: =-('Balance Sheet'!H19-'Balance Sheet'!F19) -> 43.359552 | I31: Driven by days inventory on the Balance Sheet.
B32: Δ Y/Y ($m) | C32: =C31-C148 -> 133 | D32: =D31-D148 -> 35 | E32: =E31-E148 -> -10 | F32: =F31-F148 -> -64 | G32: =G31-G148 -> 29 | H32: =H31-H148 -> 4.359552
B33: Δ Q/Q ($m) | C33: =C31-F148 -> 113 | D33: =D31-C31 -> 138 | E33: =E31-D31 -> -401 | F33: =F31-E31 -> 86 | G33: n/a | H33: =H31-F31 -> 181.35955
B34: Change in other current assets | C34: =Inputs!$D$130-Inputs!$C$130 -> 1 | D34: =Inputs!$E$130-Inputs!$D$130 -> -77 | E34: =Inputs!$F$130 -> -55 | F34: =Inputs!$G$130-Inputs!$F$130 -> 25 | G34: =Inputs!$E$130 -> 10 | H34: 0
B35: Δ Y/Y ($m) | C35: =C34-C149 -> 85 | D35: =D34-D149 -> -57 | E35: =E34-E149 -> -135 | F35: =F34-F149 -> 19 | G35: =G34-G149 -> 7 | H35: =H34-H149 -> -1
B36: Δ Q/Q ($m) | C36: =C34-F149 -> -5 | D36: =D34-C34 -> -78 | E36: =E34-D34 -> 22 | F36: =F34-E34 -> 80 | G36: n/a | H36: =H34-F34 -> -25
B37: Change in other assets | C37: =Inputs!$D$131-Inputs!$C$131 -> 5 | D37: =Inputs!$E$131-Inputs!$D$131 -> 17 | E37: =Inputs!$F$131 -> 3 | F37: =Inputs!$G$131-Inputs!$F$131 -> 3 | G37: =Inputs!$E$131 -> -22 | H37: 0
B38: Δ Y/Y ($m) | C38: =C37-C150 -> 3 | D38: =D37-D150 -> 1 | E38: =E37-E150 -> 14 | F38: =F37-F150 -> 36 | G38: =G37-G150 -> -35 | H38: =H37-H150 -> -5
B39: Δ Q/Q ($m) | C39: =C37-F150 -> 38 | D39: =D37-C37 -> 12 | E39: =E37-D37 -> -14 | F39: =F37-E37 -> 0 | G39: n/a | H39: =H37-F37 -> -3
B40: Change in accounts payable and accrued liabilities | C40: =Inputs!$D$132-Inputs!$C$132 -> 176 | D40: =Inputs!$E$132-Inputs!$D$132 -> 599 | E40: =Inputs!$F$132 -> -383 | F40: =Inputs!$G$132-Inputs!$F$132 -> -23 | G40: =Inputs!$E$132 -> 218 | H40: ='Balance Sheet'!H48-'Balance Sheet'!F48 -> 165.10094 | I40: Driven by payables days on the Balance Sheet.
B41: Δ Y/Y ($m) | C41: =C40-C151 -> -34 | D41: =D40-D151 -> 502 | E41: =E40-E151 -> -108 | F41: =F40-F151 -> 259 | G41: =G40-G151 -> 853 | H41: =H40-H151 -> -10.899055
B42: Δ Q/Q ($m) | C42: =C40-F151 -> 458 | D42: =D40-C40 -> 423 | E42: =E40-D40 -> -982 | F42: =F40-E40 -> 360 | G42: n/a | H42: =H40-F40 -> 188.10094
B43: Change in estimated liability for taxes on income | C43: =Inputs!$D$133-Inputs!$C$133 -> -40 | D43: =Inputs!$E$133-Inputs!$D$133 -> 61 | E43: =Inputs!$F$133 -> -102 | F43: =Inputs!$G$133-Inputs!$F$133 -> -137 | G43: =Inputs!$E$133 -> -141 | H43: 20 | I43: Partial rebuild of tax payables after a $(239)m 1H26 draw.
B44: Δ Y/Y ($m) | C44: =C43-C152 -> -60 | D44: =D43-D152 -> -35 | E44: =E43-E152 -> -46 | F44: =F43-F152 -> -31 | G44: =G43-G152 -> -90 | H44: =H43-H152 -> 60
B45: Δ Q/Q ($m) | C45: =C43-F152 -> 66 | D45: =D43-C43 -> 101 | E45: =E43-D43 -> -163 | F45: =F43-E43 -> -35 | G45: n/a | H45: =H43-F43 -> 157
B46: Change in other liabilities | C46: =Inputs!$D$134-Inputs!$C$134 -> -33 | D46: =Inputs!$E$134-Inputs!$D$134 -> -2 | E46: =Inputs!$F$134 -> -26 | F46: =Inputs!$G$134-Inputs!$F$134 -> 26 | G46: =Inputs!$E$134 -> 38 | H46: 0
B47: Δ Y/Y ($m) | C47: =C46-C153 -> -53 | D47: =D46-D153 -> 3 | E47: =E46-E153 -> -53 | F47: =F46-F153 -> -20 | G47: =G46-G153 -> 4 | H47: =H46-H153 -> 33
B48: Δ Q/Q ($m) | C48: =C46-F153 -> -79 | D48: =D46-C46 -> 31 | E48: =E46-D46 -> -24 | F48: =F46-E46 -> 52 | G48: n/a | H48: =H46-F46 -> -26
B49: Other operating items | C49: =Inputs!$D$135-Inputs!$C$135 -> 70 | D49: =Inputs!$E$135-Inputs!$D$135 -> -16 | E49: =Inputs!$F$135 -> 9 | F49: =Inputs!$G$135-Inputs!$F$135 -> 49 | G49: =Inputs!$E$135 -> 97 | H49: 0
B50: Δ Y/Y ($m) | C50: =C49-C154 -> 23 | D50: =D49-D154 -> 17 | E50: =E49-E154 -> -59 | F50: =F49-F154 -> 74 | G50: =G49-G154 -> 58 | H50: =H49-H154 -> -70
B51: Δ Q/Q ($m) | C51: =C49-F154 -> 95 | D51: =D49-C49 -> -86 | E51: =E49-D49 -> 25 | F51: =F49-E49 -> 40 | G51: n/a | H51: =H49-F49 -> -49
B52: Cash flow from operations | C52: =C10+C13+C16+C19+C22+C25+C28+C31+C34+C37+C40+C43+C46+C49 -> 1682 | D52: =D10+D13+D16+D19+D22+D25+D28+D31+D34+D37+D40+D43+D46+D49 -> 3005 | E52: =E10+E13+E16+E19+E22+E25+E28+E31+E34+E37+E40+E43+E46+E49 -> 487 | F52: =F10+F13+F16+F19+F22+F25+F28+F31+F34+F37+F40+F43+F46+F49 -> 1359 | G52: =G10+G13+G16+G19+G22+G25+G28+G31+G34+G37+G40+G43+G46+G49 -> 6489 | H52: =H10+H13+H16+H19+H22+H25+H28+H31+H34+H37+H40+H43+H46+H49 -> 1769.1254
B53: % Y/Y | C53: =IFERROR(C52/C155-1,"n/a") -> -0.31318906 | D53: =IFERROR(D52/D155-1,"n/a") -> 0.25732218 | E53: =IFERROR(E52/E155-1,"n/a") -> -0.26212121 | F53: =IFERROR(F52/F155-1,"n/a") -> 0.19001751 | G53: =IFERROR(G52/G155-1,"n/a") -> -0.017116025 | H53: =IFERROR(H52/H155-1,"n/a") -> 0.051798705
B54: Δ Q/Q ($m) | C54: =C52-F155 -> 540 | D54: =D52-C52 -> 1323 | E54: =E52-D52 -> -2518 | F54: =F52-E52 -> 872 | G54: n/a | H54: =H52-F52 -> 410.12542
B55: memo: change in working capital (issuer definition: all asset/liability changes + other) | C55: =C28+C31+C34+C37+C40+C43+C46+C49 -> 170 | D55: =D28+D31+D34+D37+D40+D43+D46+D49 -> 1212 | E55: =E28+E31+E34+E37+E40+E43+E46+E49 -> -1116 | F55: =F28+F31+F34+F37+F40+F43+F46+F49 -> -164 | G55: =G28+G31+G34+G37+G40+G43+G46+G49 -> 53 | H55: =H28+H31+H34+H37+H40+H43+H46+H49 -> 92.453983
B56: Investing activities
B57: Capital expenditures | C57: =Inputs!$D$136-Inputs!$C$136 -> -409 | D57: =Inputs!$E$136-Inputs!$D$136 -> -516 | E57: =Inputs!$F$136 -> -343 | F57: =Inputs!$G$136-Inputs!$F$136 -> -459 | G57: =Inputs!$E$136 -> -1694 | H57: -440 | I57: FY26 capital investment guide ~$2.5bn (S6/S7); 1H26 $1,153m → 2H26 ~$1,350m; 3Q26E capex $440m.
B58: Δ Y/Y ($m) | C58: =C57-C156 -> 51 | D58: =D57-D156 -> 93 | E58: =E57-E156 -> 55 | F58: =F57-F156 -> -88 | G58: =G57-G156 -> 237 | H58: =H57-H156 -> -31
B59: Δ Q/Q ($m) | C59: =C57-F156 -> -38 | D59: =D57-C57 -> -107 | E59: =E57-D57 -> 173 | F59: =F57-E57 -> -116 | G59: n/a | H59: =H57-F57 -> 19
B60: APS investments | C60: =Inputs!$D$137-Inputs!$C$137 -> -87 | D60: =Inputs!$E$137-Inputs!$D$137 -> -116 | E60: =Inputs!$F$137 -> -103 | F60: =Inputs!$G$137-Inputs!$F$137 -> -123 | G60: =Inputs!$E$137 -> -428 | H60: -115 | I60: Part of the ~$2.5bn capital investment guide.
B61: Δ Y/Y ($m) | C61: =C60-C157 -> 47 | D61: =D60-D157 -> -23 | E61: =E60-E157 -> 5 | F61: =F60-F157 -> -6 | G61: =G60-G157 -> 55 | H61: =H60-H157 -> -28
B62: Δ Q/Q ($m) | C62: =C60-F157 -> 30 | D62: =D60-C60 -> -29 | E62: =E60-D60 -> 13 | F62: =F60-E60 -> -20 | G62: n/a | H62: =H60-F60 -> 8
B63: Exploration data costs capitalized | C63: =Inputs!$D$138-Inputs!$C$138 -> -85 | D63: =Inputs!$E$138-Inputs!$D$138 -> -84 | E63: =Inputs!$F$138 -> -64 | F63: =Inputs!$G$138-Inputs!$F$138 -> -61 | G63: =Inputs!$E$138 -> -252 | H63: -85 | I63: Part of the ~$2.5bn capital investment guide.
B64: Δ Y/Y ($m) | C64: =C63-C158 -> -35 | D64: =D63-D158 -> -27 | E64: =E63-E158 -> -13 | F64: =F63-F158 -> -29 | G64: =G63-G158 -> -54 | H64: =H63-H158 -> 0
B65: Δ Q/Q ($m) | C65: =C63-F158 -> -53 | D65: =D63-C63 -> 1 | E65: =E63-D63 -> 20 | F65: =F63-E63 -> 3 | G65: n/a | H65: =H63-F63 -> -24
B66: Business acquisitions, net of cash acquired (incl. ChampionX cash acquired) | C66: =Inputs!$D$139-Inputs!$C$139 -> 382 | D66: =Inputs!$E$139-Inputs!$D$139 -> -43 | E66: =Inputs!$F$139 -> -57 | F66: =Inputs!$G$139-Inputs!$F$139 -> -179 | G66: =Inputs!$E$139 -> 292 | H66: 0 | I66: Kelvion ($3.4bn cash) expected to close 1H27 (S17); no 3Q26 cash outflow assumed.
B67: Δ Y/Y ($m) | C67: =C66-C159 -> 429 | D67: =D66-D159 -> -42 | E67: =E66-E159 -> -20 | F67: =F66-F159 -> -169 | G67: =G66-G159 -> 845 | H67: =H66-H159 -> -382
B68: Δ Q/Q ($m) | C68: =C66-F159 -> 392 | D68: =D66-C66 -> -425 | E68: =E66-D66 -> -14 | F68: =F66-E66 -> -122 | G68: n/a | H68: =H66-F66 -> 179
B69: Proceeds from divestitures (APS project, ChampionX Drilling Technologies) | C69: =Inputs!$D$140-Inputs!$C$140 -> 308 | D69: =Inputs!$E$140-Inputs!$D$140 -> 0 | E69: =Inputs!$F$140 -> 0 | F69: =Inputs!$G$140-Inputs!$F$140 -> 0 | G69: =Inputs!$E$140 -> 624 | H69: 0
B70: Δ Y/Y ($m) | C70: =C69-C160 -> 308 | D70: =D69-D160 -> 0 | E70: =E69-E160 -> 0 | F70: =F69-F160 -> -316 | G70: =G69-G160 -> 624 | H70: =H69-H160 -> -308
B71: Δ Q/Q ($m) | C71: =C69-F160 -> -8 | D71: =D69-C69 -> -308 | E71: =E69-D69 -> 0 | F71: =F69-E69 -> 0 | G71: n/a | H71: =H69-F69 -> 0
B72: (Purchase) sale of short-term investments, net | C72: =Inputs!$D$141-Inputs!$C$141 -> -60 | D72: =Inputs!$E$141-Inputs!$D$141 -> -605 | E72: =Inputs!$F$141 -> 600 | F72: =Inputs!$G$141-Inputs!$F$141 -> -758 | G72: =Inputs!$E$141 -> -33 | H72: 0
B73: Δ Y/Y ($m) | C73: =C72-C161 -> 255 | D73: =D72-D161 -> -841 | E73: =E72-E161 -> 423 | F73: =F72-F161 -> -1213 | G73: =G72-G161 -> -1 | H73: =H72-H161 -> 60
B74: Δ Q/Q ($m) | C74: =C72-F161 -> -515 | D74: =D72-C72 -> -545 | E74: =E72-D72 -> 1205 | F74: =F72-E72 -> -1358 | G74: n/a | H74: =H72-F72 -> 758
B75: Blue Chip Swap securities, net | C75: =Inputs!$D$142-Inputs!$C$142 -> -23 | D75: =Inputs!$E$142-Inputs!$D$142 -> -7 | E75: =Inputs!$F$142 -> 0 | F75: =Inputs!$G$142-Inputs!$F$142 -> 0 | G75: =Inputs!$E$142 -> -30 | H75: 0
B76: Δ Y/Y ($m) | C76: =C75-C162 -> -4 | D76: =D75-D162 -> 4 | E76: =E75-E162 -> 0 | F76: =F75-F162 -> 0 | G76: =G75-G162 -> 25 | H76: =H75-H162 -> 23
B77: Δ Q/Q ($m) | C77: =C75-F162 -> -23 | D77: =D75-C75 -> 16 | E77: =E75-D75 -> 7 | F77: =F75-E75 -> 0 | G77: n/a | H77: =H75-F75 -> 0
B78: Other investing | C78: =Inputs!$D$143-Inputs!$C$143 -> 18 | D78: =Inputs!$E$143-Inputs!$D$143 -> 101 | E78: =Inputs!$F$143 -> 0 | F78: =Inputs!$G$143-Inputs!$F$143 -> 25 | G78: =Inputs!$E$143 -> 109 | H78: 0
B79: Δ Y/Y ($m) | C79: =C78-C163 -> 17 | D79: =D78-D163 -> 43 | E79: =E78-E163 -> 15 | F79: =F78-F163 -> 20 | G79: =G78-G163 -> 2 | H79: =H78-H163 -> -18
B80: Δ Q/Q ($m) | C80: =C78-F163 -> 13 | D80: =D78-C78 -> 83 | E80: =E78-D78 -> -101 | F80: =F78-E78 -> 25 | G80: n/a | H80: =H78-F78 -> -25
B81: Cash flow from investing | C81: =C57+C60+C63+C66+C69+C72+C75+C78 -> 44 | D81: =D57+D60+D63+D66+D69+D72+D75+D78 -> -1270 | E81: =E57+E60+E63+E66+E69+E72+E75+E78 -> 33 | F81: =F57+F60+F63+F66+F69+F72+F75+F78 -> -1555 | G81: =G57+G60+G63+G66+G69+G72+G75+G78 -> -1412 | H81: =H57+H60+H63+H66+H69+H72+H75+H78 -> -640
B82: Δ Y/Y ($m) | C82: =C81-C164 -> 1068 | D82: =D81-D164 -> -793 | E82: =E81-E164 -> 465 | F82: =F81-F164 -> -1801 | G82: =G81-G164 -> 1733 | H82: =H81-H164 -> -684
B83: Δ Q/Q ($m) | C83: =C81-F164 -> -202 | D83: =D81-C81 -> -1314 | E83: =E81-D81 -> 1303 | F83: =F81-E81 -> -1588 | G83: n/a | H83: =H81-F81 -> 915
B84: Financing activities
B85: Dividends paid | C85: =Inputs!$D$144-Inputs!$C$144 -> -403 | D85: =Inputs!$E$144-Inputs!$D$144 -> -426 | E85: =Inputs!$F$144 -> -426 | F85: =Inputs!$G$144-Inputs!$F$144 -> -440 | G85: =Inputs!$E$144 -> -1602 | H85: =-'Share Count'!F28*'Share Count'!H10 -> -437.78 | I85: $0.295/share × shares outstanding at 30-Jun-26 (record date in quarter).
B86: Δ Y/Y ($m) | C86: =C85-C165 -> -10 | D86: =D85-D165 -> -37 | E86: =E85-E165 -> -40 | F86: =F85-F165 -> -53 | G86: =G85-G165 -> -69 | H86: =H85-H165 -> -34.78
B87: Δ Q/Q ($m) | C87: =C85-F165 -> -16 | D87: =D85-C85 -> -23 | E87: =E85-D85 -> 0 | F87: =F85-E85 -> -14 | G87: n/a | H87: =H85-F85 -> 2.22
B88: Stock repurchase program | C88: =Inputs!$D$145-Inputs!$C$145 -> -114 | D88: =Inputs!$E$145-Inputs!$D$145 -> 0 | E88: =Inputs!$F$145 -> -451 | F88: =Inputs!$G$145-Inputs!$F$145 -> -648 | G88: =Inputs!$E$145 -> -2414 | H88: =-'Share Count'!H23 -> -650 | I88: Linked to Share Count buyback assumption.
B89: Δ Y/Y ($m) | C89: =C88-C166 -> 387 | D89: =D88-D166 -> 501 | E89: =E88-E166 -> 1849 | F89: =F88-F166 -> -648 | G89: =G88-G166 -> -677 | H89: =H88-H166 -> -536
B90: Δ Q/Q ($m) | C90: =C88-F166 -> -114 | D90: =D88-C88 -> 114 | E90: =E88-D88 -> -451 | F90: =F88-E88 -> -197 | G90: n/a | H90: =H88-F88 -> -2
B91: Proceeds from employee stock purchase plan and option exercises | C91: =Inputs!$D$146-Inputs!$C$146 -> 117 | D91: =Inputs!$E$146-Inputs!$D$146 -> -1 | E91: =Inputs!$F$146 -> 178 | F91: =Inputs!$G$146-Inputs!$F$146 -> 33 | G91: =Inputs!$E$146 -> 229 | H91: 115 | I91: ESPP issuance in 1Q and 3Q (3Q25: $117m).
B92: Δ Y/Y ($m) | C92: =C91-C167 -> -7 | D92: =D91-D167 -> -5 | E92: =E91-E167 -> 65 | F92: =F91-F167 -> 33 | G92: =G91-G167 -> -19 | H92: =H91-H167 -> -2
B93: Δ Q/Q ($m) | C93: =C91-F167 -> 117 | D93: =D91-C91 -> -118 | E93: =E91-D91 -> 179 | F93: =F91-E91 -> -145 | G93: n/a | H93: =H91-F91 -> 82
B94: Taxes paid on net-settled stock-based compensation | C94: =Inputs!$D$147-Inputs!$C$147 -> -6 | D94: =Inputs!$E$147-Inputs!$D$147 -> 0 | E94: =Inputs!$F$147 -> -59 | F94: =Inputs!$G$147-Inputs!$F$147 -> -4 | G94: =Inputs!$E$147 -> -61 | H94: -5
B95: Δ Y/Y ($m) | C95: =C94-C168 -> 2 | D95: =D94-D168 -> 4 | E95: =E94-E168 -> -6 | F95: =F94-F168 -> -2 | G95: =G94-G168 -> 29 | H95: =H94-H168 -> 1
B96: Δ Q/Q ($m) | C96: =C94-F168 -> -4 | D96: =D94-C94 -> 6 | E96: =E94-D94 -> -59 | F96: =F94-E94 -> 55 | G96: n/a | H96: =H94-F94 -> -1
B97: Long-term debt issued, net of repayments | C97: =Inputs!$D$148-Inputs!$C$148 -> -1533 | D97: =Inputs!$E$148-Inputs!$D$148 -> -1145 | E97: =Inputs!$F$148 -> 50 | F97: =Inputs!$G$148-Inputs!$F$148 -> 1206 | G97: =Inputs!$E$148 -> -1597 | H97: 0 | I97: No debt issuance assumed ahead of Kelvion financing.
B98: Δ Y/Y ($m) | C98: =C97-C169 -> -1169 | D98: =D97-D169 -> -606 | E98: =E97-E169 -> -1755 | F98: =F97-F169 -> 1930 | G98: =G97-G169 -> -2117 | H98: =H97-H169 -> 1533
B99: Δ Q/Q ($m) | C99: =C97-F169 -> -809 | D99: =D97-C97 -> 388 | E99: =E97-D97 -> 1195 | F99: =F97-E97 -> 1156 | G99: n/a | H99: =H97-F97 -> -1206
B100: Net change in short-term borrowings | C100: =Inputs!$D$149-Inputs!$C$149 -> 45 | D100: =Inputs!$E$149-Inputs!$D$149 -> -36 | E100: =Inputs!$F$149 -> -3 | F100: =Inputs!$G$149-Inputs!$F$149 -> 13 | G100: =Inputs!$E$149 -> -19 | H100: 0
B101: Δ Y/Y ($m) | C101: =C100-C170 -> 168 | D101: =D100-D170 -> -63 | E101: =E100-E170 -> 24 | F101: =F100-F170 -> 14 | G101: =G100-G170 -> 96 | H101: =H100-H170 -> -45
B102: Δ Q/Q ($m) | C102: =C100-F170 -> 46 | D102: =D100-C100 -> -81 | E102: =E100-D100 -> 33 | F102: =F100-E100 -> 16 | G102: n/a | H102: =H100-F100 -> -13
...

Sheet Geo
B2: SLB N.V. (NYSE: SLB)
B3: Geo — revenue by geographic area
B4: $ millions, except per share
B5: Period | C5: 3Q25A | D5: 4Q25A | E5: 1Q26A | F5: 2Q26A | G5: FY25A | H5: 3Q26E | I5: Notes
B6: Period end | C6: =DATE(2025,9,30) -> 45930 | D6: =DATE(2025,12,31) -> 46022 | E6: =DATE(2026,3,31) -> 46112 | F6: =DATE(2026,6,30) -> 46203 | G6: =DATE(2025,12,31) -> 46022 | H6: =DATE(2026,9,30) -> 46295
B7: Days in period | C7: =C6-EOMONTH(C6,-3) -> 92 | D7: =D6-EOMONTH(D6,-3) -> 92 | E7: =E6-EOMONTH(E6,-3) -> 90 | F7: =F6-EOMONTH(F6,-3) -> 91 | G7: =G6-EOMONTH(G6,-12) -> 365 | H7: =H6-EOMONTH(H6,-3) -> 92
B9: ChampionX revenue contribution by area (feeds the growth decomposition below)
B10: ChampionX revenue — North America | C10: 387 | D10: 583 | E10: 579 | F10: 606 | G10: =E126+F126+C10+D10 -> 970 | H10: 610 | I10: 3Q26E ~flat vs 2Q26.
B11: Δ Y/Y ($m) | C11: =C10-C126 -> 387 | D11: =D10-D126 -> 583 | E11: =E10-E126 -> 579 | F11: =F10-F126 -> 606 | G11: =G10-G126 -> 970 | H11: =H10-H126 -> 223
B12: Δ Q/Q ($m) | C12: =C10-F126 -> 387 | D12: =D10-C10 -> 196 | E12: =E10-D10 -> -4 | F12: =F10-E10 -> 27 | G12: n/a | H12: =H10-F10 -> 4
B13: ChampionX revenue — International | C13: 171 | D13: 266 | E13: 231 | F13: 234 | G13: =E127+F127+C13+D13 -> 437 | H13: 240
B14: Δ Y/Y ($m) | C14: =C13-C127 -> 171 | D14: =D13-D127 -> 266 | E14: =E13-E127 -> 231 | F14: =F13-F127 -> 234 | G14: =G13-G127 -> 437 | H14: =H13-H127 -> 69
B15: Δ Q/Q ($m) | C15: =C13-F127 -> 171 | D15: =D13-C13 -> 95 | E15: =E13-D13 -> -35 | F15: =F13-E13 -> 3 | G15: n/a | H15: =H13-F13 -> 6
B16: ChampionX revenue — other / eliminations (derived) | C16: ='Revenue summary'!C71-C10-C13 -> 21 | D16: ='Revenue summary'!D71-D10-D13 -> 30 | E16: ='Revenue summary'!E71-E10-E13 -> 28 | F16: ='Revenue summary'!F71-F10-F13 -> 30 | G16: ='Revenue summary'!G71-G10-G13 -> 51 | H16: ='Revenue summary'!H71-H10-H13 -> 35
B17: Revenue by area — as reported
B18: North America | C18: 1930 | D18: 2212 | E18: 2167 | F18: 2244 | G18: =E128+F128+C18+D18 -> 7516 | H18: =F18*(1+H19) -> 2333.76
B19: Sequential growth (driver) | C19: =IFERROR(C18/F128-1,"n/a") -> 0.16616314 | D19: =IFERROR(D18/C18-1,"n/a") -> 0.14611399 | E19: =IFERROR(E18/D18-1,"n/a") -> -0.02034358 | F19: =IFERROR(F18/E18-1,"n/a") -> 0.035532995 | G19: n/a | H19: 0.04 | I19: Production chemicals/artificial lift/valves in U.S. land, DCS growth, Canada post-breakup.
B20: % Y/Y | C20: =IFERROR(C18/C128-1,"n/a") -> 0.14404268 | D20: =IFERROR(D18/D128-1,"n/a") -> 0.26255708 | E20: =IFERROR(E18/E128-1,"n/a") -> 0.26061664 | F20: =IFERROR(F18/F128-1,"n/a") -> 0.35589124 | G20: =IFERROR(G18/G128-1,"n/a") -> 0.1251497 | H20: =IFERROR(H18/H128-1,"n/a") -> 0.20920207
B21: Δ Q/Q ($m) | C21: =C18-F128 -> 275 | D21: =D18-C18 -> 282 | E21: =E18-D18 -> -45 | F21: =F18-E18 -> 77 | G21: n/a | H21: =H18-F18 -> 89.76
B22: % Q/Q | C22: =IFERROR(C18/F128-1,"n/a") -> 0.16616314 | D22: =IFERROR(D18/C18-1,"n/a") -> 0.14611399 | E22: =IFERROR(E18/D18-1,"n/a") -> -0.02034358 | F22: =IFERROR(F18/E18-1,"n/a") -> 0.035532995 | G22: n/a | H22: =IFERROR(H18/F18-1,"n/a") -> 0.04
B23: % of total revenue | C23: =C18/C60 -> 0.21617384 | D23: =D18/D60 -> 0.2269882 | E23: =E18/E60 -> 0.24848068 | F23: =F18/F60 -> 0.25011146 | G23: =G18/G60 -> 0.21047915 | H23: =H18/H60 -> 0.2518082
B24: Growth ex-ChampionX, FX-inclusive (issuer "excluding acquisition" basis) | C24: =IFERROR((C18-C10)/(C128-C126)-1,"n/a") -> -0.085358625 | D24: =IFERROR((D18-D10)/(D128-D126)-1,"n/a") -> -0.070205479 | E24: =IFERROR((E18-E10)/(E128-E126)-1,"n/a") -> -0.076207097 | F24: =IFERROR((F18-F10)/(F128-F126)-1,"n/a") -> -0.010271903 | G24: =IFERROR((G18-G10)/(G128-G126)-1,"n/a") -> -0.02005988 | H24: =IFERROR((H18-H10)/(H128-H126)-1,"n/a") -> 0.11714841 | I24: (Revenue − ChampionX revenue) / (prior-year revenue − prior-year ChampionX revenue) − 1; matches SLB "excluding the impact of this acquisition" disclosures.
B25: M&A / scope impact (ChampionX) | C25: =IFERROR((1+C20)/(1+C24)-1,"n/a") -> 0.25081011 | D25: =IFERROR((1+D20)/(1+D24)-1,"n/a") -> 0.35788828 | E25: =IFERROR((1+E20)/(1+E24)-1,"n/a") -> 0.36460957 | F25: =IFERROR((1+F20)/(1+F24)-1,"n/a") -> 0.36996337 | G25: =IFERROR((1+G20)/(1+G24)-1,"n/a") -> 0.1481821 | H25: =IFERROR((1+H20)/(1+H24)-1,"n/a") -> 0.082400565 | I25: Derived so that (1+Y/Y) = (1+M&A) × (1+growth ex-ChampionX).
B26: FX impact | C26: n/a | D26: n/a | E26: n/a | F26: n/a | G26: n/a | H26: n/a | I26: SLB does not disclose an FX impact on revenue; shown as unavailable, not zero.
B27: Organic growth (ex M&A, ex FX) = (1+Y/Y)/((1+M&A)×(1+FX))−1 | C27: n/a | D27: n/a | E27: n/a | F27: n/a | G27: n/a | H27: n/a | I27: Unavailable because FX is not disclosed; the ex-ChampionX row above is the closest disclosed organic measure (FX-inclusive).
B28: Latin America | C28: 1482 | D28: 1684 | E28: 1528 | F28: 1714 | G28: =E129+F129+C28+D28 -> 6153 | H28: =F28*(1+H29) -> 1765.42
B29: Sequential growth (driver) | C29: =IFERROR(C28/F129-1,"n/a") -> -0.0067024129 | D29: =IFERROR(D28/C28-1,"n/a") -> 0.13630229 | E29: =IFERROR(E28/D28-1,"n/a") -> -0.09263658 | F29: =IFERROR(F28/E28-1,"n/a") -> 0.12172775 | G29: n/a | H29: 0.03 | I29: Offshore Brazil/Guyana/Mexico momentum after +12% q/q in 2Q26 (OneSubsea, digital exploration).
B30: % Y/Y | C30: =IFERROR(C28/C129-1,"n/a") -> -0.12255773 | D30: =IFERROR(D28/D129-1,"n/a") -> 0.030599755 | E30: =IFERROR(E28/E129-1,"n/a") -> 0.022073579 | F30: =IFERROR(F28/F129-1,"n/a") -> 0.14879357 | G30: =IFERROR(G28/G129-1,"n/a") -> -0.084238726 | H30: =IFERROR(H28/H129-1,"n/a") -> 0.19124157
B31: Δ Q/Q ($m) | C31: =C28-F129 -> -10 | D31: =D28-C28 -> 202 | E31: =E28-D28 -> -156 | F31: =F28-E28 -> 186 | G31: n/a | H31: =H28-F28 -> 51.42
B32: % Q/Q | C32: =IFERROR(C28/F129-1,"n/a") -> -0.0067024129 | D32: =IFERROR(D28/C28-1,"n/a") -> 0.13630229 | E32: =IFERROR(E28/D28-1,"n/a") -> -0.09263658 | F32: =IFERROR(F28/E28-1,"n/a") -> 0.12172775 | G32: n/a | H32: =IFERROR(H28/F28-1,"n/a") -> 0.03
B33: % of total revenue | C33: =C28/C60 -> 0.16599462 | D33: =D28/D60 -> 0.17280657 | E33: =E28/E60 -> 0.17520926 | F33: =F28/F60 -> 0.19103879 | G33: =G28/G60 -> 0.1723095 | H33: =H28/H60 -> 0.19048541
B34: M&A / scope impact | C34: n/a | D34: n/a | E34: n/a | F34: n/a | G34: n/a | H34: n/a | I34: Not disclosed at this line level by SLB (acquisition impact disclosed only for company, Digital and Production Systems totals).
B35: FX impact | C35: n/a | D35: n/a | E35: n/a | F35: n/a | G35: n/a | H35: n/a | I35: SLB does not disclose an FX impact on revenue; shown as unavailable, not zero.
B36: Organic growth (ex M&A, ex FX) | C36: n/a | D36: n/a | E36: n/a | F36: n/a | G36: n/a | H36: n/a | I36: Unavailable: requires M&A and FX components that are not disclosed at this level.
B37: Europe & Africa (incl. Russia and Caspian) | C37: 2434 | D37: 2534 | E37: 2256 | F37: 2385 | G37: =E130+F130+C37+D37 -> 9572 | H37: =F37*(1+H38) -> 2432.7
B38: Sequential growth (driver) | C38: =IFERROR(C37/F130-1,"n/a") -> 0.027437737 | D38: =IFERROR(D37/C37-1,"n/a") -> 0.041084634 | E38: =IFERROR(E37/D37-1,"n/a") -> -0.10970797 | F38: =IFERROR(F37/E37-1,"n/a") -> 0.057180851 | G38: n/a | H38: 0.02 | I38: Africa deepwater FIDs; Scandinavia OneSubsea.
B39: % Y/Y | C39: =IFERROR(C37/C130-1,"n/a") -> 0 | D39: =IFERROR(D37/D130-1,"n/a") -> 0.025080906 | E39: =IFERROR(E37/E130-1,"n/a") -> 0.0093959732 | F39: =IFERROR(F37/F130-1,"n/a") -> 0.0067539046 | G39: =IFERROR(G37/G130-1,"n/a") -> -0.010134436 | H39: =IFERROR(H37/H130-1,"n/a") -> -0.00053410025
B40: Δ Q/Q ($m) | C40: =C37-F130 -> 65 | D40: =D37-C37 -> 100 | E40: =E37-D37 -> -278 | F40: =F37-E37 -> 129 | G40: n/a | H40: =H37-F37 -> 47.7
B41: % Q/Q | C41: =IFERROR(C37/F130-1,"n/a") -> 0.027437737 | D41: =IFERROR(D37/C37-1,"n/a") -> 0.041084634 | E41: =IFERROR(E37/D37-1,"n/a") -> -0.10970797 | F41: =IFERROR(F37/E37-1,"n/a") -> 0.057180851 | G41: n/a | H41: =IFERROR(H37/F37-1,"n/a") -> 0.02
B42: % of total revenue | C42: =C37/C60 -> 0.27262545 | D42: =D37/D60 -> 0.26003079 | E42: =E37/E60 -> 0.25868593 | F42: =F37/F60 -> 0.26582702 | G42: =G37/G60 -> 0.26805567 | H42: =H37/H60 -> 0.26248363
B43: M&A / scope impact | C43: n/a | D43: n/a | E43: n/a | F43: n/a | G43: n/a | H43: n/a | I43: Not disclosed at this line level by SLB (acquisition impact disclosed only for company, Digital and Production Systems totals).
B44: FX impact | C44: n/a | D44: n/a | E44: n/a | F44: n/a | G44: n/a | H44: n/a | I44: SLB does not disclose an FX impact on revenue; shown as unavailable, not zero.
B45: Organic growth (ex M&A, ex FX) | C45: n/a | D45: n/a | E45: n/a | F45: n/a | G45: n/a | H45: n/a | I45: Unavailable: requires M&A and FX components that are not disclosed at this level.
B46: Middle East & Asia | C46: 3000 | D46: 3234 | E46: 2687 | F46: 2572 | G46: =E131+F131+C46+D46 -> 12217 | H46: ='Revenue summary'!H63-H18-H28-H37-H54 -> 2681.1265 | I46: 3Q26E = total revenue (Division build) less other areas: geography sums to total by construction; implied Middle East shown below.
B47: % Y/Y | C47: =IFERROR(C46/C131-1,"n/a") -> -0.091459721 | D47: =IFERROR(D46/D131-1,"n/a") -> -0.042061611 | E47: =IFERROR(E46/E131-1,"n/a") -> -0.10343677 | F47: =IFERROR(F46/F131-1,"n/a") -> -0.13864702 | G47: =IFERROR(G46/G131-1,"n/a") -> -0.062106556 | H47: =IFERROR(H46/H131-1,"n/a") -> -0.10629116
B48: Δ Q/Q ($m) | C48: =C46-F131 -> 14 | D48: =D46-C46 -> 234 | E48: =E46-D46 -> -547 | F48: =F46-E46 -> -115 | G48: n/a | H48: =H46-F46 -> 109.12651
B49: % Q/Q | C49: =IFERROR(C46/F131-1,"n/a") -> 0.0046885466 | D49: =IFERROR(D46/C46-1,"n/a") -> 0.078 | E49: =IFERROR(E46/D46-1,"n/a") -> -0.16914038 | F49: =IFERROR(F46/E46-1,"n/a") -> -0.04279866 | G49: n/a | H49: =IFERROR(H46/F46-1,"n/a") -> 0.04242866
B50: % of total revenue | C50: =C46/C60 -> 0.33602151 | D50: =D46/D60 -> 0.33186249 | E50: =E46/E60 -> 0.30810687 | F50: =F46/F60 -> 0.28666964 | G50: =G46/G60 -> 0.34212663 | H50: =H46/H60 -> 0.28928837
B51: M&A / scope impact | C51: n/a | D51: n/a | E51: n/a | F51: n/a | G51: n/a | H51: n/a | I51: Not disclosed at this line level by SLB (acquisition impact disclosed only for company, Digital and Production Systems totals).
B52: FX impact | C52: n/a | D52: n/a | E52: n/a | F52: n/a | G52: n/a | H52: n/a | I52: SLB does not disclose an FX impact on revenue; shown as unavailable, not zero.
B53: Organic growth (ex M&A, ex FX) | C53: n/a | D53: n/a | E53: n/a | F53: n/a | G53: n/a | H53: n/a | I53: Unavailable: requires M&A and FX components that are not disclosed at this level.
B54: Eliminations & other | C54: 82 | D54: 81 | E54: 83 | F54: 57 | G54: =E132+F132+C54+D54 -> 251 | H54: 55 | I54: Held near recent run-rate.
B55: % Y/Y | C55: n/a | D55: n/a | E55: n/a | F55: n/a | G55: n/a | H55: n/a | I55: Not meaningful: near-zero or negative base (see Δ rows for absolute change).
B56: Δ Q/Q ($m) | C56: =C54-F132 -> 38 | D56: =D54-C54 -> -1 | E56: =E54-D54 -> 2 | F56: =F54-E54 -> -26 | G56: n/a | H56: =H54-F54 -> -2
B57: M&A / scope impact | C57: n/a | D57: n/a | E57: n/a | F57: n/a | G57: n/a | H57: n/a | I57: Not disclosed at this line level by SLB (acquisition impact disclosed only for company, Digital and Production Systems totals).
B58: FX impact | C58: n/a | D58: n/a | E58: n/a | F58: n/a | G58: n/a | H58: n/a | I58: SLB does not disclose an FX impact on revenue; shown as unavailable, not zero.
B59: Organic growth (ex M&A, ex FX) | C59: n/a | D59: n/a | E59: n/a | F59: n/a | G59: n/a | H59: n/a | I59: Unavailable: requires M&A and FX components that are not disclosed at this level.
B60: Total revenue | C60: =C18+C28+C37+C46+C54 -> 8928 | D60: =D18+D28+D37+D46+D54 -> 9745 | E60: =E18+E28+E37+E46+E54 -> 8721 | F60: =F18+F28+F37+F46+F54 -> 8972 | G60: =G18+G28+G37+G46+G54 -> 35709 | H60: =H18+H28+H37+H46+H54 -> 9268.0065
B61: % Y/Y | C61: =IFERROR(C60/C133-1,"n/a") -> -0.025221094 | D61: =IFERROR(D60/D133-1,"n/a") -> 0.049655321 | E61: =IFERROR(E60/E133-1,"n/a") -> 0.027208481 | F61: =IFERROR(F60/F133-1,"n/a") -> 0.049847882 | G61: =IFERROR(G60/G133-1,"n/a") -> -0.015982805 | H61: =IFERROR(H60/H133-1,"n/a") -> 0.038083167
B62: % Q/Q | C62: =IFERROR(C60/F133-1,"n/a") -> 0.044699275 | D62: =IFERROR(D60/C60-1,"n/a") -> 0.091509857 | E62: =IFERROR(E60/D60-1,"n/a") -> -0.10507953 | F62: =IFERROR(F60/E60-1,"n/a") -> 0.028781103 | G62: n/a | H62: =IFERROR(H60/F60-1,"n/a") -> 0.032992255
B63: Check: areas sum to total revenue (Revenue summary) | C63: =ROUND(C60-'Revenue summary'!C63,6)=0 -> TRUE | D63: =ROUND(D60-'Revenue summary'!D63,6)=0 -> TRUE | E63: =ROUND(E60-'Revenue summary'!E63,6)=0 -> TRUE | F63: =ROUND(F60-'Revenue summary'!F63,6)=0 -> TRUE | G63: =ROUND(G60-'Revenue summary'!G63,6)=0 -> TRUE | H63: =ROUND(H60-'Revenue summary'!H63,6)=0 -> TRUE
B64: International (Latin America + Europe & Africa + Middle East & Asia) | C64: =C28+C37+C46 -> 6916 | D64: =D28+D37+D46 -> 7452 | E64: =E28+E37+E46 -> 6471 | F64: =F28+F37+F46 -> 6671 | G64: =G28+G37+G46 -> 27942 | H64: =H28+H37+H46 -> 6879.2465
B65: % Y/Y | C65: =IFERROR(C64/C134-1,"n/a") -> -0.068552189 | D65: =IFERROR(D64/D134-1,"n/a") -> -0.0040096231 | E65: =IFERROR(E64/E134-1,"n/a") -> -0.038055597 | F65: =IFERROR(F64/F134-1,"n/a") -> -0.025704688 | G65: =IFERROR(G64/G134-1,"n/a") -> -0.050076492 | H65: =IFERROR(H64/H134-1,"n/a") -> -0.0053142692
B66: Δ Q/Q ($m) | C66: =C64-F134 -> 69 | D66: =D64-C64 -> 536 | E66: =E64-D64 -> -981 | F66: =F64-E64 -> 200 | G66: n/a | H66: =H64-F64 -> 208.24651
B67: % Q/Q | C67: =IFERROR(C64/F134-1,"n/a") -> 0.010077406 | D67: =IFERROR(D64/C64-1,"n/a") -> 0.077501446 | E67: =IFERROR(E64/D64-1,"n/a") -> -0.13164251 | F67: =IFERROR(F64/E64-1,"n/a") -> 0.030907124 | G67: n/a | H67: =IFERROR(H64/F64-1,"n/a") -> 0.031216686
B68: % of total revenue | C68: =C64/C60 -> 0.77464158 | D68: =D64/D60 -> 0.76469985 | E68: =E64/E60 -> 0.74200206 | F68: =F64/F60 -> 0.74353544 | G68: =G64/G60 -> 0.78249181 | H68: =H64/H60 -> 0.74225741
B69: Growth ex-ChampionX, FX-inclusive (issuer "excluding acquisition" basis) | C69: =IFERROR((C64-C13)/(C134-C127)-1,"n/a") -> -0.091582492 | D69: =IFERROR((D64-D13)/(D134-D127)-1,"n/a") -> -0.039561615 | E69: =IFERROR((E64-E13)/(E134-E127)-1,"n/a") -> -0.072394827 | F69: =IFERROR((F64-F13)/(F134-F127)-1,"n/a") -> -0.05988024 | G69: =IFERROR((G64-G13)/(G134-G127)-1,"n/a") -> -0.064932857 | H69: =IFERROR((H64-H13)/(H134-H127)-1,"n/a") -> -0.015678797 | I69: (Revenue − ChampionX revenue) / (prior-year revenue − prior-year ChampionX revenue) − 1; matches SLB "excluding the impact of this acquisition" disclosures.
